Workbook
Name __xlnm.Print_Area_9: #REF!
Name __xlnm.Print_Area_9: #REF!
Name __xlnm.Print_Area_9: #REF!
Name __xlnm.Print_Area_9: #REF!
Name __xlnm.Print_Area_9: #REF!
Name __xlnm.Print_Area_9: #REF!
Name __xlnm.Print_Area_9: #REF!
Name __xlnm.Print_Area_9: #REF!
Name __xlnm.Print_Area_9: #REF!
Name __xlnm.Print_Area_9: #REF!
Name __xlnm.Print_Area_9: #REF!
Name __xlnm.Print_Area_9: #REF!
Name __xlnm.Print_Area_9: #REF!
Name __xlnm.Print_Area_9: #REF!
Name __xlnm.Print_Titles_8: #REF!
Name __xlnm.Print_Titles_8: #REF!
Name __xlnm.Print_Titles_8: #REF!
Name __xlnm.Print_Titles_8: #REF!
Name __xlnm.Print_Titles_8: #REF!
Name __xlnm.Print_Titles_8: #REF!
Name __xlnm.Print_Titles_8: #REF!
Name __xlnm.Print_Titles_8: #REF!
Name __xlnm.Print_Titles_8: #REF!
Name __xlnm.Print_Titles_8: #REF!
Name __xlnm.Print_Titles_8: #REF!
Name __xlnm.Print_Titles_8: #REF!
Name __xlnm.Print_Titles_8: #REF!
Name __xlnm.Print_Titles_8: #REF!
Name __xlnm_Print_Area_9: #REF!
Name __xlnm_Print_Area_9: #REF!
Name __xlnm_Print_Area_9: #REF!
Name __xlnm_Print_Area_9: #REF!
Name __xlnm_Print_Area_9: #REF!
Name __xlnm_Print_Area_9: #REF!
Name __xlnm_Print_Area_9: #REF!
Name __xlnm_Print_Area_9: #REF!
Name __xlnm_Print_Area_9: #REF!
Name __xlnm_Print_Area_9: #REF!
Name __xlnm_Print_Area_9: #REF!
Name __xlnm_Print_Area_9: #REF!
Name __xlnm_Print_Area_9: #REF!
Name __xlnm_Print_Area_9: #REF!
Name __xlnm_Print_Titles_8: #REF!
Name __xlnm_Print_Titles_8: #REF!
Name __xlnm_Print_Titles_8: #REF!
Name __xlnm_Print_Titles_8: #REF!
Name adinolfi: #REF!
Name adinolfi: #REF!
Name adinolfi: #REF!
Name adinolfi: #REF!
Name adinolfi: #REF!
Name adinolfi: #REF!
Name adinolfi: #REF!
Name adinolfi: #REF!
Name adinolfi: #REF!
Name adinolfi: #REF!
Name adinolfi: #REF!
Name adinolfi: #REF!
Name adinolfi: #REF!
Name annoscia: #REF!

Sheet Schema Generale
A1: N. | B1: MISSIONE | C1: Programma | D1: Descrizione PROGRAMMI/PROCESSI | E1: AREA ORGANIZZATIVA
A2: 1 | B2: SERVIZI ISTITUZIONALI, GENERALI E DI GESTIONE | C2: 1 | D2: Organi istituzionali
C3: 2 | D3: Segreteria Generale
C4: 3 | D4: Gestione economica, finanziaria, programmazione e provveditorato
C5: 4 | D5: Gestione delle entrate tributarie e servizi fiscali
C6: 5 | D6: Gestione dei beni demaniali e patrimoniali
C7: 6 | D7: Ufficio tecnico
C8: 7 | D8: Elezioni e consultazioni popolari - Anagrafe e stato civile
C9: 8 | D9: Statistica e sistemi informativi
C10: 10 | D10: Risorse Umane
C11: 11 | D11: Altri servizi generali
A12: 3 | B12: ORDINE PUBBLICO E SICUREZZA | C12: 1 | D12: Polizia locale e amministrativa
A14: 4 | B14: ISTRUZIONE E DIRITTO ALLO STUDIO | C14: 1 | D14: Istruzione prescolastica
C16: 6 | D16: Servizi ausiliari all’istruzione
A17: 5 | B17: TUTELA E VALORIZZAZIONE DEI BENI E DELLE ATTIVITÀ CULTURALI | C17: 1 | D17: Valorizzazione dei beni di interesse storico
C18: 2 | D18: Attività culturali e interventi diversi nel settore culturale
A19: 6 | B19: POLITICHE GIOVANILI, SPORT E TEMPO LIBERO | C19: 1 | D19: Sport e tempo libero
A21: 7 | B21: TURISMO | C21: 1 | D21: Sviluppo e valorizzazione del turismo
A23: 8 | B23: ASSETTO DEL TERRITORIO ED EDILIZIA ABITATIVA | C23: 1 | D23: Urbanistica e assetto del territorio
A25: 9 | B25: SVILUPPO SOSTENIBILE E TUTELA DEL TERRITORIO E DELL'AMBIENTE | C25: 1 | D25: Difesa del suolo
C26: 2 | D26: Tutela, valorizzazione e recupero ambientale
C27: 3 | D27: Rifiuti
C28: 4 | D28: Servizio idrico integrato
C29: 5 | D29: Aree protette, parchi naturali, protezione naturalistica e forestazione
A32: 10 | B32: TRASPORTI E DIRITTO ALLA MOBILITÀ
C33: 5 | D33: Viabilità e infrastrutture stradali
A35: 11 | B35: SOCCORSO CIVILE | C35: 1 | D35: Sistema di protezione civile
A37: 12 | B37: DIRITTI SOCIALI, POLITICHE SOCIALI E FAMIGLIA | C37: 1 | D37: Interventi per l'infanzia e i minori e per asili nido
C38: 2 | D38: Interventi per la disabilità
C39: 3 | D39: Interventi per gli anziani
C41: 5 | D41: Interventi per le famiglie
C42: 6 | D42: Interventi per il diritto alla casa
C43: 7 | D43: Programmazione e governo della rete dei servizi sociosanitari e sociali
C45: 9 | D45: Servizio necroscopico e cimiteriale
A47: 14 | B47: SVILUPPO ECONOMICO E COMPETITIVITÀ | C47: 2 | D47: Commercio - reti distributive - tutela dei consumatori
A50: 16 | B50: AGRICOLTURA, POLITICHE AGROALIMENTARI E PESCA | C50: 1 | D50: Sviluppo del settore agricolo e del sistema agroalimentare
A52: 20 | B52: FONDI E ACCANTONAMENTI | C52: 1 | D52: Fondo di riserva
C53: 2 | D53: Fondo svalutazione credit
C54: 3 | D54: Altri fondi
A55: 50 | B55: DEBITO PUBBLICO
C56: 2 | D56: Quota capitale ammortamento mutui e prestiti obbligazionari

Sheet Organizzazione
K1: ANNO | L1: 2026
A2: STRUTTURA - ORGANIZZAZIONE
A3: Personale in servizio
A4: Descrizione | E4: =$L$1 - 3 -> 2023 | G4: =$L$1-2 -> 2024 | I4: =$L$1-1 -> 2025 | K4: =$L$1 -> 2026
A5: Dirigenti (Segretario comunale) | E5: 1
A6: Posizioni Organizzative | E6: 7
A7: Dipendenti | E7: 40
A8: Totale Personale in servizio | E8: =SUM(E5:F7) -> 48 | G8: =SUM(G5:H7) -> 0 | I8: =SUM(I5:J7) -> 0 | K8: =SUM(K5:L7) -> 0
A10: Età media del personale
A11: Descrizione | E11: =$L$1 - 3 -> 2023 | G11: =$L$1-2 -> 2024 | I11: =$L$1-1 -> 2025 | K11: =$L$1 -> 2026
A12: Dirigenti (Segretario comunale)
A13: Posizioni Organizzative
A14: Dipendenti
A15: Totale Età Media | E15: =SUM(E12:F14)/3 -> 0 | G15: =SUM(G12:H14)/3 -> 0 | I15: =SUM(I12:J14)/3 -> 0 | K15: =SUM(K12:L14)/3 -> 0
A17: Indici di assenza
A18: Descrizione | E18: =$L$1 - 3 -> 2023 | G18: =$L$1-2 -> 2024 | I18: =$L$1-1 -> 2025 | K18: =$L$1 -> 2026
A19: Malattia + Ferie + Altro
A20: Malattia + Altro
A25: Indici per la spesa del Personale
A26: Descrizione | E26: =$L$1 - 3 -> 2023 | G26: =$L$1-2 -> 2024 | I26: =$L$1-1 -> 2025 | K26: =$L$1 -> 2026
A27: Spesa complessiva per il personale
A28: Spesa per la formazione (stanziato)
A29: Spesa per la formazione (impegnato)
A32: SPESA PER IL PERSONALE
A33: Descrizione | E33: =$L$1-3 -> 2023 | G33: =$L$1-2 -> 2024 | I33: =$L$1-1 -> 2025 | K33: =$L$1 -> 2026
A34: 1. Spesa personale su spesa corrente | E34: =E27/'Economico Patrimoniale'!E19 -> #DIV/0! | G34: =G27/'Economico Patrimoniale'!G19 -> #DIV/0! | I34: =I27/'Economico Patrimoniale'!I19 -> #DIV/0! | K34: =K27/'Economico Patrimoniale'!K19 -> #DIV/0!
A35: Spesa complessiva personale
A36: Spese Correnti
A37: 2. Spesa media del personale | E37: =E27/E8 -> 0 | G37: =G27/G8 -> #DIV/0! | I37: =I27/I8 -> #DIV/0! | K37: =K27/K8 -> #DIV/0!
A38: Spesa complessiva personale
A39: Totale personale in servizio
A40: 3. Spesa personale pro-capite | E40: =E27/Caratteristiche!G5 -> #DIV/0! | G40: =Organizzazione!G27/Caratteristiche!I5 -> #DIV/0! | I40: =I27/Caratteristiche!K5 -> #DIV/0! | K40: =K27/Caratteristiche!M5 -> #DIV/0!
A41: Spesa complessiva personale
A42: Popolazione
A43: 4. Rapporto dipendenti su popolazione | E43: =Caratteristiche!G5/Organizzazione!E8 -> 0 | G43: =Caratteristiche!I5/Organizzazione!G8 -> #DIV/0! | I43: =Caratteristiche!K5/Organizzazione!I8 -> #DIV/0! | K43: =Caratteristiche!M5/Organizzazione!K8 -> #DIV/0!
A44: Popolazione
A45: Totale personale in servizio
A46: 5. Rapporto dirigenti su dipendenti | E46: =E5/E8 -> 0.020833333 | G46: =G5/G8 -> #DIV/0! | I46: =I5/I8 -> #DIV/0! | K46: =K5/K8 -> #DIV/0!
A47: Numero dirigenti
A48: Totale personale in servizio
A49: 6. Rapporto P.O. su dipendenti | E49: =E6/E8 -> 0.14583333 | G49: =G6/G8 -> #DIV/0! | I49: =I6/I8 -> #DIV/0! | K49: =K6/K8 -> #DIV/0!
A50: Numero Posizioni Organizzative
A51: Totale personale in servizio
A52: 7. Capacità di spesa su formazione | E52: =E29/E28 -> #DIV/0! | G52: =G29/G28 -> #DIV/0! | I52: =I29/I28 -> #DIV/0! | K52: =K29/K28 -> #DIV/0!
A53: Spesa per formazione impegnata
A54: Spesa per formazione stanziata
A55: 8. Spesa media formazione | E55: =E29/E8 -> 0 | G55: =G29/G8 -> #DIV/0! | I55: =I29/I8 -> #DIV/0! | K55: =K29/K8 -> #DIV/0!
A56: Spesa per formazione
A57: Totale personale in servizio
A58: 9. Spesa formazione su spesa personale | E58: =E29/E27 -> #DIV/0! | G58: =G29/G27 -> #DIV/0! | I58: =I29/I27 -> #DIV/0! | K58: =K29/K27 -> #DIV/0!
A59: Spesa per formazione
A60: Spesa complessiva personale

Sheet Caratteristiche
M1: ANNO | N1: 2026
A2: CARATTERISTICHE DELL'ENTE
A3: Popolazione
A4: Descrizione | G4: =N1 - 3 -> 2023 | I4: =N1-2 -> 2024 | K4: =N1-1 -> 2025 | M4: =N1 -> 2026
A5: Popolazione residente al 31/12
A6: di cui popolazione straniera
A8: Descrizione | G8: =N1-3 -> 2023 | I8: =N1-2 -> 2024 | K8: =N1-1 -> 2025 | M8: Saldo Naturale
A9: nati nell'anno
A10: deceduti nell'anno
A11: immigrati
A12: emigrati
A13: Popolazione per fasce d'età ISTAT | G13: =N1-3 -> 2023 | I13: =N1-2 -> 2024 | K13: =N1-1 -> 2025 | M13: =N1 -> 2026
A14: Popolazione in età prescolare | E14: 0-6 anni
A15: Popolazione in età scuola dell'obbligo | E15: 7-14 anni | F15: 7-14 anni
A16: Popolazione in forza lavoro | E16: 15-29 anni | F16: 15-29 anni
A17: Popolazione in età adulta | E17: 30-65 anni | F17: 30-65 anni
A18: Popolazione in età senile | E18: oltre 65 anni | F18: oltre 65 anni
A19: Popolazione per fasce d'età Stakeholders | G19: =N1-3 -> 2023 | I19: =N1-2 -> 2024 | K19: =N1-1 -> 2025 | M19: =N1 -> 2026
A20: Prima infanzia | E20: 0-3 anni
A21: Utenza scolastica | E21: 4-13 anni
A22: Minori | E22: 0-18 anni
A23: Giovani | E23: 15-25 anni
A25: Popolazione massima insediabile (da strumento urbanistico vigente)
A28: Territorio
A29: Superficie in Kmq | M29: 10.36
A30: Frazioni | M30: 2
A31: Risorse idriche
A32: Laghi | M32: 0 | N32: =L32/K32 -> #DIV/0!
A33: Fiumi | M33: 0 | N33: =L33/K33 -> #DIV/0!
A36: Viabilità
A37: Strade | G37: =N1-3 -> 2023 | I37: =N1-2 -> 2024 | K37: =N1-1 -> 2025 | M37: =N1 -> 2026
A38: Statali | D38: Km
A39: Provinciali | D39: Km
A40: Comunali | D40: Km
A41: Vicinali | D41: Km
A42: Autostrade | D42: Km
E43: Tot. Km strade | G43: =SUM(G38:H42) -> 0 | I43: =SUM(I38:J42) -> 0 | K43: =SUM(K38:L42) -> 0 | M43: =(M38+M39+M40+M41+M42) -> 0

Sheet Economico Patrimoniale
K1: ANNO | L1: 2026
A2: STRUTTURA - DATI ECONOMICO PATRIMONIALI
A3: Gestione delle Entrate
A4: Titoli | E4: =$L$1-3 -> 2023 | G4: =$L$1-2 -> 2024 | I4: =$L$1-1 -> 2025 | K4: =$L$1 -> 2026
E5: Accertato | F5: Incassato | G5: Accertato | H5: Incassato | I5: Accertato | J5: Incassato | K5: Accertato | L5: Incassato
A6: Avanzo applicato
A7: FONDO PLURIENNALE VINCOLATO
A8: 1 - Entrate di natura tributaria, contributiva e perequativa
A9: 2 - Trasferimenti correnti
A10: 3 - Extratributarie
A11: 4 - Entrate in conto capitale
A12: 6 - Accensione di prestiti
A13: 9 - Entrate per servizi conto terzi e partite di giro
A14: Totale entrate | E14: =SUM(E6:E13) -> 0 | F14: =SUM(F6:F13) -> 0 | G14: =SUM(G6:G13) -> 0 | H14: =SUM(H6:H13) -> 0 | I14: =SUM(I6:I13) -> 0 | J14: =SUM(J6:J13) -> 0 | K14: =SUM(K6:K13) -> 0 | L14: =SUM(L8:L13) -> 0
A16: Gestione delle Spese
A17: Titoli | E17: =$L$1-3 -> 2023 | G17: =$L$1-2 -> 2024 | I17: =$L$1-1 -> 2025 | K17: =$L$1 -> 2026
E18: Impegnato | F18: Pagato | G18: Impegnato | H18: Pagato | I18: Impegnato | J18: Pagato | K18: Impegnato | L18: Pagato
A19: 1 - Spesa corrente
A20: 2 - Spese c/capitale
A21: 3 - Spese per incremento attività finanziarie (dal 2016)
A22: 4 - Rimborso di prestiti
A23: Chiusura anticipazioni (dal 2016)
A24: 7 - Spese per servizi conto terzi e partite di giro
A25: Totale spesa | E25: =SUM(E19:E24) -> 0 | F25: =SUM(F19:F24) -> 0 | G25: =SUM(G19:G24) -> 0 | H25: =SUM(H19:H24) -> 0 | I25: =SUM(I19:I24) -> 0 | J25: =SUM(J19:J24) -> 0 | K25: =SUM(K19:K24) -> 0 | L25: =SUM(L19:L24) -> 0
A27: Gestione residui
A28: Titolo | B28: ENTRATE | E28: =$L$1-3 -> 2023 | G28: =$L$1-2 -> 2024 | I28: =$L$1-1 -> 2025 | K28: =$L$1 -> 2026
E29: residui attivi | F29: riscossione | G29: residui attivi | H29: riscossione | I29: residui attivi | J29: riscossione | K29: residui attivi | L29: riscossione
A30: 1 | B30: Entrate di natura tributaria, contributiva e perequativa
A31: 2 | B31: Trasferimenti correnti
A32: 3 | B32: Extratributarie
A33: 4 | B33: Entrate in conto capitale
A34: 6 | B34: Accensioni di prestiti
A35: 9 | B35: Servizi conto terzi
A36: Totale residui su entrate | E36: =SUM(E30:E35) -> 0 | F36: =SUM(F30:F35) -> 0 | G36: =SUM(G30:G35) -> 0 | H36: =SUM(H30:H35) -> 0 | I36: =SUM(I30:I35) -> 0 | J36: =SUM(J30:J35) -> 0 | K36: =SUM(K30:K35) -> 0 | L36: =SUM(L30:L35) -> 0
A37: Titolo | B37: SPESE | E37: =$L$1-3 -> 2023 | G37: =$L$1-2 -> 2024 | I37: =$L$1-1 -> 2025 | K37: =$L$1 -> 2026
E38: residui passivi | F38: pagamenti | G38: residui passivi | H38: pagamenti | I38: residui passivi | J38: pagamenti | K38: residui passivi | L38: pagamenti
A39: 1 | B39: Spesa corrente
A40: 2 | B40: Spese c/capitale
A41: 3 | B41: Spese per incremento attività finanziarie (D.Lgs. 118/2011)
A42: 4 | B42: Rimborso di prestiti
A43: 5 | B43: Chiusura anticipazioni (D.Lgs. 118/2011)
A44: 7 | B44: Servizi conto terzi
A45: Totale residui su spese | E45: =SUM(E39:E44) -> 0 | F45: =SUM(F39:F44) -> 0 | G45: =SUM(G39:G44) -> 0 | H45: =SUM(H39:H44) -> 0 | I45: =SUM(I39:I44) -> 0 | J45: =SUM(J39:J44) -> 0 | K45: =SUM(K39:K44) -> 0 | L45: =SUM(L39:L44) -> 0
A47: Indici per analisi finanziaria
A48: Descrizione | E48: =$L$1-3 -> 2023 | G48: =$L$1-2 -> 2024 | I48: =$L$1-1 -> 2025 | K48: =$L$1 -> 2026
A49: Trasferimenti dallo Stato (Entrata Tit. 2, Tipologia 1, Categoria 101)
A50: Interessi passivi (Spesa Tit. 1, Macroaggregato 107)
A51: Spesa del personale (Spesa Tit. 1, Macroaggregato 101)
A52: Quota capitale mutui (Spesa Tit. 4, Macroaggregato 403)
A53: Anticipazioni di cassa
A55: STRUTTURA - DATI ECONOMICO PATRIMONIALI
A56: Grado di autonomia finanziaria
A57: Descrizione | E57: =$L$1-3 -> 2023 | G57: =$L$1-2 -> 2024 | I57: =$L$1-1 -> 2025 | K57: =$L$1 -> 2026
A58: 1. Autonomia finanziaria | E58: =(E8+E10)/SUM(E8:E10) -> #DIV/0! | G58: =(G8+G10)/SUM(G8:G10) -> #DIV/0! | I58: =(I8+I10)/SUM(I8:I10) -> #DIV/0! | K58: =(K8+K10)/SUM(K8:K10) -> #DIV/0!
A59: Entrate tributarie+ extratributarie
A60: Entrate correnti
A61: 2.Autonomia impositiva | E61: =E8/SUM(C8:E10) -> #DIV/0! | G61: =G8/SUM(G8:G10) -> #DIV/0! | I61: =I8/SUM(I8:I10) -> #DIV/0! | K61: =K8/SUM(K8:K10) -> #DIV/0!
A62: Entrate tributarie
A63: Entrate correnti
A64: 3.Dipendenza erariale | E64: =E49/SUM(E8:E10) -> #DIV/0! | G64: =G49/SUM(G8:G10) -> #DIV/0! | I64: =I49/SUM(I8:I10) -> #DIV/0! | K64: =K49/SUM(K8:K10) -> #DIV/0!
A65: Trasferimenti correnti statali
A66: Entrate correnti
A67: Grado di rigidità del Bilancio
A68: Indicatori | E68: =$L$1-3 -> 2023 | G68: =$L$1-2 -> 2024 | I68: =$L$1-1 -> 2025 | K68: =$L$1 -> 2026
A69: 1. Rigidità strutturale | E69: =SUM(E50:F52)/SUM(E8:E10) -> #DIV/0! | G69: =(G50+G51+G52)/SUM(G8:G10) -> #DIV/0! | I69: =(I50+I51+I52)/SUM(I8:I10) -> #DIV/0! | K69: =(K50+K51+K52)/SUM(K8:K10) -> #DIV/0!
A70: Spesa personale+rimborso mutui(cap+int)
A71: Entrate correnti
A72: 2. Rigidità per costo personale | E72: =E51/SUM(E8:E10) -> #DIV/0! | G72: =G51/SUM(G8:G10) -> #DIV/0! | I72: =I51/SUM(I8:I10) -> #DIV/0! | K72: =K51/SUM(K8:K10) -> #DIV/0!
A73: Spesa complessiva personale
A74: Entrate correnti
A75: 3. Rigidità per indebitamento | E75: =(E50+E52)/SUM(E8:E10) -> #DIV/0! | G75: =(G50+G52)/SUM(G8:G10) -> #DIV/0! | I75: =(I50+I52)/SUM(I8:I10) -> #DIV/0! | K75: =(K50+K52)/SUM(K8:K10) -> #DIV/0!
A76: Rimborso mutui (cap+int)
A77: Entrate correnti
A78: Pressione fiscale ed erariale pro-capite
A79: Indicatori | E79: =$L$1-3 -> 2023 | G79: =$L$1-2 -> 2024 | I79: =$L$1-1 -> 2025 | K79: =$L$1 -> 2026
A80: 1. Pressione entrate proprie pro-capite | E80: =(E8+E10)/Caratteristiche!G5 -> #DIV/0! | G80: =(G8+G10)/Caratteristiche!I5 -> #DIV/0! | I80: =(I8+I10)/Caratteristiche!K5 -> #DIV/0! | K80: =(K8+K10)/Caratteristiche!M5 -> #DIV/0!
A81: Entrate tributarie+ extratributarie
A82: Numero abitanti
A83: 2. Pressione tributaria pro-capite | E83: =E8/Caratteristiche!G5 -> #DIV/0! | G83: =G8/Caratteristiche!I5 -> #DIV/0! | I83: =I8/Caratteristiche!K5 -> #DIV/0! | K83: =K8/Caratteristiche!M5 -> #DIV/0!
A84: Entrate tributarie
A85: Numero abitanti
A86: 3. Indebitamento locale pro-capite | E86: =(E50+E52)/Caratteristiche!G5 -> #DIV/0! | G86: =(G50+G52)/Caratteristiche!I5 -> #DIV/0! | I86: =(I50+I52)/Caratteristiche!K5 -> #DIV/0! | K86: =(K50+K52)/Caratteristiche!M5 -> #DIV/0!
A87: Rimborso mutui(cap+int)
A88: Numero abitanti
A89: 4. Trasferimenti erariali pro-capite | E89: =E49/Caratteristiche!G5 -> #DIV/0! | G89: =G49/Caratteristiche!I5 -> #DIV/0! | I89: =I49/Caratteristiche!K5 -> #DIV/0! | K89: =K49/Caratteristiche!M5 -> #DIV/0!
A90: Trasferimenti correnti statali
A91: Numero abitanti
A92: Capacità gestionale
A93: Indicatori | E93: =$L$1-3 -> 2023 | G93: =$L$1-2 -> 2024 | I93: =$L$1-1 -> 2025 | K93: =$L$1 -> 2026
A94: 1. Incidenza residui attivi | E94: =E36/E14 -> #DIV/0! | G94: =G36/G14 -> #DIV/0! | I94: =I36/I14 -> #DIV/0! | K94: =K36/K14 -> #DIV/0!
A95: Residui attivi
A96: Totale accertamenti
A97: 2. Incidenza residui passivi | E97: =E45/E25 -> #DIV/0! | G97: =G45/G25 -> #DIV/0! | I97: =I45/I25 -> #DIV/0! | K97: =K45/K25 -> #DIV/0!
A98: Residui passivi
A99: Totale impegni
A100: 3. Velocità di riscossione entrate proprie | E100: =(F8+F10)/(E8+E10) -> #DIV/0! | G100: =(H8+H10)/(G8+G10) -> #DIV/0! | I100: =(J8+J10)/(I8+I10) -> #DIV/0! | K100: =(L8+L10)/(K8+K10) -> #DIV/0!
A101: Riscossioni titoli 1 + 3
A102: Accertamenti titoli 1 + 3
A103: 4. Velocità di pagamenti spese correnti | E103: =(F19)/(E19) -> #DIV/0! | G103: =H19/G19 -> #DIV/0! | I103: =(J19)/(I19) -> #DIV/0! | K103: =(L19)/(K19) -> #DIV/0!
A104: Pagamenti titolo 1
...

Sheet obj_1 ptpc
A1: Obiettivo gestionale n°1
A3: Indirizzo Strategico DUP n. 2 | I3: Missione 1 : Servizi istituzionali, generali e di gestione
A4: Obj Operativo DUP n. 2 | I4: Programma 2 : Segreteria Generale
A6: Centro di Responsabilità: | E6: Resp. Prevenzione corruzione | I6: TEMPI :
I7: 2026 | K7: 2027 | M7: 2028
A8: Altri Centri di Responsabilità coinvolti: | E8: Tutti | I8: X | K8: X | M8: X
A9: Titolo Obiettivo gestionale PEG/PERFORMANCE | C9: Prevenzione della corruzione e della trasparenza – Revisione del PTPCT alla luce del PNA 2022 e inserimento all'interno del PIAO Aggiornamento e integrazione al PTPCT del Codice di comportamento dell’Ente
A10: Descrizione obiettivo | C10: In coerenza con i contenuti del PNA 2023 l'Ente deve procedere alla revisione delle strategie di prevenzione contenute nel PTPCT dell'Ente, in termini di misure specifiche di prevenzione del rischio e di misure generali di contrasto alla corruzione. In particolare si procederà ad una nuova mappatura dei processi/attività, alla applicazione del nuovo modello di valutazione del rischio e alla creazione di regole e modelli specifici per lo svolgimento del monitoraggio sull'attuazione delle misure di contrasto alla corruzione individuate. Per definire contenuti in linea con la specificità dell'Ente, saranno coinvolti tutti i dipendenti sia in momenti di confronto che nella partecipazione a specifici corsi di formazione, anche in modalità FAD, per diffondere i contenuti e le indicazioni operative specifici dell'organizzazione.
A23: Descrizione delle fasi di attuazione:
A24: 1 | B24: Individuazione sezioni PTPCT oggetto di revisione/aggiornamento
A25: 2 | B25: Nuova mappatura per processi/attività/fasi PTPCT
A26: 3 | B26: Indivduazione misure generali e specifiche per la gestione del rischio | H26: 5 | I26: Montoraggio delle azioni di contenimento del rischio
A27: 4 | B27: Formazione specifica ai Dirigenti/ PO/ Responsabili di Servizio sin tema di preenzione della corruzione
A29: INDICATORI DI RISULTATO ( personalizzare con gli indicatori delle misure previste dal proprio PTPCT 2026-2028)
A30: Indicatori di Efficacia Quantitativa | I30: ATTESO 2026 | K30: RAGGIUNTO 2026 | M30: Scostamento | O30: 2027 | Q30: 2028
A31: n. Aree Generali di rischio sulle quali è stata realizzata la mappatura dei processi | I31: 4
A33: n. dipendenti coinvolti in attività formative in materia di prevenzione della corruzione | I33: 1 | O33: 1 | Q33: 1
A35: n. attestazioni dell'avvenuta verifica dell'insussistenza di situazioni, anche potenziali, di conflitto di interesse per i Consulenti e Collaboratori pubblicate in Amministrazione Trasparente | I35: 1 | O35: 1 | Q35: 1
A36: Indicatori Temporali | I36: ATTESO 2026 | K36: RAGGIUNTO 2026 | M36: Scostamento | O36: 2027 | Q36: 2028
A37: Approvazione in Giunta del PTPCT relativo all'anno corrente | I37: 46111 | O37: 44227 | Q37: 44592
A38: Pubblicazione sul sito istituzionale dell'Ente dell'Attestazione del livello di Trasparenza rilasciata dall'OV | I38: 46203 | O38: 44316 | Q38: 44681
A39: Redazione relazione sulla stato di attuazione delle misure previste dal PTPCT da parte del RPC | I39: 46371 | O39: 44545 | Q39: 44910
A40: Predisposizione aggiornamento annuale del PTPCT da parte del RPC | I40: 46387 | O40: 44561 | Q40: 44926
A43: Indicatori di Efficienza | I43: ATTESO 2026 | K43: RAGGIUNTO 2026 | M43: Scostamento | O43: 2027 | Q43: 2028
A48: Indici di Efficacia Qualitativa | I48: ATTESO 2026 | K48: RAGGIUNTO 2026 | M48: Scostamento | O48: 2027 | Q48: 2028
A49: n. violazioni del Codice di Comportamento | I49: 0 | O49: 0 | Q49: 0
A50: n. segnalazioni di illeciti ai sensi del PTPCT (whistleblowing) | I50: 0 | O50: 0 | Q50: 0
A55: CRONOPROGRAMMA
A56: FASI E TEMPI | C56: Gennaio | D56: Febbraio | E56: Marzo | F56: Aprile | G56: Maggio | H56: Giugno | I56: Luglio | J56: Agosto | K56: Settembre | L56: Ottobre | M56: Novembre | N56: Dicembre
A57: 1 | C57: X | D57: X | E57: x | F57: X | G57: X
A59: 2 | D59: X | E59: X | F59: X | G59: X
A61: 3 | D61: X | E61: X | F61: X | G61: X
A63: 4 | C63: X | D63: X | E63: X | F63: X | G63: X
A65: 5 | M65: X | N65: X
A70: PERSONALE COINVOLTO NELL'OBIETTIVO
A71: Aree | B71: Cognome e Nome | K71: % tempo dedicato
B72: TUTTE LE PO | K72: 65
A73: Istruttori ex C | B73: Alessandro Cima | K73: 20
A74: Istruttori ex C | B74: Elisa Scomazzon | K74: 10
A75: Istruttori ex C | B75: Perre Maria | K75: 5
A76: =COUNTA(B72:F75) -> 4 | B76: COSTO DELLE RISORSE INTERNE
A78: RISORSE AGGIUNTIVE UTILIZZATE
A79: Tipologia | E79: Descrizione | M79: Costo
A84: COSTO COMPLESSIVO DELL'OBIETTIVO
IQ65402: DES | IR65402: TYP | IS65402: ATT | IT65402: VA | IU65402: ADD
IQ65403: =#REF!&$C$9 -> #REF! | IR65403: =#REF! -> #REF! | IS65403: =$B$24&" - "&$B$25&" - "&$B$28&" - "&$I$28&" - "&#REF!&" - "&#REF!&" - "&#REF!&" - "&#REF! -> #REF! | IT65403: =$A$31&": "&$I$31&" - "&$A$33&": "&$I$32&" - "&$A$34&": "&$I$33&" - "&#REF!&": "&#REF!&" - "&#REF!&": "&#REF!&" - "&#REF!&": "&$I$34&" - "&#REF!&": "&#REF!&" - "&$A$36&": "&$I$36&" - "&$A$37&": "&$I$37&" - "&#REF!&": "&#REF!&" - "&#REF!&": "&#REF!&" - "&#REF!&": "&#REF!&" - "&$A$39&": "&$I$39 -> #REF! | IU65403: =#REF! -> #REF!

Sheet Obj_2_tributi
A1: Obiettivo gestionale n° 3
A3: Indirizzo Strategico DUP n. 3 | I3: Missione 1
A4: Obj Operativo DUP n. 3 | I4: Programma 01 - 04
A6: Centro di Responsabilità: | E6: Area Tributi | I6: TEMPI :
I7: 2026 | K7: 2027 | M7: 2028
A8: Altri Centri di Responsabilità coinvolti: | I8: X | K8: X | M8: X
A9: Titolo Obiettivo gestionale PEG/PERFORMANCE | C9: Recupero evasione tributi comunali
A11: Descrizione obiettivo | C11: L'obiettivo ha lo scopo di assicurare l'uniforme e imparziale applicazione dei tributi comunali in particolare dell'IMU e di contrastare i fenomeni di evasione/elusione così da garantire l'entrata tributaria rappresentata dal relativo gettito.
A24: Descrizione delle fasi di attuazione:
A25: 1 | B25: Controlli contribuenti IMU e aggiornamento banca dati
A26: 2 | B26: Richieste dati ai contribuenti IMU
A27: 3 | B27: Emissione avvisi accertamento IMU
A28: 4 | B28: Solleciti prodromici all'attivazione delle procedure esecutive per la risccossione degli avvisi di accertamento IMU notificati nel 2022
A30: INDICATORI DI RISULTATO
A31: Indicatori di Efficacia Quantitativa | I31: ATTESO 2026 | K31: RAGGIUNTO 2026 | M31: Scostamento | O31: 2027 | Q31: 2028
A32: N. pratiche IMU da verificare | I32: 3600
A33: N. richiesta dati ai contribuentii | I33: 45 | K33: 47
A34: N. di avvisi IMU emessi | I34: 150 | K34: 39
A35: N. solleciti predisposti e notificati | I35: 80 | K35: 108
A36: Indicatori Temporali | I36: ATTESO 2026 | K36: RAGGIUNTO 2026 | M36: Scostamento | O36: 2027 | Q36: 2028
A41: Indicatori di Efficienza | I41: ATTESO 2026 | K41: RAGGIUNTO 2026 | M41: Scostamento | O41: 2027 | Q41: 2028
A42: Recupero evasione attesa IMU (accertamenti emessi) | I42: 150000 | K42: 79683.89
A43: Incasso evasione attesa IMU (accertamenti incassati entro il 31/12/2026) | I43: 50000
A45: Indici di Efficacia Qualitativa | I45: ATTESO 2026 | K45: RAGGIUNTO 2026 | M45: Scostamento | O45: 2027 | Q45: 2028
A49: CRONOPROGRAMMA
A50: FASI E TEMPI | C50: Gennaio | D50: Febbraio | E50: Marzo | F50: Aprile | G50: Maggio | H50: Giugno | I50: Luglio | J50: Agosto | K50: Settembre | L50: Ottobre | M50: Novembre | N50: Dicembre
A51: 1 | C51: x | D51: x
A53: 2 | E53: x | F53: x
A55: 3 | I55: x | J55: x | K55: x | L55: x | M55: x | N55: x
A57: 4 | F57: x | G57: x | H57: x
A71: MEDIA VALORE RAGGIUNTO % | H71: MEDIA VALORE RAGGIUNTO %
A72: MEDIA RISPETTO DEI TEMPI % | H72: MEDIA RISPETTO DEI TEMPI %
A74: Analisi degli scostamenti | H74: Analisi degli scostamenti
A75: Cause | H75: Cause
A78: Effetti | H78: Effetti
A81: Provvedimenti correttivi | H81: Provvedimenti correttivi
A82: Intrapresi | H82: Intrapresi
A85: Da attivare | H85: Da attivare
A89: PERSONALE COINVOLTO NELL'OBIETTIVO
A90: AREE | B90: Cognome e Nome | G90: % tempo dedicato
A91: Funzionari ex D | B91: Negro Giuseppina | G91: 100
A102: =COUNTA(B91:F101) -> 1
A104: RISORSE AGGIUNTIVE UTILIZZATE
A105: Tipologia | E105: Descrizione | M105: Costo
A112: COSTO COMPLESSIVO DELL'OBIETTIVO
A115: RISORSE AGGIUNTIVE ai sensi del comma 5 art. 15 CCNL 1.4.1999
A116: 7 CRITERI ARAN
A117: Prima condizione: più risorse per il fondo in cambio di maggiori servizi | E117: Descrizione nuovo servizio oppure Descrizione del miglioramento quali-quantitativo dei servizi, concreto, tangibile e verificabile:
A119: Seconda condizione: non generici miglioramenti dei servizi ma concreti risultati | E119: Descrizione del fatto “verificabile e chiaramente percepibile dall’utenza di riferimento:
A121: Terza condizione: risultati verificabili attraverso standard, indicatori e/o attraverso i giudizi espressi dall’utenza. | E121: Descrizione standard di miglioramento:
A123: Quarta condizione: risultati difficili che possono essere conseguiti attraverso un ruolo attivo e determinante del personale interno. | E123: Descrizione del ruolo importante del personale nel loro conseguimento
A125: Quinta condizione: risorse quantificate secondo criteri trasparenti e ragionevoli, analiticamente illustrati nella relazione da allegare al contratto decentrato. | E125: Modalità di quantificazione delle risorse
A127: Sesta condizione: risorse rese disponibili solo a consuntivo, dopo aver accertato i risultati. | E127: Descrizione del processo di valutazione e delle tempistiche | H127: La Giunta con Delibera n. xx del xx/xx/20xx ha approvato il Piano della Performance. Con Delibera n. xx del xx/xx/20xx sono stati previsti xx € per finanziare il raggiungimento del presente obiettivo. L'obiettivo sarà valutato a consuntivo dal NIV/OIV e le relative risorse saranno rese disponibili e liquidate solo dopo tale valutazione. Nella delibera è stato deciso dalla Giunta che se l'obiettivo è raggiunto al 90% vengono rese disponibili tutte le risorse, con un raggiungimento tra 89,99 e 70% vengono rese disponibili risorse in maniera direttamente proporzionale. Sotto un raggiungimento del 70% non verrà distribuita alcuna risorsa e le risorse confluiscono nel bilancio dell'Ente
A129: Settima condizione: risorse previste nel bilancio annuale e nel PEG. | E129: Verifica delle disponibilità finanziarie dell’Amministrazione ai fini della copertura delle risorse di cui all'art.15 comma 5 | L129: La costituzione del fondo per le risorse decentrate risulta compatibile con i vincoli in tema di contenimento della spesa del personale ? SI NO
L130: L'Ente ha rispettato il Patto di Stabilità dell'anno precedente e risulta attualmente in linea con il rispetto delle regole del Patto dell'anno in corso? SI NO
L131: L’Ente versa in condizioni deficitarie? SI NO
IQ65448: DES | IR65448: TYP | IS65448: ATT | IT65448: VA | IU65448: ADD
IQ65449: =#REF!&$C$9 -> #REF! | IR65449: =#REF! -> #REF! | IS65449: =$B$25&" - "&$B$26&" - "&$B$29&" - "&$I$29&" - "&#REF!&" - "&#REF!&" - "&#REF!&" - "&#REF! -> #REF! | IT65449: =$A$32&": "&$I$32&" - "&#REF!&": "&#REF!&" - "&#REF!&": "&#REF!&" - "&#REF!&": "&#REF!&" - "&#REF!&": "&#REF!&" - "&#REF!&": "&#REF!&" - "&$A$33&": "&$I$34&" - "&$A$36&": "&$I$36&" - "&$A$37&": "&$I$37&" - "&#REF!&": "&#REF!&" - "&#REF!&": "&#REF!&" - "&#REF!&": "&#REF!&" - "&#REF!&": "&#REF! -> #REF! | IU65449: =#REF! -> #REF!

Sheet Obj_3 VERIFICA APPALTI E BANDI
A1: Obiettivo gestionale n° 3
A3: Indirizzo Strategico DUP : n. 3 | I3: Missione: tutte
A4: Obj Operativo DUP: n.3 | I4: Programma : tutti
A6: Centro di Responsabilità: | E6: tutti i settori | I6: TEMPI :
I7: 2026 | K7: 2027 | M7: 2028
A8: Altri Centri di Responsabilità coinvolti: | I8: x | K8: x | M8: x
A9: Titolo Obiettivo gestionale PEG/PERFORMANCE | C9: Verifica e controllo gestione appalti e rendicontazione bandi e finanziamenti
A10: Descrizione obiettivo | C10: Il presente obiettivo intende verificare semestralmente l'andamento degli appalti e bandi e finanziamenti ricevuti. E' necessario verificare che le ditte appaltatrici svolgano come da capitolato la gestione degli appalti. Successivamente ciascun responsabile dovrà svolgere un report semestrale sull'andamento degli appalti affidati da ciascun settore. Nel corso del 2024 dovrà essere svolta la redazione di un elenco per ciascun ufficio delle strutture in concessione/gestione/appalto
A23: Descrizione delle fasi di attuazione
A24: 1 | B24: Verifica e controllo gestione appalti e rendicontazione bandi e finanziamenti
A26: INDICATORI DI RISULTATO
A27: Indicatori di Efficacia Quantitativa | I27: ATTESO 2026 | K27: RAGGIUNTO 2026 | M27: Scostamento | O27: 2027 | Q27: RAGGIUNTO 2027 | S27: 2028 | U27: RAGGIUNTO 2028
A28: N. strutture in concessione da verificare | I28: 5 | O28: 5 | S28: 5
A29: Indicatori Temporali | I29: ATTESO 2026 | K29: RAGGIUNTO 2026 | M29: Scostamento | O29: 2027 | Q29: RAGGIUNTO 2027 | S29: 2028 | U29: RAGGIUNTO 2028
A30: Resport annuale Verifica e controllo gestione appalti e rendicontazione bandi e finanziamenti | I30: 1 | O30: 1 | S30: 1
A31: Redazione elenco per ciascun ufficio di strutture in concessione/gestione/appalto | I31: Entro il 31/12/2025 | O31: Entro il 31/12/2026 | S31: Entro il 31/12/2027
A34: Indicatori di Efficienza | I34: ATTESO 2026 | K34: RAGGIUNTO 2026 | M34: Scostamento | O34: 2027 | Q34: RAGGIUNTO 2027 | S34: 2028 | U34: RAGGIUNTO 2028
A36: Indici di Efficacia Qualitativa | I36: ATTESO 2026 | K36: RAGGIUNTO 2026 | M36: Scostamento | O36: 2027 | Q36: RAGGIUNTO 2027 | S36: 2028 | U36: RAGGIUNTO 2028
A39: CRONOPROGRAMMA
A40: FASI E TEMPI | C40: Gennaio | D40: Febbraio | E40: Marzo | F40: Aprile | G40: Maggio | H40: Giugno | I40: Luglio | J40: Agosto | K40: Settembre | L40: Ottobre | M40: Novembre | N40: Dicembre
A41: 1 | C41: x | D41: x | E41: x | F41: x | G41: x | H41: x | I41: x | J41: x | K41: x | L41: x | M41: x | N41: x
A56: PERSONALE COINVOLTO NELL'OBIETTIVO
A57: AREA | B57: Cognome e Nome | G57: % tempo dedicato
A58: Funzionari ex D | B58: Pugliese Vincenzo | G58: 14.3
A59: Funzionari ex D | B59: Airola Flavio | G59: 14.3
A60: Funzionari ex D | B60: Giada Benedetta Airola | G60: 14.3
A61: Funzionari ex D | B61: Collura Angela | G61: 14.3
A62: Funzionari ex D | B62: Negro Giuseppina | G62: 14.3
A63: Funzionari ex D | B63: Marino Francesca | G63: 28.6
A67: RISORSE AGGIUNTIVE UTILIZZATE
A68: Tipologia | E68: Descrizione | M68: Costo
A71: COSTO COMPLESSIVO DELL'OBIETTIVO

Sheet Obj 4 Tempi medi pagamenti
A1: OBIETTIVO SPECIFICO TRASVERSALE
A2: P.O/E.Q. | E2: SETTORE/CDR | I2: ALTRI CDR COINVOLTI
A3: TUTTI | E3: TUTTI | I3: TUTTI
A5: OBJ Strategico DUP | I5: Missione | K5: 01
A6: OBJ Operativo DUP | I6: Programma | K6: 03
A7: Titolo Obiettivo: | C7: RISPETTO O RIDUZIONE DEI TEMPI MEDI DI PAGAMENTO
C8: L’art. 4-bis del D.L. n. 13/2023, convertito con modificazioni nella legge n. 41/2023 stabilisce che le amministrazioni, nell'ambito dei sistemi di valutazione della performance previsti dai rispettivi ordinamenti, provvedono ad assegnare, ai dirigenti responsabili dei pagamenti delle fatture commerciali nonche' ai dirigenti apicali delle rispettive strutture specifici obiettivi annuali relativi al rispetto dei tempi di pagamento previsti dalle vigenti disposizioni e valutati, ai fini del riconoscimento della retribuzione di risultato, in misura non inferiore al 30 per cento.Lo scopo della riforma 1.11 del PNRR, esplicitato nella circolare N. 1 del 03.01.2024 della RGS, prevede che "......I target da raggiungere sono fissati in 60 giorni, per l’indicatore del tempo medio di pagamento degli Enti del Servizio sanitario nazionale, e in 30 giorni per l’indicatore del tempo medio di pagamento dei restanti comparti; per tutti i comparti, il target è pari a zero per l’indicatore del tempo medio di ritardo. Gli indicatori devono essere calcolati su un volume di pagamenti almeno pari al 95% dell’ammontare dell’importo dovuto delle fatture ricevute dal complesso delle pubbliche amministrazioni nell’anno 2025 L'obiettivo riguarda tutti i Settori dell'ente e riveste la natura di obiettivo di performance organizzativa di ente. Sono coinvolti tutti i servizi dell'ente e la Ragioneria, oltre che per la gestione delle spese di propria competenza, anche per il monitoraggio almeno trimestrale dell'andamento dell'obiettivo, con il compito di allertare il Segretario Generale e i responsabili di Settore, nel caso in cui i tempi medi di pagamenti non siano in linea con il termine di legge, al fine di adottare gli opportuni correttivi. Le gestione delle procedure di liquidazione delle fatture sarà rivisto con l'obiettivo di ridurre, o migliorare, l’attuale tempistica seguendo queste tempistiche: • verifica della fattura per accettazione o rifiuto entro 10 giorni dalla ricezione della stessa, • elaborazione degli atti di liquidazione entro 7 giorni dall’accettazione della fattura, • elaborazione del mandato entro 3/5 giorni dall’atto di liquidazione
A10: Descrizione Obiettivo:
C19: Tempi di realizzazione | I19: 2026 | K19: 2027 | M19: 2028
I20: X
A21: Descrizione delle fasi di attuazione nell'anno:
A22: =IF(B22<>"",1,"") -> 1 | B22: Analisi scostamenti dai tempi di pagamento | H22: =IF(I22<>"",A25+1,"")
A23: =IF(B23<>"",A22+1,"") -> 2 | B23: Coordinamento tra aree/settori per migliorare la gestione delle tempistiche | H23: =IF(I23<>"",H22+1,"")
A24: =IF(B24<>"",A23+1,"") -> 3 | B24: Controllo e pubblicazione trimestrale dell'andamento dei pagamenti | H24: =IF(I24<>"",H23+1,"")
A25: =IF(B25<>"",A24+1,"") -> 4 | B25: Eventuale revisione del processo | H25: =IF(I25<>"",H24+1,"")
A27: INDICATORI DI RISULTATO
A28: Indici di Efficacia | G28: ATTESO | I28: RAGGIUNTO | K28: Scost. | M28: 2027 | N28: 2028
A31: Indici di Efficacia Temporale | G31: ATTESO | I31: RAGGIUNTO | K31: Scost. | M31: 2027 | N31: 2028
A32: % rispetto dei tempi di accettazione della fattura | G32: 1
A33: % rispetto dei termini per l'emissione degli atti di liquidazione | G33: 1
A34: % rispetto dei termini per l'emissione dei mandati | G34: 1
A36: Indici di Efficienza | G36: ATTESO | I36: RAGGIUNTO | K36: Scost. | M36: 2027 | N36: 2028
A37: Tempo medio pagamenti per Area | G37: 30
A41: Indici di Qualità | G41: ATTESO | I41: RAGGIUNTO | K41: Scost. | M41: 2027 | N41: 2028
A45: CRONOPROGRAMMA
A46: FASI E TEMPI | C46: Gennaio | D46: Febbraio | E46: Marzo | F46: Aprile | G46: Maggio | H46: Giugno | I46: Luglio | J46: Agosto | K46: Settembre | L46: Ottobre | M46: Novembre | N46: Dicembre
A47: =IF(A22>0,A22,"") -> 1 | C47: X | D47: x | E47: x | F47: x | G47: x | H47: x | I47: x | J47: x | K47: x | L47: x | M47: x | N47: x
A49: =IF(A23>0,A23,"") -> 2 | C49: X | D49: x | E49: x | F49: x | G49: x | H49: x | I49: x | J49: x | K49: x | L49: x | M49: x | N49: x
A51: =IF(A24>0,A24,"") -> 3 | E51: X | H51: X | K51: X | N51: X
A53: =IF(A25>0,A25,"") -> 4 | F53: X | G53: X | H53: X | I53: X | J53: X | K53: X | L53: X | M53: X | N53: X
A55: =IF(H22>0,H22,"")
A57: =IF(H23>0,H23,"")
A59: =IF(H24>0,H24,"")
A61: =IF(H25>0,H25,"")
A65: PERSONALE COINVOLTO NELL'OBIETTIVO
A66: Aree | B66: Cognome e Nome | M66: % Partecipazione
B67: TUTTE LE PO/EQ e segretario c.le | M67: 0.8
A68: Istruttori ex C | B68: Scomazzon Elisa | M68: 0.05
A69: Istruttori ex C | B69: Stefania | M69: 0.05
A70: Istruttori ex C | B70: Franco | M70: 0.05
A71: Istruttori ex C | B71: Orlando Fabio | M71: 0.05
IQ65484: DES | IR65484: TYP | IS65484: ATT | IT65484: VA | IU65484: ADD
IQ65485: =#REF!&#REF! -> #REF! | IR65485: =$A$14 -> 0 | IS65485: =$B$22&" - "&$B$23&" - "&$B$24&" - "&$B$25&" - "&$I$22&" - "&$I$23&" - "&$I$24&" - "&$I$25 -> Analisi scostamenti dai tempi di pagamento - Coordinamento tra aree/settori per migliorare la gestione delle tempistiche - Controllo e pubblicazione trimestrale dell'andamento dei pagamenti - Eventuale revisione del processo - - - - | IT65485: =#REF!&": "&#REF!&" - "&#REF!&": "&#REF!&" - "&$A$31&": "&$I$31&" - "&$A$32&": "&$I$32&" - "&#REF!&": "&#REF!&" - "&$A$34&": "&$I$34&" - "&$A$36&": "&$I$36&" - "&$A$37&": "&$I$37&" - "&#REF!&": "&#REF!&" - "&$A$40&": "&$I$40&" - "&$A$41&": "&$I$41&" - "&$A$42&": "&$I$42&" - "&$A$43&": "&$I$43 -> #REF! | IU65485: =#REF! -> #REF!

Sheet Obj_5 vigilanza
A1: Obiettivo gestionale n°5
A3: Indirizzo Strategico DUP n 5 | I3: Missione __
A4: Obj Operativo DUP n 5 | I4: Programma ____
A6: Centro di Responsabilità: | E6: SETTORE VIGILANZA Commercio e Polizia Locale | I6: TEMPI :
I7: 2026 | K7: 2027 | M7: 2028
A8: Altri Centri di Responsabilità coinvolti: | I8: X
A9: Titolo Obiettivo gestionale PEG/PERFORMANCE | C9: Commercio su aree pubbliche: riqualificazione del “Mercato settimanale del martedì”.
A11: Descrizione obiettivo | C11: L’obiettivo riguarda la riqualificazione complessiva e lo spostamento del mercato settimanale comunale, finalizzati a migliorare l’assetto urbano, la sicurezza, la funzionalità degli spazi e l’organizzazione delle attività commerciali su area pubblica. La prima parte del progetto, avviato nell’anno 2025, si è conclusa nel mese di dicembre u.s. con la predisposizione e l'invio agli operatori su aree pubbliche interessati delle convocazioni per la scelta dei nuovi posteggi. La fase finale dell’intervento, da concludersi nell'anno 2026, prevede il completamento delle seguenti azioni operative e amministrative: - assegnazione dei nuovi spazi agli operatori del mercato; - ritiro delle autorizzazioni e concessioni in essere e relativo aggiornamento delle stesse; - realizzazione della demarcazione dei nuovi posteggi (organizzata dal settore LL.PP. e Manutentivo); - spostamento operativo degli ambulanti nei nuovi spazi; - inserimento delle variazioni nella banca dati regionale e trasmissione dei dati aggiornati a ABACO SpA e CISA Ciriè. Il completamento delle suddette attività consentirà la piena attuazione del nuovo assetto del mercato settimanale.
A25: 1 | B25: Assegnazione dei nuovi posteggi "Mercato" e "Fiera" agli ambulanti
A26: 2 | B26: Ritiro delle autorizzazioni e concessioni per l'aggiornamento e successiva riconsegna agli interessati
A27: 3 | B27: Demarcazione dei nuovi posteggi (Settore LL.PP. E Manutentivo)
A28: 4 | B28: Spostamento degli operatori su aree pubblicje nei nuovi spazi
A29: 5 | B29: inserimento delle variazioni nella banca dati regionale e trasmissione dei dati aggiornati a ABACO SpA e CISA Ciriè
A30: INDICATORI DI RISULTATO
A31: Indicatori di Efficacia Quantitativa | I31: ATTESO 2026 | K31: RAGGIUNTO 2026 | M31: Scostamento
A35: Indicatori Temporali | I35: ATTESO 2026 | K35: RAGGIUNTO 2026 | M35: Scostamento
A36: Assegnazione dei nuovi posteggi "Mercato" e "Fiera" agli ambulanti | I36: Entro il 31/01/2026
A37: Ritiro delle autorizzazioni e concessioni per l'aggiornamento e successiva riconsegna agli interessati | I37: Entro il 30/04/2026
A38: Demarcazione dei nuovi posteggi (Settore LL.PP. E Manutentivo) | I38: Entro il 30/04/2026
A39: Spostamento degli operatori su aree pubbliche nei nuovi spazi | I39: Entro il 30/05/2026
A40: inserimento delle variazioni nella banca dati regionale e trasmissione dei dati aggiornati a ABACO SpA e CISA Ciriè | I40: Entro il 30/09/2026
A41: Indicatori di Efficienza | I41: ATTESO 2026 | K41: RAGGIUNTO 2026 | M41: Scostamento
A44: Indici di Efficacia Qualitativa | I44: ATTESO 2026 | K44: RAGGIUNTO 2026 | M44: Scostamento
A48: CRONOPROGRAMMA
A49: FASI E TEMPI | C49: Gennaio | D49: Febbraio | E49: Marzo | F49: Aprile | G49: Maggio | H49: Giugno | I49: Luglio | J49: Agosto | K49: Settembre | L49: Ottobre | M49: Novembre | N49: Dicembre
A50: 1 | C50: x
A52: 2 | D52: X | E52: x | F52: x
A54: 3 | D54: X | E54: X | F54: x
A56: 4 | G56: X
A68: 5 | H68: X | I68: X | J68: X | K68: X
A70: MEDIA VALORE RAGGIUNTO % | H70: MEDIA VALORE RAGGIUNTO %
A71: MEDIA RISPETTO DEI TEMPI % | H71: MEDIA RISPETTO DEI TEMPI %
A73: Analisi degli scostamenti | H73: Analisi degli scostamenti
A74: Cause | H74: Cause
A77: Effetti | H77: Effetti
A80: Provvedimenti correttivi | H80: Provvedimenti correttivi
A81: Intrapresi | H81: Intrapresi
A84: Da attivare | H84: Da attivare
A91: PERSONALE COINVOLTO NELL'OBIETTIVO
A92: Cat. | B92: Cognome e Nome | G92: % tempo dedicato
A93: Cat.D | B93: Vice Commissario di P.L. Torreno Rossana | G93: 0.25
A94: Cat. C | B94: Agente di P.L. Perotti Cinzia | G94: 0.25
A95: Cat. C | B95: Istruttore amm.vo Colombo Stefania | G95: 0.5
A104: =COUNTA(B93:F103) -> 3
A106: RISORSE AGGIUNTIVE UTILIZZATE
A107: Tipologia | E107: Descrizione | M107: Costo
A114: COSTO COMPLESSIVO DELL'OBIETTIVO
A117: RISORSE AGGIUNTIVE ai sensi del comma 5 art. 15 CCNL 1.4.1999
A118: 7 CRITERI ARAN
A119: Prima condizione: più risorse per il fondo in cambio di maggiori servizi | E119: Descrizione nuovo servizio oppure Descrizione del miglioramento quali-quantitativo dei servizi, concreto, tangibile e verificabile:
A121: Seconda condizione: non generici miglioramenti dei servizi ma concreti risultati | E121: Descrizione del fatto “verificabile e chiaramente percepibile dall’utenza di riferimento:
A123: Terza condizione: risultati verificabili attraverso standard, indicatori e/o attraverso i giudizi espressi dall’utenza. | E123: Descrizione standard di miglioramento:
A125: Quarta condizione: risultati difficili che possono essere conseguiti attraverso un ruolo attivo e determinante del personale interno. | E125: Descrizione del ruolo importante del personale nel loro conseguimento
A127: Quinta condizione: risorse quantificate secondo criteri trasparenti e ragionevoli, analiticamente illustrati nella relazione da allegare al contratto decentrato. | E127: Modalità di quantificazione delle risorse
A129: Sesta condizione: risorse rese disponibili solo a consuntivo, dopo aver accertato i risultati. | E129: Descrizione del processo di valutazione e delle tempistiche | H129: La Giunta con Delibera n. xx del xx/xx/20xx ha approvato il Piano della Performance. Con Delibera n. xx del xx/xx/20xx sono stati previsti xx € per finanziare il raggiungimento del presente obiettivo. L'obiettivo sarà valutato a consuntivo dal NIV/OIV e le relative risorse saranno rese disponibili e liquidate solo dopo tale valutazione. Nella delibera è stato deciso dalla Giunta che se l'obiettivo è raggiunto al 90% vengono rese disponibili tutte le risorse, con un raggiungimento tra 89,99 e 70% vengono rese disponibili risorse in maniera direttamente proporzionale. Sotto un raggiungimento del 70% non verrà distribuita alcuna risorsa e le risorse confluiscono nel bilancio dell'Ente
A131: Settima condizione: risorse previste nel bilancio annuale e nel PEG. | E131: Verifica delle disponibilità finanziarie dell’Amministrazione ai fini della copertura delle risorse di cui all'art.15 comma 5 | L131: La costituzione del fondo per le risorse decentrate risulta compatibile con i vincoli in tema di contenimento della spesa del personale ? SI NO
L132: L'Ente ha rispettato il Patto di Stabilità dell'anno precedente e risulta attualmente in linea con il rispetto delle regole del Patto dell'anno in corso? SI NO
L133: L’Ente versa in condizioni deficitarie? SI NO
IQ65450: DES | IR65450: TYP | IS65450: ATT | IT65450: VA | IU65450: ADD
IQ65451: =#REF!&$C$9 -> #REF! | IR65451: =#REF! -> #REF! | IS65451: =$B$25&" - "&$B$26&" - "&$B$29&" - "&$I$29&" - "&#REF!&" - "&#REF!&" - "&#REF!&" - "&#REF! -> #REF! | IT65451: =$A$32&": "&$I$32&" - "&#REF!&": "&#REF!&" - "&#REF!&": "&#REF!&" - "&#REF!&": "&#REF!&" - "&#REF!&": "&#REF!&" - "&#REF!&": "&#REF!&" - "&#REF!&": "&#REF!&" - "&$A$35&": "&$I$35&" - "&$A$36&": "&$I$36&" - "&#REF!&": "&#REF!&" - "&#REF!&": "&#REF!&" - "&#REF!&": "&#REF!&" - "&#REF!&": "&#REF! -> #REF! | IU65451: =#REF! -> #REF!

Sheet Obj_6 vigilanza
A1: Obiettivo gestionale n 6
A3: Indirizzo Strategico DUP n. 6 | I3: Missione __
A4: Obj Operativo DUP n. 6 | I4: Programma ____
A6: Centro di Responsabilità: | E6: SETTORE VIGILANZA Polizia Locale | I6: TEMPI :
I7: 2026 | K7: 2027 | M7: 2028
A8: Altri Centri di Responsabilità coinvolti: | I8: X | K8: X | M8: X
A9: Titolo Obiettivo gestionale PEG/PERFORMANCE | C9: Presidio del territorio e presenza della Polizia Locale durante le manifestazioni.
A11: Descrizione obiettivo | C11: L’obiettivo è finalizzato a garantire un efficace presidio del territorio comunale e un’adeguata presenza della Polizia Locale in occasione delle manifestazioni, con particolare riferimento a quelle svolte in giornata festiva e/o in orario serale, al fine di assicurare la sicurezza urbana, la tutela dell’incolumità pubblica e il regolare svolgimento degli eventi. L’attività prevede l’organizzazione e l’impiego del personale della Polizia Locale mediante servizi mirati di vigilanza, controllo e supporto alla viabilità, anche attraverso la rimodulazione degli orari di servizio e l’attivazione di turnazioni straordinarie, in coerenza con le esigenze operative e con il calendario delle iniziative programmate dall’Amministrazione. In particolare, l’obiettivo si articola nelle seguenti azioni: - rafforzamento del pattugliamento del territorio comunale per prevenire episodi di microcriminalità, abbandono rifiuti e tutela del bene urbano; - presenza e vigilanza durante manifestazioni, eventi pubblici e iniziative di aggregazione, inclusi servizi di viabilità e gestione della sicurezza stradale nelle aree interessate; - supporto organizzativo agli eventi in coordinamento con gli altri servizi comunali e le forze dell’ordine. Il raggiungimento dell’obiettivo contribuirà a rafforzare la percezione di sicurezza della cittadinanza, a garantire il corretto svolgimento delle manifestazioni e a valorizzare il ruolo della Polizia Locale quale presidio di prossimità e sicurezza urbana.
A25: 1 | B25: Rafforzamento del pattugliamento del territorio
A26: 2 | B26: Presenza e vigilanza durante le manifestazioni (con particolare riferimento a quelle svolte in giornata festiva e/o in orario serale)
A27: 3 | B27: Supporto organizzativo agli eventi
A28: 4
A30: INDICATORI DI RISULTATO
A31: Indicatori di Efficacia Quantitativa | I31: ATTESO 2026 | K31: RAGGIUNTO 2026 | M31: Scostamento
A32: Rafforzamento pattugliamento del territorio | I32: n.60
A33: Presenza e vigilanza durante le manifestazioni (con particolare riferimento a quelle svolte in giornata festiva e/o in orario serale) | I33: n.15
A34: Supporto organizzativo agli eventi | I34: n.25
A39: Indicatori Temporali | I39: ATTESO 2026 | K39: RAGGIUNTO 2026 | M39: Scostamento
A40: Rafforzamento pattugliamento del territorio | I40: Entro il 31/12/2026
A41: Presenza e vigilanza durante le manifestazioni (con particolare riferimento a quelle svolte in giornata festiva e/o in orario serale) | I41: Entro il 31/12/2026
A42: Supporto organizzativo agli eventi | I42: Entro il 31/12/2026
A44: Indicatori di Efficienza | I44: ATTESO 2026 | K44: RAGGIUNTO 2026 | M44: Scostamento
A47: Indici di Efficacia Qualitativa | I47: ATTESO 2026 | K47: RAGGIUNTO 2026 | M47: Scostamento
A49: CRONOPROGRAMMA
A50: FASI E TEMPI | C50: Gennaio | D50: Febbraio | E50: Marzo | F50: Aprile | G50: Maggio | H50: Giugno | I50: Luglio | J50: Agosto | K50: Settembre | L50: Ottobre | M50: Novembre | N50: Dicembre
A51: 1 | C51: x | D51: x | E51: x | F51: x | G51: X | H51: X | I51: x | J51: x | K51: X | L51: X | M51: X | N51: X
A53: 2 | C53: x | D53: x | E53: x | F53: x | G53: x | H53: x | I53: x | K53: x | L53: x | M53: x | N53: x
A55: 3 | C55: x | D55: x | E55: x | F55: x | G55: x | H55: x | I55: x | J55: x | K55: x | L55: x | M55: x | N55: x
A57: 4
A71: MEDIA VALORE RAGGIUNTO % | H71: MEDIA VALORE RAGGIUNTO %
A72: MEDIA RISPETTO DEI TEMPI % | H72: MEDIA RISPETTO DEI TEMPI %
A74: Analisi degli scostamenti | H74: Analisi degli scostamenti
A75: Cause | H75: Cause
A78: Effetti | H78: Effetti
A81: Provvedimenti correttivi | H81: Provvedimenti correttivi
A82: Intrapresi | H82: Intrapresi
A85: Da attivare | H85: Da attivare
A102: MEDIA VALORE RAGGIUNTO % | H102: MEDIA VALORE RAGGIUNTO %
A103: MEDIA RISPETTO DEI TEMPI % | H103: MEDIA RISPETTO DEI TEMPI %
A105: Analisi degli scostamenti | H105: Analisi degli scostamenti
A106: Cause | H106: Cause
... A116: Da attivare | H116: Da attivare
A123: PERSONALE COINVOLTO NELL'OBIETTIVO
A124: Cat. | B124: Cognome e Nome | G124: % tempo dedicato
A125: Cat.D-PO | B125: Commissario di P.L. Airola Flavio | G125: 0.4
A126: Cat. C | B126: Vice Commissario di P.L. Torreno Rossana | G126: 0.3
A127: Cat. C | B127: Agente di P.L. Perotti Cinzia | G127: 0.3
A136: =COUNTA(B125:F135) -> 3
A138: RISORSE AGGIUNTIVE UTILIZZATE
A139: Tipologia | E139: Descrizione | M139: Costo
A146: COSTO COMPLESSIVO DELL'OBIETTIVO
A149: RISORSE AGGIUNTIVE ai sensi del comma 5 art. 15 CCNL 1.4.1999
A150: 7 CRITERI ARAN
A151: Prima condizione: più risorse per il fondo in cambio di maggiori servizi | E151: Descrizione nuovo servizio oppure Descrizione del miglioramento quali-quantitativo dei servizi, concreto, tangibile e verificabile:
A153: Seconda condizione: non generici miglioramenti dei servizi ma concreti risultati | E153: Descrizione del fatto “verificabile e chiaramente percepibile dall’utenza di riferimento:
A155: Terza condizione: risultati verificabili attraverso standard, indicatori e/o attraverso i giudizi espressi dall’utenza. | E155: Descrizione standard di miglioramento:
A157: Quarta condizione: risultati difficili che possono essere conseguiti attraverso un ruolo attivo e determinante del personale interno. | E157: Descrizione del ruolo importante del personale nel loro conseguimento
A159: Quinta condizione: risorse quantificate secondo criteri trasparenti e ragionevoli, analiticamente illustrati nella relazione da allegare al contratto decentrato. | E159: Modalità di quantificazione delle risorse
A161: Sesta condizione: risorse rese disponibili solo a consuntivo, dopo aver accertato i risultati. | E161: Descrizione del processo di valutazione e delle tempistiche | H161: La Giunta con Delibera n. xx del xx/xx/20xx ha approvato il Piano della Performance. Con Delibera n. xx del xx/xx/20xx sono stati previsti xx € per finanziare il raggiungimento del presente obiettivo. L'obiettivo sarà valutato a consuntivo dal NIV/OIV e le relative risorse saranno rese disponibili e liquidate solo dopo tale valutazione. Nella delibera è stato deciso dalla Giunta che se l'obiettivo è raggiunto al 90% vengono rese disponibili tutte le risorse, con un raggiungimento tra 89,99 e 70% vengono rese disponibili risorse in maniera direttamente proporzionale. Sotto un raggiungimento del 70% non verrà distribuita alcuna risorsa e le risorse confluiscono nel bilancio dell'Ente
A163: Settima condizione: risorse previste nel bilancio annuale e nel PEG. | E163: Verifica delle disponibilità finanziarie dell’Amministrazione ai fini della copertura delle risorse di cui all'art.15 comma 5 | L163: La costituzione del fondo per le risorse decentrate risulta compatibile con i vincoli in tema di contenimento della spesa del personale ? SI NO
L164: L'Ente ha rispettato il Patto di Stabilità dell'anno precedente e risulta attualmente in linea con il rispetto delle regole del Patto dell'anno in corso? SI NO
L165: L’Ente versa in condizioni deficitarie? SI NO
IQ65482: DES | IR65482: TYP | IS65482: ATT | IT65482: VA | IU65482: ADD
IQ65483: =#REF!&$C$9 -> #REF! | IR65483: =#REF! -> #REF! | IS65483: =$B$25&" - "&$B$26&" - "&$B$29&" - "&$I$29&" - "&#REF!&" - "&#REF!&" - "&#REF!&" - "&#REF! -> #REF! | IT65483: =$A$32&": "&$I$32&" - "&#REF!&": "&#REF!&" - "&#REF!&": "&#REF!&" - "&#REF!&": "&#REF!&" - "&#REF!&": "&#REF!&" - "&#REF!&": "&#REF!&" - "&$A$34&": "&$I$34&" - "&$A$39&": "&$I$39&" - "&$A$40&": "&$I$40&" - "&#REF!&": "&#REF!&" - "&#REF!&": "&#REF!&" - "&#REF!&": "&#REF!&" - "&#REF!&": "&#REF! -> #REF! | IU65483: =#REF! -> #REF!

Sheet Obj_7 vigilanza
A1: Obiettivo gestionale n° 7
A3: Indirizzo Strategico DUP n 7 | I3: Missione __
A4: Obj Operativo DUP n 7 | I4: Programma ____
A6: Centro di Responsabilità: | E6: SETTORE VIGILANZA Polizia Locale | I6: TEMPI :
I7: 2026 | K7: 2027 | M7: 2028
A8: Altri Centri di Responsabilità coinvolti: | I8: X
A9: Titolo Obiettivo gestionale PEG/PERFORMANCE | C9: Controllo dell’adempimento dell’obbligo formativo triennale dei titolari o delegati degli esercizi di somministrazione di alimenti e bevande ai sensi della L.R. 29/12/2006, n. 38, e ss.mm.ii.
A11: Descrizione obiettivo | C11: L’obiettivo è finalizzato a garantire il rispetto dell’obbligo di formazione professionale triennale previsto dalla Legge Regionale Piemonte n. 38/2006 per i titolari o loro delegati degli esercizi di somministrazione di alimenti e bevande, attraverso attività sistematiche di controllo, verifica documentale, aggiornamento delle banche dati regionali e, ove necessario, l’adozione dei conseguenti provvedimenti sanzionatori. L’azione mira a rafforzare la legalità amministrativa, la tutela del consumatore e il corretto esercizio dell’attività commerciale, assicurando nel contempo l’allineamento dei dati comunali con la banca dati regionale. Azioni previste - pianificazione dell’attività di controllo; - individuazione degli esercizi soggetti all’obbligo formativo e richiesta ai titolati degli attestati di frequenza ai corsi; - controllo della validità temporale degli attestati, e contestuale verifica della conformità dei corsi frequentati ai requisiti previsti dalla normativa regionale; - accertamento della corrispondenza tra soggetto formato e soggetto esercente l’attività. - accertamento, verbalizzazione e notificazione delle violazioni ai soggetti inadempienti, ai sensi della L.R. 38/2006; gestione di eventuali ricorsi ed emissione, nei casi previsti, delle Ordinanze di cui all’articolo 18 della legge n.689/1981. - inserimento e/o aggiornamento dei dati relativi alla formazione nel database regionale di riferimento. Risultato atteso: Riduzione delle situazioni di irregolarità attraverso azioni di controllo e prevenzione.
A25: 1 | B25: Pianificazione attività, individuazione degli esercizi pubblici soggetti all'obbligo formativo e richiesta degli attestati di frequenza
A26: 2 | B26: Controllo validità attestati e verifiche conformità dei corsi frequentati
A27: 3 | B27: Accertamento, verbalizzazione e notificazione delle violazioni, gestione ricorsi, Ordinanze L.689/1981
A28: 4 | B28: Inserimento dati nel database regionale
A29: INDICATORI DI RISULTATO
A30: Indicatori di Efficacia Quantitativa | I30: ATTESO 2026 | K30: RAGGIUNTO 2026 | M30: Scostamento
A31: Pianificazione attività, individuazione degli esercizi pubblici soggetti all'obbligo formativo e richiesta degli attestati di frequenza | I31: n.15
A32: Controllo validità attestati e verifiche conformità dei corsi frequentati | I32: n.15
A33: Accertamento, verbalizzazione e notificazione delle violazioni, gestione ricorsi, Ordinanze L. 689/1981 | I33: n.2
A34: Inserimento dati nel database regionale | I34: n.15
A35: Indicatori Temporali | I35: ATTESO 2026 | K35: RAGGIUNTO 2026 | M35: Scostamento
A36: Pianificazione attività, individuazione degli esercizi pubblici soggetti all'obbligo formativo e richiesta degli attestati di frequenza | I36: Entro il 31/03/2026
A37: Controllo validità attestati e verifiche conformità dei corsi frequentati | I37: Entro il 30/05/2026
A38: Accertamento, verbalizzazione e notificazione delle violazioni, gestione ricorsi, Ordinanze L. 689/1981 | I38: Entro il 30/09/2026
A39: Inserimento dati nella relativa banca dati | I39: Entro il 30/09/2026
A40: Indicatori di Efficienza | I40: ATTESO 2026 | K40: RAGGIUNTO 2026 | M40: Scostamento
A43: Indici di Efficacia Qualitativa | I43: ATTESO 2026 | K43: RAGGIUNTO 2026 | M43: Scostamento
A47: CRONOPROGRAMMA
A48: FASI E TEMPI | C48: Gennaio | D48: Febbraio | E48: Marzo | F48: Aprile | G48: Maggio | H48: Giugno | I48: Luglio | J48: Agosto | K48: Settembre | L48: Ottobre | M48: Novembre | N48: Dicembre
A49: 1 | C49: X | D49: x | E49: x
A51: 2 | E51: x | F51: x | G51: x
A53: 3 | G53: X | H53: X | I53: X | J53: X | K53: X
A55: 4 | G55: X | H55: X | I55: X | J55: X | K55: X
A69: MEDIA VALORE RAGGIUNTO % | H69: MEDIA VALORE RAGGIUNTO %
A70: MEDIA RISPETTO DEI TEMPI % | H70: MEDIA RISPETTO DEI TEMPI %
A72: Analisi degli scostamenti | H72: Analisi degli scostamenti
A73: Cause | H73: Cause
A76: Effetti | H76: Effetti
A79: Provvedimenti correttivi | H79: Provvedimenti correttivi
A80: Intrapresi | H80: Intrapresi
A83: Da attivare | H83: Da attivare
A90: PERSONALE COINVOLTO NELL'OBIETTIVO
A91: Cat. | B91: Cognome e Nome | G91: % tempo dedicato
A92: Cat.C | B92: Colombo Stefania | G92: 0.6
A93: Cat.D | B93: Torreno Rossana | G93: 0.3
A94: Cat. C | B94: Perotti Cinzia | G94: 0.3
A103: =COUNTA(B92:F102) -> 3
A105: RISORSE AGGIUNTIVE UTILIZZATE
A106: Tipologia | E106: Descrizione | M106: Costo
A113: COSTO COMPLESSIVO DELL'OBIETTIVO
A116: RISORSE AGGIUNTIVE ai sensi del comma 5 art. 15 CCNL 1.4.1999
A117: 7 CRITERI ARAN
A118: Prima condizione: più risorse per il fondo in cambio di maggiori servizi | E118: Descrizione nuovo servizio oppure Descrizione del miglioramento quali-quantitativo dei servizi, concreto, tangibile e verificabile:
A120: Seconda condizione: non generici miglioramenti dei servizi ma concreti risultati | E120: Descrizione del fatto “verificabile e chiaramente percepibile dall’utenza di riferimento:
A122: Terza condizione: risultati verificabili attraverso standard, indicatori e/o attraverso i giudizi espressi dall’utenza. | E122: Descrizione standard di miglioramento:
A124: Quarta condizione: risultati difficili che possono essere conseguiti attraverso un ruolo attivo e determinante del personale interno. | E124: Descrizione del ruolo importante del personale nel loro conseguimento
A126: Quinta condizione: risorse quantificate secondo criteri trasparenti e ragionevoli, analiticamente illustrati nella relazione da allegare al contratto decentrato. | E126: Modalità di quantificazione delle risorse
A128: Sesta condizione: risorse rese disponibili solo a consuntivo, dopo aver accertato i risultati. | E128: Descrizione del processo di valutazione e delle tempistiche | H128: La Giunta con Delibera n. xx del xx/xx/20xx ha approvato il Piano della Performance. Con Delibera n. xx del xx/xx/20xx sono stati previsti xx € per finanziare il raggiungimento del presente obiettivo. L'obiettivo sarà valutato a consuntivo dal NIV/OIV e le relative risorse saranno rese disponibili e liquidate solo dopo tale valutazione. Nella delibera è stato deciso dalla Giunta che se l'obiettivo è raggiunto al 90% vengono rese disponibili tutte le risorse, con un raggiungimento tra 89,99 e 70% vengono rese disponibili risorse in maniera direttamente proporzionale. Sotto un raggiungimento del 70% non verrà distribuita alcuna risorsa e le risorse confluiscono nel bilancio dell'Ente
A130: Settima condizione: risorse previste nel bilancio annuale e nel PEG. | E130: Verifica delle disponibilità finanziarie dell’Amministrazione ai fini della copertura delle risorse di cui all'art.15 comma 5 | L130: La costituzione del fondo per le risorse decentrate risulta compatibile con i vincoli in tema di contenimento della spesa del personale ? SI NO
L131: L'Ente ha rispettato il Patto di Stabilità dell'anno precedente e risulta attualmente in linea con il rispetto delle regole del Patto dell'anno in corso? SI NO
L132: L’Ente versa in condizioni deficitarie? SI NO
IQ65449: DES | IR65449: TYP | IS65449: ATT | IT65449: VA | IU65449: ADD
IQ65450: =#REF!&$C$9 -> #REF! | IR65450: =#REF! -> #REF! | IS65450: =$B$25&" - "&$B$26&" - "&#REF!&" - "&#REF!&" - "&#REF!&" - "&#REF!&" - "&#REF!&" - "&#REF! -> #REF! | IT65450: =$A$31&": "&$I$31&" - "&#REF!&": "&#REF!&" - "&#REF!&": "&#REF!&" - "&#REF!&": "&#REF!&" - "&#REF!&": "&#REF!&" - "&#REF!&": "&#REF!&" - "&#REF!&": "&#REF!&" - "&$A$35&": "&$I$35&" - "&$A$36&": "&$I$36&" - "&#REF!&": "&#REF!&" - "&#REF!&": "&#REF!&" - "&#REF!&": "&#REF!&" - "&#REF!&": "&#REF! -> #REF! | IU65450: =#REF! -> #REF!

Sheet Obj_8_archivio
A1: Obiettivo gestionale n° 8
A3: Indirizzo Strategico DUP n. 8 | I3: Missione 1
A4: Obj Operativo DUP n. 8 | I4: Programma 01 - 10
A6: Centro di Responsabilità: | E6: AREA tecnica | I6: TEMPI :
I7: 2025 | K7: 2026 | M7: 2027
A8: Altri Centri di Responsabilità coinvolti: | K8: X
A9: Titolo Obiettivo gestionale PEG/PERFORMANCE | C9: Sistemazione archivio dell'ufficio cultura
A11: Descrizione obiettivo | C11: Nel corso dell'anno, per volontà dell'amministrazione comunale, sarà necessario l'archivio dell'ufficio cultura (delibere/determine/atti) presso il locale "ex immacolatine" (Ex Chiesa del convento)
A24: Descrizione delle fasi di attuazione:
A25: 1 | B25: Sistemazione archivio dell'ufficio cultura e tenuta di un registro
A30: INDICATORI DI RISULTATO
A31: Indicatori di Efficacia Quantitativa | I31: 2025 | K31: RAGGIUNTO 2025 | M31: Scostamento | O31: 2026 | Q31: RAGGIUNTO 2026 | S31: 2027 | U31: RAGGIUNTO 2027
A32: n. Scatole da sistemare | Q32: 384
A35: Indicatori Temporali | I35: 2025 | K35: RAGGIUNTO 2025 | M35: Scostamento | O35: 2026 | Q35: RAGGIUNTO 2026 | S35: 2027 | U35: RAGGIUNTO 2027
A36: sistemazione archivio dell'ufficio cultura e tenuta di un registro | S36: 46568
A41: Indicatori di Efficienza | I41: 2025 | K41: RAGGIUNTO 2025 | M41: Scostamento | O41: 2026 | Q41: RAGGIUNTO 2026 | S41: 2027 | U41: RAGGIUNTO 2027
A44: Indici di Efficacia Qualitativa | I44: 2025 | K44: RAGGIUNTO 2025 | M44: Scostamento | O44: 2026 | Q44: RAGGIUNTO 2026 | S44: 2027 | U44: RAGGIUNTO 2027
A48: CRONOPROGRAMMA
A49: FASI E TEMPI | C49: Gennaio | D49: Febbraio | E49: Marzo | F49: Aprile | G49: Maggio | H49: Giugno | I49: Luglio | J49: Agosto | K49: Settembre | L49: Ottobre | M49: Novembre | N49: Dicembre
A50: 1 (2026) | C50: x | D50: x | E50: x | F50: x | G50: x | H50: x
A52: 1 (2027) | C52: x | D52: x | E52: x | F52: x | G52: x | H52: x
A70: MEDIA VALORE RAGGIUNTO % | H70: MEDIA VALORE RAGGIUNTO %
A71: MEDIA RISPETTO DEI TEMPI % | H71: MEDIA RISPETTO DEI TEMPI %
A73: Analisi degli scostamenti | H73: Analisi degli scostamenti
A74: Cause | H74: Cause
A77: Effetti | H77: Effetti
A80: Provvedimenti correttivi | H80: Provvedimenti correttivi
A81: Intrapresi | H81: Intrapresi
A84: Da attivare | H84: Da attivare
A88: PERSONALE COINVOLTO NELL'OBIETTIVO
A89: Area | B89: Cognome e Nome | G89: % tempo dedicato
A90: Funzionari ex D | B90: Vincenzo Pugliese | G90: 1
A91: Operatori Esperti ex B5 | B91: Nardo Antonino | G91: 45
A92: Operatori Esperti ex B4 | B92: Massa Claudio | G92: 45
A93: Operatori Esperti ex B | B93: Benedetto Domenica | G93: 10
A94: Funzionari ex D | B94: Marino Francesca | G94: 1
A96: =COUNTA(B90:F95) -> 5
A98: RISORSE AGGIUNTIVE UTILIZZATE
A99: Tipologia | E99: Descrizione | M99: Costo
A106: COSTO COMPLESSIVO DELL'OBIETTIVO
A109: RISORSE AGGIUNTIVE ai sensi del comma 5 art. 15 CCNL 1.4.1999
A110: 7 CRITERI ARAN
A111: Prima condizione: più risorse per il fondo in cambio di maggiori servizi | E111: Descrizione nuovo servizio oppure Descrizione del miglioramento quali-quantitativo dei servizi, concreto, tangibile e verificabile:
A113: Seconda condizione: non generici miglioramenti dei servizi ma concreti risultati | E113: Descrizione del fatto “verificabile e chiaramente percepibile dall’utenza di riferimento:
A115: Terza condizione: risultati verificabili attraverso standard, indicatori e/o attraverso i giudizi espressi dall’utenza. | E115: Descrizione standard di miglioramento:
A117: Quarta condizione: risultati difficili che possono essere conseguiti attraverso un ruolo attivo e determinante del personale interno. | E117: Descrizione del ruolo importante del personale nel loro conseguimento
A119: Quinta condizione: risorse quantificate secondo criteri trasparenti e ragionevoli, analiticamente illustrati nella relazione da allegare al contratto decentrato. | E119: Modalità di quantificazione delle risorse
A121: Sesta condizione: risorse rese disponibili solo a consuntivo, dopo aver accertato i risultati. | E121: Descrizione del processo di valutazione e delle tempistiche | H121: La Giunta con Delibera n. xx del xx/xx/20xx ha approvato il Piano della Performance. Con Delibera n. xx del xx/xx/20xx sono stati previsti xx € per finanziare il raggiungimento del presente obiettivo. L'obiettivo sarà valutato a consuntivo dal NIV/OIV e le relative risorse saranno rese disponibili e liquidate solo dopo tale valutazione. Nella delibera è stato deciso dalla Giunta che se l'obiettivo è raggiunto al 90% vengono rese disponibili tutte le risorse, con un raggiungimento tra 89,99 e 70% vengono rese disponibili risorse in maniera direttamente proporzionale. Sotto un raggiungimento del 70% non verrà distribuita alcuna risorsa e le risorse confluiscono nel bilancio dell'Ente
A123: Settima condizione: risorse previste nel bilancio annuale e nel PEG. | E123: Verifica delle disponibilità finanziarie dell’Amministrazione ai fini della copertura delle risorse di cui all'art.15 comma 5 | L123: La costituzione del fondo per le risorse decentrate risulta compatibile con i vincoli in tema di contenimento della spesa del personale ? SI NO
L124: L'Ente ha rispettato il Patto di Stabilità dell'anno precedente e risulta attualmente in linea con il rispetto delle regole del Patto dell'anno in corso? SI NO
L125: L’Ente versa in condizioni deficitarie? SI NO
IS65442: DES | IT65442: TYP | IU65442: ATT | IV65442: VA | IW65442: ADD
IS65443: =#REF!&$C$9 -> #REF! | IT65443: =#REF! -> #REF! | IU65443: =$B$26&" - "&$B$25&" - "&$B$29&" - "&$I$29&" - "&#REF!&" - "&#REF!&" - "&#REF!&" - "&#REF! -> #REF! | IV65443: =$A$32&": "&$I$32&" - "&#REF!&": "&#REF!&" - "&#REF!&": "&#REF!&" - "&#REF!&": "&#REF!&" - "&#REF!&": "&#REF!&" - "&#REF!&": "&#REF!&" - "&$A$34&": "&$I$34&" - "&$A$35&": "&$I$35&" - "&$A$36&": "&$I$36&" - "&#REF!&": "&#REF!&" - "&#REF!&": "&#REF!&" - "&#REF!&": "&#REF!&" - "&#REF!&": "&#REF! -> #REF! | IW65443: =#REF! -> #REF!

Sheet Obj_9 chiavi
A1: Obiettivo gestionale n° 9
A3: Indirizzo Strategico DUP n. 9 | I3: Missione 1
A4: Obj Operativo DUP n. 22 | I4: Programma 01 - 10
A6: Centro di Responsabilità: | E6: AREA tecnica/AREA Ragioneria | I6: TEMPI :
I7: 2026 | K7: 2027 | M7: 2028
A8: Altri Centri di Responsabilità coinvolti: | I8: X
A9: Titolo Obiettivo gestionale PEG/PERFORMANCE | C9: Riordino delle chiavi degli immobili comunali, quadri elettrici e manufatti
A11: Descrizione obiettivo | C11: Al fine i riordinare il patrimonio di chiavi dei vari immobilili comunali, quadri elettrici e manufatti, nel corso dell'anno occorrerà realizzare una "bacheca" di tutte le chiavi e per ogni edificio un vademecum per l'utilizzo della struttura corredata da un archivio fotografico e delle varie utenze
A24: Descrizione delle fasi di attuazione:
A25: 1 | B25: Raccolta chiavi
A26: 2 | B26: Vademecun con archivio fotografico
A27: 3 | B27: Realizzazione "bacheca"
A30: INDICATORI DI RISULTATO
A31: Indicatori di Efficacia Quantitativa | I31: ATTESO 2026 | K31: RAGGIUNTO 2026 | M31: Scostamento | O31: 2027 | Q31: RAGGIUNTO | S31: 2028 | U31: RAGGIUNTO 2028
A35: Indicatori Temporali | I35: ATTESO 2026 | K35: RAGGIUNTO 2026 | M35: Scostamento | O35: 2027 | Q35: RAGGIUNTO | S35: 2028 | U35: RAGGIUNTO 2028
A36: Realizzazione "bacheca" | I36: Entro 31/12/2026
A42: Indicatori di Efficienza | I42: ATTESO 2026 | K42: RAGGIUNTO 2026 | M42: Scostamento | O42: 2027 | Q42: RAGGIUNTO | S42: 2028 | U42: RAGGIUNTO 2028
A45: Indici di Efficacia Qualitativa | I45: ATTESO 2026 | K45: RAGGIUNTO 2026 | M45: Scostamento | O45: 2027 | Q45: RAGGIUNTO | S45: 2028 | U45: RAGGIUNTO 2028
A49: CRONOPROGRAMMA
A50: FASI E TEMPI | C50: Gennaio | D50: Febbraio | E50: Marzo | F50: Aprile | G50: Maggio | H50: Giugno | I50: Luglio | J50: Agosto | K50: Settembre | L50: Ottobre | M50: Novembre | N50: Dicembre
A51: 1 | C51: x | D51: x | E51: x | F51: x | G51: x | H51: x | I51: x | J51: x | K51: x | L51: x | M51: x | N51: x
A71: MEDIA VALORE RAGGIUNTO % | H71: MEDIA VALORE RAGGIUNTO %
A72: MEDIA RISPETTO DEI TEMPI % | H72: MEDIA RISPETTO DEI TEMPI %
A74: Analisi degli scostamenti | H74: Analisi degli scostamenti
A75: Cause | H75: Cause
A78: Effetti | H78: Effetti
A81: Provvedimenti correttivi | H81: Provvedimenti correttivi
A82: Intrapresi | H82: Intrapresi
A85: Da attivare | H85: Da attivare
A89: PERSONALE COINVOLTO NELL'OBIETTIVO
A90: Area | B90: Cognome e Nome | G90: % tempo dedicato
A91: Funzionari ex D | B91: Vincenzo Pugliese
A92: Istruttori ex C | B92: PERRE MARIA | G92: 30
A93: Istruttori ex C | B93: Micheletta Gina Marco | G93: 10
A94: Operatori Esperti ex B5 | B94: Nardo Antonino | G94: 20
A95: Operatori Esperti ex B4 | B95: Massa Claudio | G95: 20
A96: Operatori Esperti ex B1 | B96: Remondetti Framcesco | G96: 20
A97: =COUNTA(B91:F96) -> 6
A99: RISORSE AGGIUNTIVE UTILIZZATE
A100: Tipologia | E100: Descrizione | M100: Costo
A107: COSTO COMPLESSIVO DELL'OBIETTIVO | M107: 100
A110: RISORSE AGGIUNTIVE ai sensi del comma 5 art. 15 CCNL 1.4.1999
A111: 7 CRITERI ARAN
A112: Prima condizione: più risorse per il fondo in cambio di maggiori servizi | E112: Descrizione nuovo servizio oppure Descrizione del miglioramento quali-quantitativo dei servizi, concreto, tangibile e verificabile:
A114: Seconda condizione: non generici miglioramenti dei servizi ma concreti risultati | E114: Descrizione del fatto “verificabile e chiaramente percepibile dall’utenza di riferimento:
A116: Terza condizione: risultati verificabili attraverso standard, indicatori e/o attraverso i giudizi espressi dall’utenza. | E116: Descrizione standard di miglioramento:
A118: Quarta condizione: risultati difficili che possono essere conseguiti attraverso un ruolo attivo e determinante del personale interno. | E118: Descrizione del ruolo importante del personale nel loro conseguimento
A120: Quinta condizione: risorse quantificate secondo criteri trasparenti e ragionevoli, analiticamente illustrati nella relazione da allegare al contratto decentrato. | E120: Modalità di quantificazione delle risorse
A122: Sesta condizione: risorse rese disponibili solo a consuntivo, dopo aver accertato i risultati. | E122: Descrizione del processo di valutazione e delle tempistiche | H122: La Giunta con Delibera n. xx del xx/xx/20xx ha approvato il Piano della Performance. Con Delibera n. xx del xx/xx/20xx sono stati previsti xx € per finanziare il raggiungimento del presente obiettivo. L'obiettivo sarà valutato a consuntivo dal NIV/OIV e le relative risorse saranno rese disponibili e liquidate solo dopo tale valutazione. Nella delibera è stato deciso dalla Giunta che se l'obiettivo è raggiunto al 90% vengono rese disponibili tutte le risorse, con un raggiungimento tra 89,99 e 70% vengono rese disponibili risorse in maniera direttamente proporzionale. Sotto un raggiungimento del 70% non verrà distribuita alcuna risorsa e le risorse confluiscono nel bilancio dell'Ente
A124: Settima condizione: risorse previste nel bilancio annuale e nel PEG. | E124: Verifica delle disponibilità finanziarie dell’Amministrazione ai fini della copertura delle risorse di cui all'art.15 comma 5 | L124: La costituzione del fondo per le risorse decentrate risulta compatibile con i vincoli in tema di contenimento della spesa del personale ? SI NO
L125: L'Ente ha rispettato il Patto di Stabilità dell'anno precedente e risulta attualmente in linea con il rispetto delle regole del Patto dell'anno in corso? SI NO
L126: L’Ente versa in condizioni deficitarie? SI NO
IS65443: DES | IT65443: TYP | IU65443: ATT | IV65443: VA | IW65443: ADD
IS65444: =#REF!&$C$9 -> #REF! | IT65444: =#REF! -> #REF! | IU65444: =$B$26&" - "&$B$25&" - "&$B$29&" - "&$I$29&" - "&#REF!&" - "&#REF!&" - "&#REF!&" - "&#REF! -> #REF! | IV65444: =$A$32&": "&$I$32&" - "&#REF!&": "&#REF!&" - "&#REF!&": "&#REF!&" - "&#REF!&": "&#REF!&" - "&#REF!&": "&#REF!&" - "&#REF!&": "&#REF!&" - "&$A$34&": "&$I$34&" - "&$A$35&": "&$I$35&" - "&$A$36&": "&$I$36&" - "&#REF!&": "&#REF!&" - "&#REF!&": "&#REF!&" - "&#REF!&": "&#REF!&" - "&#REF!&": "&#REF! -> #REF! | IW65444: =#REF! -> #REF!

Sheet Obj_10_contratti di locazione
A1: Obiettivo gestionale n° 10
A3: Indirizzo Strategico DUP n. 10 | I3: Missione XX
A4: Obj Operativo DUP n. 10 | I4: Programma XX -XX
A6: Centro di Responsabilità: | E6: Ragioneria/Tributi/Segreteria /Tecnico | I6: TEMPI :
I7: 2026 | K7: 2027 | M7: 2028
A8: Altri Centri di Responsabilità coinvolti: | I8: X
A9: Titolo Obiettivo gestionale PEG/PERFORMANCE | C9: Verifica, adeguamento e regolarizzazione dei contratti di locazione in essere per gli stabili di proprietà comunale
A11: Descrizione obiettivo | C11: Il presente obiettivo intende realizzare una verifica, adeguamento e regolarizzazione dei contratti di locazione in essere per gli stabili di proprietà comunale
A24: Descrizione delle fasi di attuazione:
A25: 1 | B25: Verifica stato contratti e regolarità pagamenti
A26: 2 | B26: Trasmissione documentazione all'amministratore per riparto spese sino al 31/12/2025
A27: 3 | B27: Verifica stato immobili locati
A28: 4 | B28: Affidamento a nuovo amministratore
A29: 5 | B29: Regolarizzazione posizioni degli occupanti senza titolo e adeguamento contratti in scadenza
A30: INDICATORI DI RISULTATO
A31: Indicatori di Efficacia Quantitativa | I31: ATTESO 2026 | K31: RAGGIUNTO 2026 | M31: Scostamento | O31: 2027 | Q31: RAGGIUNTO | S31: 2028
A37: Indicatori Temporali | I37: ATTESO 2026 | K37: RAGGIUNTO 2026 | M37: Scostamento | O37: 2027 | Q37: RAGGIUNTO | S37: 2028
A38: Redazione prospetto per singoli locatari e occupanti | I38: Entro 30/07/2026
A39: Predisposizione contratti in scadenza nell'anno | I39: Entro 30/11/2026
A40: Comunicazioni dati all'amministratore per il riparto spese | I40: Entro 30/07/2026
A41: Nomina nuovo amministratore | I41: Entro 30/10/2026
A42: Verifica congiunta con CISS e uff anagrafe al fine di verificare le singole situazioni dei locatari | I42: Entro 30/11/2026
A43: Indicatori di Efficienza | I43: ATTESO 2026 | K43: RAGGIUNTO 2026 | M43: Scostamento | O43: 2027 | Q43: RAGGIUNTO | S43: 2028
A46: Indici di Efficacia Qualitativa | I46: ATTESO 2026 | K46: RAGGIUNTO 2026 | M46: Scostamento | O46: 2027 | Q46: RAGGIUNTO | S46: 2028
A50: CRONOPROGRAMMA
A51: FASI E TEMPI | C51: Gennaio | D51: Febbraio | E51: Marzo | F51: Aprile | G51: Maggio | H51: Giugno | I51: Luglio | J51: Agosto | K51: Settembre | L51: Ottobre | M51: Novembre | N51: Dicembre
A52: 1 | D52: x | E52: x | G52: X | H52: X | I52: X
A54: 2 | D54: x | E54: x | G54: X | H54: X | I54: X
A56: 3 | D56: X | E56: X | F56: X | G56: X | H56: X | I56: X | J56: X | K56: X | L56: X | M56: X
A58: 4 | D58: X | E58: X | F58: X | G58: X | H58: X | I58: X | J58: X | K58: X | L58: X
A60: 5 | J60: X | K60: X | L60: X | M60: X | N60: X
A62: MEDIA VALORE RAGGIUNTO % | H62: MEDIA VALORE RAGGIUNTO %
A63: MEDIA RISPETTO DEI TEMPI % | H63: MEDIA RISPETTO DEI TEMPI %
A65: Analisi degli scostamenti | H65: Analisi degli scostamenti
A66: Cause | H66: Cause
A69: Effetti | H69: Effetti
A72: Provvedimenti correttivi | H72: Provvedimenti correttivi
A73: Intrapresi | H73: Intrapresi
A76: Da attivare | H76: Da attivare
A80: PERSONALE COINVOLTO NELL'OBIETTIVO
A81: AREE | B81: Cognome e Nome | G81: % tempo dedicato
A82: RAG | B82: TOGLIATTO Franco | G82: 20
A83: Istruttori ex C | B83: Segretario Emanuela | G83: 5
A84: Istruttori ex C | B84: Scomazzon Elisa | G84: 5
A85: Funz. E.Q. | B85: Marino Francesca
A86: Funzionari ex D | B86: Collura Angela
A87: Funzionari ex D | B87: Negro Giuseppina
A88: Istruttori ex C | B88: Pelissa Giorgia | G88: 70
A93: =COUNTA(B82:F92) -> 7
A95: RISORSE AGGIUNTIVE UTILIZZATE
A96: Tipologia | E96: Descrizione | M96: Costo
A103: COSTO COMPLESSIVO DELL'OBIETTIVO
A106: RISORSE AGGIUNTIVE ai sensi del comma 5 art. 15 CCNL 1.4.1999
A107: 7 CRITERI ARAN
A108: Prima condizione: più risorse per il fondo in cambio di maggiori servizi | E108: Descrizione nuovo servizio oppure Descrizione del miglioramento quali-quantitativo dei servizi, concreto, tangibile e verificabile:
A110: Seconda condizione: non generici miglioramenti dei servizi ma concreti risultati | E110: Descrizione del fatto “verificabile e chiaramente percepibile dall’utenza di riferimento:
A112: Terza condizione: risultati verificabili attraverso standard, indicatori e/o attraverso i giudizi espressi dall’utenza. | E112: Descrizione standard di miglioramento:
A114: Quarta condizione: risultati difficili che possono essere conseguiti attraverso un ruolo attivo e determinante del personale interno. | E114: Descrizione del ruolo importante del personale nel loro conseguimento
A116: Quinta condizione: risorse quantificate secondo criteri trasparenti e ragionevoli, analiticamente illustrati nella relazione da allegare al contratto decentrato. | E116: Modalità di quantificazione delle risorse
A118: Sesta condizione: risorse rese disponibili solo a consuntivo, dopo aver accertato i risultati. | E118: Descrizione del processo di valutazione e delle tempistiche | H118: La Giunta con Delibera n. xx del xx/xx/20xx ha approvato il Piano della Performance. Con Delibera n. xx del xx/xx/20xx sono stati previsti xx € per finanziare il raggiungimento del presente obiettivo. L'obiettivo sarà valutato a consuntivo dal NIV/OIV e le relative risorse saranno rese disponibili e liquidate solo dopo tale valutazione. Nella delibera è stato deciso dalla Giunta che se l'obiettivo è raggiunto al 90% vengono rese disponibili tutte le risorse, con un raggiungimento tra 89,99 e 70% vengono rese disponibili risorse in maniera direttamente proporzionale. Sotto un raggiungimento del 70% non verrà distribuita alcuna risorsa e le risorse confluiscono nel bilancio dell'Ente
A120: Settima condizione: risorse previste nel bilancio annuale e nel PEG. | E120: Verifica delle disponibilità finanziarie dell’Amministrazione ai fini della copertura delle risorse di cui all'art.15 comma 5 | L120: La costituzione del fondo per le risorse decentrate risulta compatibile con i vincoli in tema di contenimento della spesa del personale ? SI NO
L121: L'Ente ha rispettato il Patto di Stabilità dell'anno precedente e risulta attualmente in linea con il rispetto delle regole del Patto dell'anno in corso? SI NO
L122: L’Ente versa in condizioni deficitarie? SI NO
IS65439: DES | IT65439: TYP | IU65439: ATT | IV65439: VA | IW65439: ADD
IS65440: =#REF!&$C$9 -> #REF! | IT65440: =#REF! -> #REF! | IU65440: =$B$26&" - "&$B$25&" - "&#REF!&" - "&#REF!&" - "&#REF!&" - "&#REF!&" - "&#REF!&" - "&#REF! -> #REF! | IV65440: =$A$32&": "&$I$32&" - "&#REF!&": "&#REF!&" - "&#REF!&": "&#REF!&" - "&#REF!&": "&#REF!&" - "&#REF!&": "&#REF!&" - "&#REF!&": "&#REF!&" - "&$A$34&": "&$I$34&" - "&$A$37&": "&$I$37&" - "&$A$38&": "&$I$38&" - "&#REF!&": "&#REF!&" - "&#REF!&": "&#REF!&" - "&#REF!&": "&#REF!&" - "&#REF!&": "&#REF! -> #REF! | IW65440: =#REF! -> #REF!

Sheet oBJ 11 Piano di Formazione
A1: Obiettivo gestionale n° 11
A2: P.O/E.Q. | E2: SETTORE/CDR | I2: ALTRI CDR COINVOLTI
A3: TUTTI | E3: TUTTI | I3: TUTTI
A5: OBJ Strategico DUP | C5: 11 | I5: Missione | K5: 01
A6: OBJ Operativo DUP | C6: 11 | I6: Programma | K6: 10
A7: Titolo Obiettivo: | C7: PIANO DI FORMAZIONE
C8: La formazione e lo sviluppo delle conoscenze, delle competenze e delle capacità del personale della pubblica amministrazione costituiscono strumento fondamentale nella gestione delle risorse umane e si collocano al centro del processo di rinnovamento della pubblica amministrazione. L’Art. 55 “Destinatari e processi della formazione” del CCNL Funzioni locali 2019-2021, sottoscritto il 16.11.2022, stabilisce che “Le attività formative sono programmate nei piani della formazione del personale. I suddetti piani individuano le risorse finanziarie da destinare alla formazione, ivi comprese quelle attivabili attraverso canali di finanziamento esterni, comunitari, nazionali o regionali”. Questo riprende quanto introdotto dall’art. 6 del decreto-legge 9 giugno 2021, n. 80 convertito, con modificazioni dalla legge 6 agosto 2021, n. 113, che definisce che le amministrazioni pubbliche hanno oggi la possibilità di riqualificare e rafforzare i processi di programmazione dell’attività formativa nel PIAO Piano Integrato di Attività e Organizzazione. Questo percorso viene ulteriormente rafforzato dalla Direttiva del 24 marzo 2023 del Ministro per la pubblica amministrazione e aggiornamento del 2024 avente per oggetto "Pianificazione della formazione e sviluppo delle competenze funzionali alla transizione digitale, ecologica e amministrativa promosse dal Piano Nazionale di Ripresa e Resilienza", nella quale mira a fornire indicazioni metodologiche e operative alle amministrazioni per la pianificazione, la gestione e la valutazione delle attività formative al fine di promuovere lo sviluppo delle conoscenze e delle competenze del proprio personale. In questo contesto l’Ente si pone l’obiettivo di approvare e applicare il Piano della Formazione per favorire la crescita dei suoi dipendenti in linea con il processo di rinnovamento della pubblica amministrazione. In particolare saranno da svolgere le attività di formazione a carattere "obbligatorio" relativi in particolare ad esempio alla "Sicurezza sul Lavoro" e alla "Prevenzione della Corruzione".
A10: Descrizione Obiettivo:
C19: Tempi di realizzazione | I19: 2026 | K19: 2027 | M19: 2028
I20: X | K20: X | M20: X
A21: Descrizione delle fasi di attuazione nell'anno:
A22: =IF(B22<>"",1,"") -> 1 | B22: Individuazione delle priorità strategiche della formazione del personale in tema di formazione obbligatoria (Legalità, Privacy, Sicurezza sul Lavoro, Competenze digitali) | H22: =IF(I22<>"",A25+1,"") -> 5 | I22: Predisposizione del Piano Triennale della formazione
A23: =IF(B23<>"",A22+1,"") -> 2 | B23: Definizione del fabbisogno delle competenze tecniche | H23: =IF(I23<>"",H22+1,"") -> 6 | I23: Attuazione del Piano formativo
A24: =IF(B24<>"",A23+1,"") -> 3 | B24: Rilevazione del fabbisogno delle competenze trasversali | H24: =IF(I24<>"",H23+1,"")
A25: =IF(B25<>"",A24+1,"") -> 4 | B25: Specifica formazione del personale neoassunto per trasferire conoscenze legate all’operatività del ruolo e per favorirne la crescita culturale | H25: =IF(I25<>"",H24+1,"")
A27: INDICATORI DI RISULTATO
A28: Indici di Efficacia | G28: ATTESO | I28: RAGGIUNTO | K28: Scost. | M28: 2027 | N28: 2028
A29: % dipendenti convolti nel piano di formazione (dipendenti formati/dipendenti dell'Ente) | G29: 1
A30: N. ore di formazione per ogni dipendente | G30: 40
A35: Indici di Efficacia Temporale | G35: ATTESO | I35: RAGGIUNTO | K35: Scost. | M35: 2027 | N35: 2028
A36: Rispetto delle fasie dei tempi | G36: 1
A39: Indici di Efficienza | G39: ATTESO | I39: RAGGIUNTO | K39: Scost. | M39: 2027 | N39: 2028
A40: % di attuazione del Piano Formativo | G40: 1
A44: Indici di Qualità | G44: ATTESO | I44: RAGGIUNTO | K44: Scost. | M44: 2027 | N44: 2028
A50: CRONOPROGRAMMA
A51: FASI E TEMPI | C51: Gennaio | D51: Febbraio | E51: Marzo | F51: Aprile | G51: Maggio | H51: Giugno | I51: Luglio | J51: Agosto | K51: Settembre | L51: Ottobre | M51: Novembre | N51: Dicembre
A52: =IF(A22>0,A22,"") -> 1 | C52: x
A54: =IF(A23>0,A23,"") -> 2 | D54: x | E54: x | F54: x
A56: =IF(A24>0,A24,"") -> 3 | D56: x | E56: x | F56: x
A58: =IF(A25>0,A25,"") -> 4 | C58: x | D58: x | E58: x | F58: x | G58: x | H58: x | I58: x | J58: x | K58: x | L58: x | M58: x | N58: x
A60: =IF(H22>0,H22,"") -> 5 | C60: x | D60: x | E60: x | F60: x
A62: =IF(H23>0,H23,"") -> 6 | C62: x | D62: x | E62: x | F62: x | G62: x | H62: x | I62: x | J62: x | K62: x | L62: x | M62: x | N62: x
A64: =IF(H24>0,H24,"")
A66: =IF(H25>0,H25,"")
A70: PERSONALE COINVOLTO NELL'OBIETTIVO
A71: Aree | B71: Cognome e Nome | M71: % Partecipazione
B72: tutti i dipendenti | M72: 1
IQ65489: DES | IR65489: TYP | IS65489: ATT | IT65489: VA | IU65489: ADD
IQ65490: =#REF!&#REF! -> #REF! | IR65490: =$A$14 -> 0 | IS65490: =$B$22&" - "&$B$23&" - "&$B$24&" - "&$B$25&" - "&$I$22&" - "&$I$23&" - "&$I$24&" - "&$I$25 -> Individuazione delle priorità strategiche della formazione del personale in tema di formazione obbligatoria (Legalità, Privacy, Sicurezza sul Lavoro, Competenze digitali) - Definizione del fabbisogno delle competenze tecniche - Rilevazione del fabbisogno delle competenze trasversali - Specifica formazione del personale neoassunto per trasferire conoscenze legate all’operatività del ruolo e per favorirne la crescita culturale - Predisposizione del Piano Triennale della formazione - Attuazione del Piano formativo - - | IT65490: =$A$29&": "&$I$29&" - "&#REF!&": "&#REF!&" - "&$A$35&": "&$I$35&" - "&$A$36&": "&$I$36&" - "&#REF!&": "&#REF!&" - "&$A$38&": "&$I$38&" - "&$A$39&": "&$I$39&" - "&$A$40&": "&$I$40&" - "&#REF!&": "&#REF!&" - "&$A$43&": "&$I$43&" - "&$A$44&": "&$I$44&" - "&$A$45&": "&$I$45&" - "&$A$48&": "&$I$48 -> #REF! | IU65490: =#REF! -> #REF!

Sheet Obj_12 CCNL CCDI 2026
A1: OBIETTIVO SPECIFICO
A2: Apicale | E2: SETTORE/CDR | I2: ALTRI CDR COINVOLTI
E3: SETTORE SERVIZI AL CITTADINO E ALLE IMPRESE | I3: STAFF
A5: OBJ Strategico DUP | I5: Missione | K5: 01
A6: OBJ Operativo DUP | I6: Programma | K6: 10
A7: Titolo Obiettivo: | C7: STIPULA CCDI A SEGUITO DELL'ADOZIONE CCNL 2022-2024
C8: l CCNL Funzioni Locali 2022-2024, dopo una lunga trattativa, ha visto la firma dell'ipotesi di accordo (pre-intesa) a inizio novembre 2025, ma necessita ancora dell'iter di approvazione della Corte dei Conti prima della firma definitiva ed entrata in vigore, con effetti economici attesi nel 2026. Alla sua entrata in vigore risulta necessario avviare le operazione di contrattazione decentrata per definire i criteri, le linee guida, i limiti degli istituti previsti dal nuovo CCNL citato mediante la stipula di un nuovo CCDI giuridico ed economico.
A10: Descrizione Obiettivo:
C16: Tempi di realizzazione | I16: 2026 | K16: 2027 | M16: 2028
I17: X
A18: Descrizione delle fasi di attuazione nell'anno:
A19: =IF(B19<>"",1,"") -> 1 | B19: Nomina della delegazione trattante di parte pubblica | H19: =IF(I19<>"",A22+1,"") -> 5 | I19: Firma del CCDI di Ente
A20: =IF(B20<>"",A19+1,"") -> 2 | B20: Formazione in merito gli istituti contrattuali introdotti dal nuovo CCNL | H20: =IF(I20<>"",H19+1,"")
A21: =IF(B21<>"",A20+1,"") -> 3 | B21: Definizione, da parte dell'Amministrazione, degli indirizzi alla delegazione trattante e costituzione del fondo dellerisorse decentrate | H21: =IF(I21<>"",H20+1,"")
A22: =IF(B22<>"",A21+1,"") -> 4 | B22: Avvio e svolgimento della sessione di contrattazione tra parte datoriale e parte sindacale | H22: =IF(I22<>"",H21+1,"")
A24: INDICATORI DI RISULTATO
A25: Indici di Efficacia | G25: ATTESO | I25: RAGGIUNTO | K25: Scost. | M25: 2027 | N25: 2028
A28: Indici di Efficacia Temporale | G28: ATTESO | I28: RAGGIUNTO | K28: Scost. | M28: 2027 | N28: 2028
A29: Rispetto delle fasi e dei tempi | G29: 1
A32: Indici di Efficienza | G32: ATTESO | I32: RAGGIUNTO | K32: Scost. | M32: 2027 | N32: 2028
A36: Indici di Qualità | G36: ATTESO | I36: RAGGIUNTO | K36: Scost. | M36: 2027 | N36: 2028
A40: CRONOPROGRAMMA
A41: FASI E TEMPI | C41: Gennaio | D41: Febbraio | E41: Marzo | F41: Aprile | G41: Maggio | H41: Giugno | I41: Luglio | J41: Agosto | K41: Settembre | L41: Ottobre | M41: Novembre | N41: Dicembre
A42: =IF(A19>0,A19,"") -> 1 | E42: x
A44: =IF(A20>0,A20,"") -> 2 | E44: x | F44: x | G44: X | H44: X | I44: X
A46: =IF(A21>0,A21,"") -> 3 | F46: x | G46: x | H46: x | I46: X | J46: X | K46: X
A48: =IF(A22>0,A22,"") -> 4 | I48: x | J48: x | K48: x | L48: X | M48: X
A50: =IF(H19>0,H19,"") -> 5 | L50: x | M50: X | N50: X
A52: =IF(H20>0,H20,"")
A54: =IF(H21>0,H21,"")
A56: =IF(H22>0,H22,"")
A60: PERSONALE COINVOLTO NELL'OBIETTIVO
A61: AREE | B61: Cognome e Nome | M61: % Partecipazione
A62: Funzionari ex D | B62: Collura Angela | M62: 0.4
A63: Istruttori ex C | B63: AIRAUDI MARIA PAOLA | M63: 0.5
A64: Segretario | B64: Concetta Chisari | M64: 0.1
IQ65479: DES | IR65479: TYP | IS65479: ATT | IT65479: VA | IU65479: ADD
IQ65480: =#REF!&#REF! -> #REF! | IR65480: =$A$14 -> 0 | IS65480: =$B$19&" - "&$B$20&" - "&$B$21&" - "&$B$22&" - "&$I$19&" - "&$I$20&" - "&$I$21&" - "&$I$22 -> Nomina della delegazione trattante di parte pubblica - Formazione in merito gli istituti contrattuali introdotti dal nuovo CCNL - Definizione, da parte dell'Amministrazione, degli indirizzi alla delegazione trattante e costituzione del fondo dellerisorse decentrate - Avvio e svolgimento della sessione di contrattazione tra parte datoriale e parte sindacale - Firma del CCDI di Ente - - - | IT65480: =#REF!&": "&#REF!&" - "&#REF!&": "&#REF!&" - "&$A$28&": "&$I$28&" - "&$A$29&": "&$I$29&" - "&#REF!&": "&#REF!&" - "&#REF!&": "&#REF!&" - "&$A$32&": "&$I$32&" - "&$A$33&": "&$I$33&" - "&#REF!&": "&#REF!&" - "&$A$34&": "&$I$34&" - "&$A$36&": "&$I$36&" - "&$A$37&": "&$I$37&" - "&$A$38&": "&$I$38 -> #REF! | IU65480: =#REF! -> #REF!

Sheet Obj_13 ragioneria
A1: Obiettivo gestionale n° 13
A3: Indirizzo Strategico DUP n. 13 | I3: Missione 1
A4: Obj Operativo DUP n. 13 | I4: Programma 01 - 10
A6: Centro di Responsabilità: | E6: AREA FINANZIARIA | I6: TEMPI :
I7: 2024 | K7: 2025 | M7: 2026
A8: Altri Centri di Responsabilità coinvolti: | I8: X | K8: X | M8: X
A9: Titolo Obiettivo gestionale PEG/PERFORMANCE | C9: Aggiornamento e verifica banca dati INPS dei dipendenti
A11: Descrizione obiettivo | C11: La finalità del presente obiettivo è di effettuare una verifica straordinaria della banca dati INPS dei dipendenti attuali e che hanno prestato lavoro presso l'Ente. Saranno verificati i contributi versati e dichiarati all'INPS tramite applicativo PASSWEB
A24: Descrizione delle fasi di attuazione:
A25: 1 | B25: Avvio verifica della banca dati INPS e richiesta integrazione ai diretti interessati
A26: 2 | B26: Aggiornamento dati tramite PASSWEB
A30: INDICATORI DI RISULTATO
A31: Indicatori di Efficacia Quantitativa | I31: ATTESO 2024 | K31: RAGGIUNTO 2024 | M31: Scostamento | O31: 2025 | Q31: RAGGIUNTO | S31: 2026 | U31: RAGGIUNTO 2026
A32: N. PRATICHE VERIFICATE e aggiornate | I32: 10 | O32: 10 | S32: 10
A33: pratiche pensionistiche cessati | I33: 2 | O33: 1 | S33: 1
A35: Indicatori Temporali | I35: ATTESO 2024 | K35: RAGGIUNTO 2024 | M35: Scostamento | O35: 2025 | Q35: RAGGIUNTO | S35: 2026 | U35: RAGGIUNTO 2026
O37: 1
A40: Indicatori di Efficienza | I40: ATTESO 2024 | K40: RAGGIUNTO 2024 | M40: Scostamento | O40: 2025 | Q40: RAGGIUNTO | S40: 2026 | U40: RAGGIUNTO 2026
O42: 1
A43: Indici di Efficacia Qualitativa | I43: ATTESO 2024 | K43: RAGGIUNTO 2024 | M43: Scostamento | O43: 2025 | Q43: RAGGIUNTO | S43: 2026 | U43: RAGGIUNTO 2026
A47: CRONOPROGRAMMA
A48: FASI E TEMPI | C48: Gennaio | D48: Febbraio | E48: Marzo | F48: Aprile | G48: Maggio | H48: Giugno | I48: Luglio | J48: Agosto | K48: Settembre | L48: Ottobre | M48: Novembre | N48: Dicembre
A49: 1 | C49: x | D49: x | E49: x | F49: x | G49: x | H49: x | I49: x | J49: x | K49: x | L49: x | M49: x | N49: x
A51: 2 | C51: x | D51: x | E51: x | F51: x | G51: x | H51: x | I51: x | J51: x | K51: x | L51: x | M51: x | N51: x
A69: MEDIA VALORE RAGGIUNTO % | H69: MEDIA VALORE RAGGIUNTO %
A70: MEDIA RISPETTO DEI TEMPI % | H70: MEDIA RISPETTO DEI TEMPI %
A72: Analisi degli scostamenti | H72: Analisi degli scostamenti
A73: Cause | H73: Cause
A76: Effetti | H76: Effetti
A79: Provvedimenti correttivi | H79: Provvedimenti correttivi
A80: Intrapresi | H80: Intrapresi
A83: Da attivare | H83: Da attivare
A87: PERSONALE COINVOLTO NELL'OBIETTIVO
A88: AREE | B88: Cognome e Nome | G88: % tempo dedicato
A89: Funzionari ex D | B89: Collura Angela | G89: 10
A90: Istruttori ex C | B90: AIRAUDI MARIA PAOLA | G90: 90
A100: =COUNTA(B89:F99) -> 2
A102: RISORSE AGGIUNTIVE UTILIZZATE
A103: Tipologia | E103: Descrizione | M103: Costo
A110: COSTO COMPLESSIVO DELL'OBIETTIVO
A113: RISORSE AGGIUNTIVE ai sensi del comma 5 art. 15 CCNL 1.4.1999
A114: 7 CRITERI ARAN
A115: Prima condizione: più risorse per il fondo in cambio di maggiori servizi | E115: Descrizione nuovo servizio oppure Descrizione del miglioramento quali-quantitativo dei servizi, concreto, tangibile e verificabile:
A117: Seconda condizione: non generici miglioramenti dei servizi ma concreti risultati | E117: Descrizione del fatto “verificabile e chiaramente percepibile dall’utenza di riferimento:
A119: Terza condizione: risultati verificabili attraverso standard, indicatori e/o attraverso i giudizi espressi dall’utenza. | E119: Descrizione standard di miglioramento:
A121: Quarta condizione: risultati difficili che possono essere conseguiti attraverso un ruolo attivo e determinante del personale interno. | E121: Descrizione del ruolo importante del personale nel loro conseguimento
A123: Quinta condizione: risorse quantificate secondo criteri trasparenti e ragionevoli, analiticamente illustrati nella relazione da allegare al contratto decentrato. | E123: Modalità di quantificazione delle risorse
A125: Sesta condizione: risorse rese disponibili solo a consuntivo, dopo aver accertato i risultati. | E125: Descrizione del processo di valutazione e delle tempistiche | H125: La Giunta con Delibera n. xx del xx/xx/20xx ha approvato il Piano della Performance. Con Delibera n. xx del xx/xx/20xx sono stati previsti xx € per finanziare il raggiungimento del presente obiettivo. L'obiettivo sarà valutato a consuntivo dal NIV/OIV e le relative risorse saranno rese disponibili e liquidate solo dopo tale valutazione. Nella delibera è stato deciso dalla Giunta che se l'obiettivo è raggiunto al 90% vengono rese disponibili tutte le risorse, con un raggiungimento tra 89,99 e 70% vengono rese disponibili risorse in maniera direttamente proporzionale. Sotto un raggiungimento del 70% non verrà distribuita alcuna risorsa e le risorse confluiscono nel bilancio dell'Ente
A127: Settima condizione: risorse previste nel bilancio annuale e nel PEG. | E127: Verifica delle disponibilità finanziarie dell’Amministrazione ai fini della copertura delle risorse di cui all'art.15 comma 5 | L127: La costituzione del fondo per le risorse decentrate risulta compatibile con i vincoli in tema di contenimento della spesa del personale ? SI NO
L128: L'Ente ha rispettato il Patto di Stabilità dell'anno precedente e risulta attualmente in linea con il rispetto delle regole del Patto dell'anno in corso? SI NO
L129: L’Ente versa in condizioni deficitarie? SI NO
IS65446: DES | IT65446: TYP | IU65446: ATT | IV65446: VA | IW65446: ADD
IS65447: =#REF!&$C$9 -> #REF! | IT65447: =#REF! -> #REF! | IU65447: =$B$26&" - "&$B$25&" - "&$B$29&" - "&$I$29&" - "&#REF!&" - "&#REF!&" - "&#REF!&" - "&#REF! -> #REF! | IV65447: =$A$32&": "&$I$32&" - "&#REF!&": "&#REF!&" - "&#REF!&": "&#REF!&" - "&#REF!&": "&#REF!&" - "&#REF!&": "&#REF!&" - "&#REF!&": "&#REF!&" - "&$A$34&": "&$I$34&" - "&$A$35&": "&$I$35&" - "&$A$36&": "&$I$36&" - "&#REF!&": "&#REF!&" - "&#REF!&": "&#REF!&" - "&#REF!&": "&#REF!&" - "&#REF!&": "&#REF! -> #REF! | IW65447: =#REF! -> #REF!

Sheet Obj_14_strade catasto
A1: Obiettivo gestionale n° 14
A3: Indirizzo Strategico DUP n. 14 | I3: Missione 1
A4: Obj Operativo DUP n. 14 | I4: Programma 01 - 10
A6: Centro di Responsabilità: | E6: AREA tecnica | I6: TEMPI :
I7: 2024 | K7: 2025 | M7: 2026
A8: Altri Centri di Responsabilità coinvolti: | I8: X | K8: X | M8: X
A9: Titolo Obiettivo gestionale PEG/PERFORMANCE | C9: Inserimento nella mappa del Catasto Terreni di alcune strade comunali
A11: Descrizione obiettivo | C11: Nel corso dell'anno, per volontà dell'amministrazione comunale, dovrà essere realizzato in economia l'inserimento nella cartografia catastale di alcune strade comunali esistenti e mai state oggetto di frazionamento e/o di aggiornamento nel catasto strade. Viabilità interessata : Regione Fua (circa m 1970), Polisportivo (via Stura, via dello Sport, via Celestino Tinetti, per un totale di circa m 830), Regione Momello (circa m 720), Frazione Brecco (circa m 250), via Vindrola, Regione Cates, via Tesso/via Vittime dei Lager Nazisti, via Perucca (circa m 100) . In particolare per l'anno 2025 dovrà essere concluso il frazionamento e l'ACCATASTAMENTO di Regione Momello (circa m 720). Inoltre saranno svolti i rilievi Regione Fua (circa m 1970), che sarà invece concluso nel 2026
A24: Descrizione delle fasi di attuazione:
A25: 1 | B25: Rilievo del sedime stradale con strumentazione topografica
A26: 2 | B26: Restituzione grafica del rilievo con software di topografia
A27: 3 | B27: Redazione con software ministeriale PREGEO del frazionamento delle particelle catastali costituenti il sedime stradale
A28: 4 | B28: Presentazione istanza all'Agenzia del Territorio per la richiesta di inserimento delle particelle catastali nel "catasto strade"
A31: INDICATORI DI RISULTATO
A32: Indicatori di Efficacia Quantitativa | I32: 2024 | K32: RAGGIUNTO 2024 | M32: Scostamento | O32: 2025 | Q32: RAGGIUNTO 2025 | S32: 2026 | U32: RAGGIUNTO 2026
A33: N. 5 strade comunali da accatastare (vedasi descrizione sopra) | I33: 3 | K33: 3 | O33: 1 | Q33: 1 | S33: 1
A36: Indicatori Temporali | I36: 2024 | K36: RAGGIUNTO 2024 | M36: Scostamento | O36: 2025 | Q36: RAGGIUNTO 2025 | S36: 2026 | U36: RAGGIUNTO 2026
A37: Accatastamento strada frazione Brecco e aggiornamento catasto strade delle strade già oggetto di frazionamento ovvero via Vindrola, Regione Cates e via Tesso/via Vittime dei Lager Nazisti
A38: Accatastamento strada località Polisportivo (via Stura, via dello Sport e viale Celestino Tinetti), via Perucca | I38: dicembre | K38: 1
A39: Accatastamento Regione Momello | O39: 46022 | Q39: 46022
A40: Rilievo strada Regione Fua | O40: 46022 | Q40: 46022
A41: Accatastamento strada Regione Fua | S41: 46387
A42: Indicatori di Efficienza | I42: 2024 | K42: RAGGIUNTO 2024 | M42: Scostamento | O42: 2025 | Q42: RAGGIUNTO 2025 | S42: 2026 | U42: RAGGIUNTO 2026
K43: 1
A45: Indici di Efficacia Qualitativa | I45: 2024 | K45: RAGGIUNTO 2024 | M45: Scostamento | O45: 2025 | Q45: RAGGIUNTO 2025 | S45: 2026 | U45: RAGGIUNTO 2026
K46: 1
A49: CRONOPROGRAMMA
A50: FASI E TEMPI | C50: Gennaio | D50: Febbraio | E50: Marzo | F50: Aprile | G50: Maggio | H50: Giugno | I50: Luglio | J50: Agosto | K50: Settembre | L50: Ottobre | M50: Novembre | N50: Dicembre
A51: 1
A53: 2
A55: 3
A57: 4
A69: MEDIA VALORE RAGGIUNTO % | H69: MEDIA VALORE RAGGIUNTO %
A70: MEDIA RISPETTO DEI TEMPI % | H70: MEDIA RISPETTO DEI TEMPI %
A72: Analisi degli scostamenti | H72: Analisi degli scostamenti
A73: Cause | H73: Cause
A76: Effetti | H76: Effetti
A79: Provvedimenti correttivi | H79: Provvedimenti correttivi
A80: Intrapresi | H80: Intrapresi
A83: Da attivare | H83: Da attivare
A87: PERSONALE COINVOLTO NELL'OBIETTIVO
A88: Area | B88: Cognome e Nome | G88: % tempo dedicato
A89: Funzionari ex D | B89: Giada Benedetta Airola
A90: Istruttori ex C | B90: Fabrizio Omaggio | G90: 30
A91: Istruttori ex C | B91: Emanuele Massa | G91: 70
A94: =COUNTA(B89:F93) -> 3
A96: RISORSE AGGIUNTIVE UTILIZZATE
A97: Tipologia | E97: Descrizione | M97: Costo
O99: stessa valorizzazione del 2024
A104: COSTO COMPLESSIVO DELL'OBIETTIVO
A107: RISORSE AGGIUNTIVE ai sensi del comma 5 art. 15 CCNL 1.4.1999
A108: 7 CRITERI ARAN
A109: Prima condizione: più risorse per il fondo in cambio di maggiori servizi | E109: Descrizione nuovo servizio oppure Descrizione del miglioramento quali-quantitativo dei servizi, concreto, tangibile e verificabile:
A111: Seconda condizione: non generici miglioramenti dei servizi ma concreti risultati | E111: Descrizione del fatto “verificabile e chiaramente percepibile dall’utenza di riferimento:
A113: Terza condizione: risultati verificabili attraverso standard, indicatori e/o attraverso i giudizi espressi dall’utenza. | E113: Descrizione standard di miglioramento:
A115: Quarta condizione: risultati difficili che possono essere conseguiti attraverso un ruolo attivo e determinante del personale interno. | E115: Descrizione del ruolo importante del personale nel loro conseguimento
A117: Quinta condizione: risorse quantificate secondo criteri trasparenti e ragionevoli, analiticamente illustrati nella relazione da allegare al contratto decentrato. | E117: Modalità di quantificazione delle risorse
A119: Sesta condizione: risorse rese disponibili solo a consuntivo, dopo aver accertato i risultati. | E119: Descrizione del processo di valutazione e delle tempistiche | H119: La Giunta con Delibera n. xx del xx/xx/20xx ha approvato il Piano della Performance. Con Delibera n. xx del xx/xx/20xx sono stati previsti xx € per finanziare il raggiungimento del presente obiettivo. L'obiettivo sarà valutato a consuntivo dal NIV/OIV e le relative risorse saranno rese disponibili e liquidate solo dopo tale valutazione. Nella delibera è stato deciso dalla Giunta che se l'obiettivo è raggiunto al 90% vengono rese disponibili tutte le risorse, con un raggiungimento tra 89,99 e 70% vengono rese disponibili risorse in maniera direttamente proporzionale. Sotto un raggiungimento del 70% non verrà distribuita alcuna risorsa e le risorse confluiscono nel bilancio dell'Ente
A121: Settima condizione: risorse previste nel bilancio annuale e nel PEG. | E121: Verifica delle disponibilità finanziarie dell’Amministrazione ai fini della copertura delle risorse di cui all'art.15 comma 5 | L121: La costituzione del fondo per le risorse decentrate risulta compatibile con i vincoli in tema di contenimento della spesa del personale ? SI NO
L122: L'Ente ha rispettato il Patto di Stabilità dell'anno precedente e risulta attualmente in linea con il rispetto delle regole del Patto dell'anno in corso? SI NO
L123: L’Ente versa in condizioni deficitarie? SI NO
IS65440: DES | IT65440: TYP | IU65440: ATT | IV65440: VA | IW65440: ADD
IS65441: =#REF!&$C$9 -> #REF! | IT65441: =#REF! -> #REF! | IU65441: =$B$28&" - "&$B$25&" - "&$B$30&" - "&$I$30&" - "&#REF!&" - "&#REF!&" - "&#REF!&" - "&#REF! -> #REF! | IV65441: =$A$33&": "&$I$33&" - "&#REF!&": "&#REF!&" - "&#REF!&": "&#REF!&" - "&#REF!&": "&#REF!&" - "&#REF!&": "&#REF!&" - "&#REF!&": "&#REF!&" - "&$A$35&": "&$I$35&" - "&$A$36&": "&$I$36&" - "&$A$37&": "&$I$37&" - "&#REF!&": "&#REF!&" - "&#REF!&": "&#REF!&" - "&#REF!&": "&#REF!&" - "&#REF!&": "&#REF! -> #REF! | IW65441: =#REF! -> #REF!

Sheet Obj_15 CULTURA-TURISMO
A1: Obiettivo gestionale n° 15
A3: Indirizzo Strategico DUP n. 15 | I3: Missione 1
A4: Obj Operativo DUP n. 15 | I4: Programma 01 - 10
A6: Centro di Responsabilità: | E6: CULTURA/TURISMO | I6: TEMPI :
I7: 2026 | K7: 2027 | M7: 2028
A8: Altri Centri di Responsabilità coinvolti: | I8: X
A9: Titolo Obiettivo gestionale PEG/PERFORMANCE | C9: Gestione in economia delle attività di elaborazione grafica delle locandine promozionali degli eventi, manifestazioni, rassegne, convegni, nonché della gestione del totem multimediale turistico dell'Ala Mercatale e delle necessità tecnico-informatiche nel salone LanzoIncontra in occasione degli eventi/conferenze, etc.
A10: Descrizione obiettivo | C10: Il Comune di Lanzo Torinese nell'ottica della riduzione della spesa di incarichii esterni per la realizzazione di progetti grafici per locandine promozionali intende provvedere nell'ambito delle attività di funzionamento del ufficio Cultura/Istruzione alla realizzazione delle stesse. Il personale nello specifico provvederà all'elaborazione del progetto grafico e provvederà fattivamente alla pubblicazione nel sito istituzionale, all'invio di newsletter, alla stampa dei medesimio nei vari formati e coordinerà la distribuzione nei negozi e nelle bacheche. Per il totem multimediale: sarà svolta un'istruttoria per valutare la migliore modalità di funzionamento del Totem con un proprio sistema operativo da installare al suo interno e saranno predisposti i contenuti per le pagine multimediali con finalità di promozione turistica. Infine, in occasione degli eventi/conferenze, etc. che hanno luogo nel salone LanzoIncontra il personale fornirà assistenza tecnico-informatica per l'utilizzo dell'attrezzatura specifica.
A23: Descrizione delle fasi di attuazione:
A24: 1 | B24: Raccolta documentazione, testi e foto. Per il totem multimediale: istruttoria per valutazione modalità di funzionamento del Totem con un proprio sistema operativo da installare al suo interno.
A25: 2 | B25: Realizzazione grafica del progetto
A26: 3 | B26: Pubblicazione delle locandine ideate (versione definitiva) sul sito istituzionale. Per il totem multimediale: coordinamento attività di installazione di un proprio sistema operativo interno al totem
A27: 4 | B27: Invio di newsletter locandine in concomitanza di ogni evento/manifestazione/etc.
A28: 5 | B28: Stampa e coordinamento per distribuzione locandine presso negozi e affissioni nelle bacheche
A29: INDICATORI DI RISULTATO
A30: Indicatori di Efficacia Quantitativa | I30: ATTESO 2026 | K30: RAGGIUNTO 2026 | M30: Scostamento | O30: 2027 | Q30: RAGGIUNTO | S30: 2028
A31: n. LOCANDINE CREATE | I31: 15
A32: n. LOCANDINE PUBBLICATE E COMUNICATE | I32: 30
A33: n. interventi di consulenza tecnico-informatica | I33: 10
A36: Indicatori Temporali | I36: ATTESO 2026 | K36: RAGGIUNTO 2026 | M36: Scostamento | O36: 2027 | Q36: RAGGIUNTO | S36: 2028
A37: Stampa e coordinamento per distribuzione locandine presso negozi, affissioni nelle bacheche | I37: 1
A38: coordinamento attività di installazione di un sistema operativo all'inteno del totem multimediale | I38: 1
A39: Assistenza specialistica per utilizzo attrezzatura tecnica LanzoIncontra | I39: 1
A41: Indicatori di Efficienza | I41: ATTESO 2026 | K41: RAGGIUNTO 2026 | M41: Scostamento | O41: 2027 | Q41: RAGGIUNTO | S41: 2028
A44: Indici di Efficacia Qualitativa | I44: ATTESO 2026 | K44: RAGGIUNTO 2026 | M44: Scostamento | O44: 2027 | Q44: RAGGIUNTO | S44: 2028
A48: CRONOPROGRAMMA
A49: FASI E TEMPI | C49: Gennaio | D49: Febbraio | E49: Marzo | F49: Aprile | G49: Maggio | H49: Giugno | I49: Luglio | J49: Agosto | K49: Settembre | L49: Ottobre | M49: Novembre | N49: Dicembre
A50: 1 | C50: x | D50: x | E50: x | F50: x | G50: x | H50: x | I50: x | J50: x | K50: x | L50: x | M50: x | N50: x
A52: 2 | C52: x | D52: x | E52: x | F52: x | G52: x | H52: x | I52: x | J52: x | K52: x | L52: x | M52: x | N52: x
A54: 3 | C54: x | D54: x | E54: x | F54: x | G54: x | H54: x | I54: x | J54: x | K54: x | L54: x | M54: x | N54: x
A56: 4 | C56: X | D56: X | E56: X | F56: X | G56: X | H56: X | I56: X | J56: X | K56: X | L56: X | M56: X | N56: X
A58: 5 | C58: x | D58: x | E58: x | F58: x | G58: x | H58: x | I58: x | J58: x | K58: x | L58: x | M58: x | N58: x
A70: MEDIA VALORE RAGGIUNTO % | H70: MEDIA VALORE RAGGIUNTO %
A71: MEDIA RISPETTO DEI TEMPI % | H71: MEDIA RISPETTO DEI TEMPI %
A73: Analisi degli scostamenti | H73: Analisi degli scostamenti
A74: Cause | H74: Cause
A77: Effetti | H77: Effetti
A80: Provvedimenti correttivi | H80: Provvedimenti correttivi
A81: Intrapresi | H81: Intrapresi
A84: Da attivare | H84: Da attivare
A88: PERSONALE COINVOLTO NELL'OBIETTIVO
A89: AREE | B89: Cognome e Nome | G89: % tempo dedicato
A90: Istruttori ex C | B90: Orlando Fabio | G90: 98
A91: Funzionari ex D | B91: Marino Francesca | G91: 2 | I91: Affidamento servizi informatici per aggiornamento software del Totem multimediale e predisposizione pagine sezione "Turismo"
A101: =COUNTA(B90:F100) -> 2
A103: RISORSE AGGIUNTIVE UTILIZZATE
A104: Tipologia | E104: Descrizione | M104: Costo
A111: COSTO COMPLESSIVO DELL'OBIETTIVO
A114: RISORSE AGGIUNTIVE ai sensi del comma 5 art. 15 CCNL 1.4.1999
A115: 7 CRITERI ARAN
A116: Prima condizione: più risorse per il fondo in cambio di maggiori servizi | E116: Descrizione nuovo servizio oppure Descrizione del miglioramento quali-quantitativo dei servizi, concreto, tangibile e verificabile:
A118: Seconda condizione: non generici miglioramenti dei servizi ma concreti risultati | E118: Descrizione del fatto “verificabile e chiaramente percepibile dall’utenza di riferimento:
A120: Terza condizione: risultati verificabili attraverso standard, indicatori e/o attraverso i giudizi espressi dall’utenza. | E120: Descrizione standard di miglioramento:
A122: Quarta condizione: risultati difficili che possono essere conseguiti attraverso un ruolo attivo e determinante del personale interno. | E122: Descrizione del ruolo importante del personale nel loro conseguimento
A124: Quinta condizione: risorse quantificate secondo criteri trasparenti e ragionevoli, analiticamente illustrati nella relazione da allegare al contratto decentrato. | E124: Modalità di quantificazione delle risorse
A126: Sesta condizione: risorse rese disponibili solo a consuntivo, dopo aver accertato i risultati. | E126: Descrizione del processo di valutazione e delle tempistiche | H126: La Giunta con Delibera n. xx del xx/xx/20xx ha approvato il Piano della Performance. Con Delibera n. xx del xx/xx/20xx sono stati previsti xx € per finanziare il raggiungimento del presente obiettivo. L'obiettivo sarà valutato a consuntivo dal NIV/OIV e le relative risorse saranno rese disponibili e liquidate solo dopo tale valutazione. Nella delibera è stato deciso dalla Giunta che se l'obiettivo è raggiunto al 90% vengono rese disponibili tutte le risorse, con un raggiungimento tra 89,99 e 70% vengono rese disponibili risorse in maniera direttamente proporzionale. Sotto un raggiungimento del 70% non verrà distribuita alcuna risorsa e le risorse confluiscono nel bilancio dell'Ente
A128: Settima condizione: risorse previste nel bilancio annuale e nel PEG. | E128: Verifica delle disponibilità finanziarie dell’Amministrazione ai fini della copertura delle risorse di cui all'art.15 comma 5 | L128: La costituzione del fondo per le risorse decentrate risulta compatibile con i vincoli in tema di contenimento della spesa del personale ? SI NO
L129: L'Ente ha rispettato il Patto di Stabilità dell'anno precedente e risulta attualmente in linea con il rispetto delle regole del Patto dell'anno in corso? SI NO
L130: L’Ente versa in condizioni deficitarie? SI NO
IS65447: DES | IT65447: TYP | IU65447: ATT | IV65447: VA | IW65447: ADD
IS65448: =#REF!&$C$9 -> #REF! | IT65448: =#REF! -> #REF! | IU65448: =$B$25&" - "&$B$24&" - "&$B$28&" - "&$I$28&" - "&#REF!&" - "&#REF!&" - "&#REF!&" - "&#REF! -> #REF! | IV65448: =$A$31&": "&$I$31&" - "&#REF!&": "&#REF!&" - "&#REF!&": "&#REF!&" - "&#REF!&": "&#REF!&" - "&#REF!&": "&#REF!&" - "&#REF!&": "&#REF!&" - "&$A$33&": "&$I$33&" - "&$A$36&": "&$I$36&" - "&$A$37&": "&$I$37&" - "&#REF!&": "&#REF!&" - "&#REF!&": "&#REF!&" - "&#REF!&": "&#REF!&" - "&#REF!&": "&#REF! -> #REF! | IW65448: =#REF! -> #REF!

Sheet Obj_16 RECUPERO RETT
A1: Obiettivo gestionale n° 16
A3: Indirizzo Strategico DUP n. 16 | I3: Missione 1
A4: Obj Operativo DUP n. 16 | I4: Programma 01 - 10
A6: Centro di Responsabilità: | E6: CULTURA/SCUOLA | I6: TEMPI :
I7: 2026 | K7: 2027 | M7: 2028
A8: Altri Centri di Responsabilità coinvolti: | I8: X
A9: Titolo Obiettivo gestionale PEG/PERFORMANCE | C9: Formazione dei ruoli per il recupero delle rette scolastiche non pagate (a.s. 2025-2026)
A11: Descrizione obiettivo | C11: Ufficio Istruzione: conteggio debiti pregressi (2025-2026) per mancato pagamento Servizi scolastici su piattaforma PORTALE GENITORI, preparazione nr. 2 avvisi di accertamento, invio solleciti, predisposizione atti per la messa a ruolo, invio ruoli. Ufficio Tributi: verifica sulla piattaforma SIATEL - Agenzia delle Entrate - degli indirizzi dei soggetti morosi al fine di consentire al Servizio Istruzione l'invio degli avvisi di accertamento per il recupero delle rette non pagate.
A24: Descrizione delle fasi di attuazione:
A25: 1 | B25: Conteggio debiti pregressi e recupero nominativi
A26: 2 | B26: Invio nr. 2 solleciti e contestuale verifica/aggiornamento, tra un sollecito e l'altro dell'eventuale saldo dei debiti per ogni singolo utente - Servizio Istruzione
A27: 3 | B27: predisposizione atti e invio ruoli - Servizio Istruzione
A30: INDICATORI DI RISULTATO
A31: Indicatori di Efficacia Quantitativa | I31: ATTESO 2026 | K31: RAGGIUNTO 2026 | M31: Scostamento | O31: 2027 | Q31: RAGGIUNTO | S31: 2028
A32: N. solleciti predisposti via mail | I32: 8
A33: N. raccomandate a/r di sollecito | I33: 8
A34: N. famiglie messe a ruolo | I34: 5
A37: Indicatori Temporali | I37: ATTESO 2026 | K37: RAGGIUNTO 2026 | M37: Scostamento | O37: 2027 | Q37: RAGGIUNTO | S37: 2028
A42: Indicatori di Efficienza | I42: ATTESO 2026 | K42: RAGGIUNTO 2026 | M42: Scostamento | O42: 2027 | Q42: RAGGIUNTO | S42: 2028
A43: Importi inviati per solleciti | I43: 1500
A44: Importi incassati per solleciti | I44: 750
A45: Indici di Efficacia Qualitativa | I45: ATTESO 2026 | K45: RAGGIUNTO 2026 | M45: Scostamento | O45: 2027 | Q45: RAGGIUNTO | S45: 2028
A49: CRONOPROGRAMMA
A50: FASI E TEMPI | C50: Gennaio | D50: Febbraio | E50: Marzo | F50: Aprile | G50: Maggio | H50: Giugno | I50: Luglio | J50: Agosto | K50: Settembre | L50: Ottobre | M50: Novembre | N50: Dicembre
A51: 1 | G51: x | H51: x | I51: x | J51: x | K51: x | L51: x | M51: x | N51: x
A53: 2 | G53: x | H53: x | I53: x | J53: x | K53: x | L53: x | M53: x | N53: x
A55: 3 | G55: x | H55: x | I55: x | J55: x | K55: x | L55: x | M55: x | N55: x
A57: 4 | G57: X | H57: X | I57: X | J57: X | K57: X | L57: X | M57: X | N57: X
A59: 5 | G59: x | H59: x | I59: x | J59: x | K59: x | L59: x | M59: x | N59: x
A71: MEDIA VALORE RAGGIUNTO % | H71: MEDIA VALORE RAGGIUNTO %
A72: MEDIA RISPETTO DEI TEMPI % | H72: MEDIA RISPETTO DEI TEMPI %
A74: Analisi degli scostamenti | H74: Analisi degli scostamenti
A75: Cause | H75: Cause
A78: Effetti | H78: Effetti
A81: Provvedimenti correttivi | H81: Provvedimenti correttivi
A82: Intrapresi | H82: Intrapresi
A85: Da attivare | H85: Da attivare
A89: PERSONALE COINVOLTO NELL'OBIETTIVO
A90: AREE | B90: Cognome e Nome | G90: % tempo dedicato
A91: Istruttori ex C | B91: Orlando Fabio | G91: 90
A92: Funzionari ex D | B92: Marino Francesca | G92: 10
A102: =COUNTA(B91:F101) -> 2
A104: RISORSE AGGIUNTIVE UTILIZZATE
A105: Tipologia | E105: Descrizione | M105: Costo
A112: COSTO COMPLESSIVO DELL'OBIETTIVO
A115: RISORSE AGGIUNTIVE ai sensi del comma 5 art. 15 CCNL 1.4.1999
A116: 7 CRITERI ARAN
A117: Prima condizione: più risorse per il fondo in cambio di maggiori servizi | E117: Descrizione nuovo servizio oppure Descrizione del miglioramento quali-quantitativo dei servizi, concreto, tangibile e verificabile:
A119: Seconda condizione: non generici miglioramenti dei servizi ma concreti risultati | E119: Descrizione del fatto “verificabile e chiaramente percepibile dall’utenza di riferimento:
A121: Terza condizione: risultati verificabili attraverso standard, indicatori e/o attraverso i giudizi espressi dall’utenza. | E121: Descrizione standard di miglioramento:
A123: Quarta condizione: risultati difficili che possono essere conseguiti attraverso un ruolo attivo e determinante del personale interno. | E123: Descrizione del ruolo importante del personale nel loro conseguimento
A125: Quinta condizione: risorse quantificate secondo criteri trasparenti e ragionevoli, analiticamente illustrati nella relazione da allegare al contratto decentrato. | E125: Modalità di quantificazione delle risorse
A127: Sesta condizione: risorse rese disponibili solo a consuntivo, dopo aver accertato i risultati. | E127: Descrizione del processo di valutazione e delle tempistiche | H127: La Giunta con Delibera n. xx del xx/xx/20xx ha approvato il Piano della Performance. Con Delibera n. xx del xx/xx/20xx sono stati previsti xx € per finanziare il raggiungimento del presente obiettivo. L'obiettivo sarà valutato a consuntivo dal NIV/OIV e le relative risorse saranno rese disponibili e liquidate solo dopo tale valutazione. Nella delibera è stato deciso dalla Giunta che se l'obiettivo è raggiunto al 90% vengono rese disponibili tutte le risorse, con un raggiungimento tra 89,99 e 70% vengono rese disponibili risorse in maniera direttamente proporzionale. Sotto un raggiungimento del 70% non verrà distribuita alcuna risorsa e le risorse confluiscono nel bilancio dell'Ente
A129: Settima condizione: risorse previste nel bilancio annuale e nel PEG. | E129: Verifica delle disponibilità finanziarie dell’Amministrazione ai fini della copertura delle risorse di cui all'art.15 comma 5 | L129: La costituzione del fondo per le risorse decentrate risulta compatibile con i vincoli in tema di contenimento della spesa del personale ? SI NO
L130: L'Ente ha rispettato il Patto di Stabilità dell'anno precedente e risulta attualmente in linea con il rispetto delle regole del Patto dell'anno in corso? SI NO
L131: L’Ente versa in condizioni deficitarie? SI NO
IS65448: DES | IT65448: TYP | IU65448: ATT | IV65448: VA | IW65448: ADD
IS65449: =#REF!&$C$9 -> #REF! | IT65449: =#REF! -> #REF! | IU65449: =$B$26&" - "&$B$25&" - "&$B$29&" - "&$I$29&" - "&#REF!&" - "&#REF!&" - "&#REF!&" - "&#REF! -> #REF! | IV65449: =$A$32&": "&$I$32&" - "&#REF!&": "&#REF!&" - "&#REF!&": "&#REF!&" - "&#REF!&": "&#REF!&" - "&#REF!&": "&#REF!&" - "&#REF!&": "&#REF!&" - "&$A$34&": "&$I$34&" - "&$A$37&": "&$I$37&" - "&$A$38&": "&$I$38&" - "&#REF!&": "&#REF!&" - "&#REF!&": "&#REF!&" - "&#REF!&": "&#REF!&" - "&#REF!&": "&#REF! -> #REF! | IW65449: =#REF! -> #REF!

Sheet Obj_17 SCARTO LIBRI
A1: Obiettivo gestionale n° 17
A3: Indirizzo Strategico DUP n. 17 | I3: Missione 1
A4: Obj Operativo DUP n. 17 | I4: Programma 01 - 10
A6: Centro di Responsabilità: | E6: CULTURA/SCUOLA | I6: TEMPI :
I7: 2026 | K7: 2027 | M7: 2028
A8: Altri Centri di Responsabilità coinvolti: | I8: X
A9: Titolo Obiettivo gestionale PEG/PERFORMANCE | C9: VALUTAZIONE ANALISI DELLA PROCEDURA DI SCARTO DEI VOLUMI DELLA BIBLIOTECA E RELAZIONE
A11: Descrizione obiettivo | C11: Con il presente obiettivo la biblioteca dovrà essere sottoposta ad una revisione e riordino del piano terzo, a cominciare da una valutazione delle procedure di scarto dei volumi. Sarà necessaria effettuare anche una relazione
A24: Descrizione delle fasi di attuazione:
A25: 1 | B25: ANALISI DELLA PROCEDURA DI SCARTO DEI VOLUMI DELLA BIBLIOTECA - piano III
A26: 2 | B26: Relazione
A27: 3 | B27: Direzione e Coordinamento attività della cooperativa affidataria
A28: 4 | B28: Procedura di scarto
A29: INDICATORI DI RISULTATO
A30: Indicatori di Efficacia Quantitativa | I30: ATTESO 2026 | K30: RAGGIUNTO 2026 | M30: Scostamento | O30: 2027 | Q30: RAGGIUNTO | S30: 2028
A31: N. ANALISI DELLA PROCEDURA DI SCARTO DEI VOLUMI DELLA BIBLIOTECA - piano III | I31: 700
A36: Indicatori Temporali | I36: ATTESO 2026 | K36: RAGGIUNTO 2026 | M36: Scostamento | O36: 2027 | Q36: RAGGIUNTO | S36: 2028
A37: procedura di scarto: 1. compilazione schede tecniche per la soprintendenza bibliografica - 2. redazione relazione tecnica-motivaizonale e trasmissione elenchi di scarto per successivoiter di approvazione. | I37: Entro 31/12/2026
A38: Invio alla Regione del piano attività biblioteca civica | I38: Entro 30/09/2026
A41: Indicatori di Efficienza | I41: ATTESO 2026 | K41: RAGGIUNTO 2026 | M41: Scostamento | O41: 2027 | Q41: RAGGIUNTO | S41: 2028
A44: Indici di Efficacia Qualitativa | I44: ATTESO 2026 | K44: RAGGIUNTO 2026 | M44: Scostamento | O44: 2027 | Q44: RAGGIUNTO | S44: 2028
A48: CRONOPROGRAMMA
A49: FASI E TEMPI | C49: Gennaio | D49: Febbraio | E49: Marzo | F49: Aprile | G49: Maggio | H49: Giugno | I49: Luglio | J49: Agosto | K49: Settembre | L49: Ottobre | M49: Novembre | N49: Dicembre
A50: 1 | C50: x | D50: x | E50: x | F50: x | G50: x | H50: x | I50: x | J50: x | K50: x | L50: x | M50: x | N50: x
A52: 2 | G52: x | H52: x | I52: x | J52: x | K52: x | L52: x | M52: x | N52: x
A54: 3 | G54: x | H54: x | I54: x | J54: x | K54: x | L54: x | M54: x | N54: x
A56: 4 | G56: x | H56: x | I56: x | J56: x | K56: x | L56: x | M56: x | N56: x
A60: MEDIA VALORE RAGGIUNTO % | H60: MEDIA VALORE RAGGIUNTO %
A61: MEDIA RISPETTO DEI TEMPI % | H61: MEDIA RISPETTO DEI TEMPI %
A63: Analisi degli scostamenti | H63: Analisi degli scostamenti
A64: Cause | H64: Cause
A67: Effetti | H67: Effetti
A70: Provvedimenti correttivi | H70: Provvedimenti correttivi
A71: Intrapresi | H71: Intrapresi
A74: Da attivare | H74: Da attivare
A78: PERSONALE COINVOLTO NELL'OBIETTIVO
A79: AREE | B79: Cognome e Nome | G79: % tempo dedicato
A81: Funzionari ex D | B81: Marino Francesca | G81: 100
A91: =COUNTA(B80:F90) -> 1
A93: RISORSE AGGIUNTIVE UTILIZZATE
A94: Tipologia | E94: Descrizione | M94: Costo
A101: COSTO COMPLESSIVO DELL'OBIETTIVO
A104: RISORSE AGGIUNTIVE ai sensi del comma 5 art. 15 CCNL 1.4.1999
A105: 7 CRITERI ARAN
A106: Prima condizione: più risorse per il fondo in cambio di maggiori servizi | E106: Descrizione nuovo servizio oppure Descrizione del miglioramento quali-quantitativo dei servizi, concreto, tangibile e verificabile:
A108: Seconda condizione: non generici miglioramenti dei servizi ma concreti risultati | E108: Descrizione del fatto “verificabile e chiaramente percepibile dall’utenza di riferimento:
A110: Terza condizione: risultati verificabili attraverso standard, indicatori e/o attraverso i giudizi espressi dall’utenza. | E110: Descrizione standard di miglioramento:
A112: Quarta condizione: risultati difficili che possono essere conseguiti attraverso un ruolo attivo e determinante del personale interno. | E112: Descrizione del ruolo importante del personale nel loro conseguimento
A114: Quinta condizione: risorse quantificate secondo criteri trasparenti e ragionevoli, analiticamente illustrati nella relazione da allegare al contratto decentrato. | E114: Modalità di quantificazione delle risorse
A116: Sesta condizione: risorse rese disponibili solo a consuntivo, dopo aver accertato i risultati. | E116: Descrizione del processo di valutazione e delle tempistiche | H116: La Giunta con Delibera n. xx del xx/xx/20xx ha approvato il Piano della Performance. Con Delibera n. xx del xx/xx/20xx sono stati previsti xx € per finanziare il raggiungimento del presente obiettivo. L'obiettivo sarà valutato a consuntivo dal NIV/OIV e le relative risorse saranno rese disponibili e liquidate solo dopo tale valutazione. Nella delibera è stato deciso dalla Giunta che se l'obiettivo è raggiunto al 90% vengono rese disponibili tutte le risorse, con un raggiungimento tra 89,99 e 70% vengono rese disponibili risorse in maniera direttamente proporzionale. Sotto un raggiungimento del 70% non verrà distribuita alcuna risorsa e le risorse confluiscono nel bilancio dell'Ente
A118: Settima condizione: risorse previste nel bilancio annuale e nel PEG. | E118: Verifica delle disponibilità finanziarie dell’Amministrazione ai fini della copertura delle risorse di cui all'art.15 comma 5 | L118: La costituzione del fondo per le risorse decentrate risulta compatibile con i vincoli in tema di contenimento della spesa del personale ? SI NO
L119: L'Ente ha rispettato il Patto di Stabilità dell'anno precedente e risulta attualmente in linea con il rispetto delle regole del Patto dell'anno in corso? SI NO
L120: L’Ente versa in condizioni deficitarie? SI NO
IS65437: DES | IT65437: TYP | IU65437: ATT | IV65437: VA | IW65437: ADD
IS65438: =#REF!&$C$9 -> #REF! | IT65438: =#REF! -> #REF! | IU65438: =$B$26&" - "&$B$25&" - "&#REF!&" - "&#REF!&" - "&#REF!&" - "&#REF!&" - "&#REF!&" - "&#REF! -> #REF! | IV65438: =$A$31&": "&$I$31&" - "&#REF!&": "&#REF!&" - "&#REF!&": "&#REF!&" - "&#REF!&": "&#REF!&" - "&#REF!&": "&#REF!&" - "&#REF!&": "&#REF!&" - "&$A$33&": "&$I$33&" - "&$A$36&": "&$I$36&" - "&$A$37&": "&$I$37&" - "&#REF!&": "&#REF!&" - "&#REF!&": "&#REF!&" - "&#REF!&": "&#REF!&" - "&#REF!&": "&#REF! -> #REF! | IW65438: =#REF! -> #REF!

Sheet Obj_18 25°
A1: Obiettivo gestionale n° 18
A3: Indirizzo Strategico DUP n. 18 | I3: Missione 1
A4: Obj Operativo DUP n. 18 | I4: Programma 01 - 10
A6: Centro di Responsabilità: | E6: CULTURA/TURISMO | I6: TEMPI :
I7: 2026 | K7: 2027 | M7: 2028
A8: Altri Centri di Responsabilità coinvolti: | E8: TECNICO / POLIZIA LOCALE | I8: X
A9: Titolo Obiettivo gestionale PEG/PERFORMANCE | C9: Manifestazione 25 anni di Lanzo Città
A10: Descrizione obiettivo | C10: Il Comune di Lanzo Torinese nel 2026 festeggia i 25 anni dalla proclamazione del titolo di "Città". L'amministrazione intende valorizzare con un importante manifestazione tale ricorrenza. Gli eventi dureranno più giorni e saranno organizzate attività, conferenza e una mostra dei documenti dell'archivio storico comunale. Al fine di migliorare l'immagine delle struttre comunali, occorrerà procedere all'allestimento del giardino del cortile comunale e procedere con la pulizia dei principali corridoi e locali dell'edificio comunale. Nell'ambito delle manifestazioni bisognerà garantire la sicurezza e il rispetto della viabilità
A23: Descrizione delle fasi di attuazione:
A24: 1 | B24: Incontri con amministratori e associazioni per definire il calendario attività e programmi
A25: 2 | B25: Coordinamento associazioni
A26: 3 | B26: Organizzazione mostra dei documenti dell'archivio storico comunale.
A27: 4 | B27: Gestione manifestazione
A29: INDICATORI DI RISULTATO
A30: Indicatori di Efficacia Quantitativa | I30: ATTESO 2026 | K30: RAGGIUNTO 2026 | M30: Scostamento | O30: 2027 | Q30: RAGGIUNTO | S30: 2028
A31: N. associazioni coordinate | I31: 4
A36: Indicatori Temporali | I36: ATTESO 2026 | K36: RAGGIUNTO 2026 | M36: Scostamento | O36: 2027 | Q36: RAGGIUNTO | S36: 2028
A37: Realizzazione manifestazione | I37: Entro 31/05/2026
A38: Iter autorizzatorio con Sovrintendenza archivistica del Piemonte | I38: Entro 31/05/2026
A39: allestimento del giardino del cortile comunale e procedere con la pulizia dei principali corridoi e locali dell'edificio comunale. | I39: Entro 31/05/2026
A41: Indicatori di Efficienza | I41: ATTESO 2026 | K41: RAGGIUNTO 2026 | M41: Scostamento | O41: 2027 | Q41: RAGGIUNTO | S41: 2028
A44: Indici di Efficacia Qualitativa | I44: ATTESO 2026 | K44: RAGGIUNTO 2026 | M44: Scostamento | O44: 2027 | Q44: RAGGIUNTO | S44: 2028
A48: CRONOPROGRAMMA
A49: FASI E TEMPI | C49: Gennaio | D49: Febbraio | E49: Marzo | F49: Aprile | G49: Maggio | H49: Giugno | I49: Luglio | J49: Agosto | K49: Settembre | L49: Ottobre | M49: Novembre | N49: Dicembre
A50: 1 | C50: x | D50: x | E50: x | F50: x | G50: x
A52: 2 | C52: x | D52: x | E52: x | F52: x | G52: x
A54: 3 | C54: x | D54: x | E54: x | F54: x | G54: x
A56: 4 | G56: X
A70: MEDIA VALORE RAGGIUNTO % | H70: MEDIA VALORE RAGGIUNTO %
A71: MEDIA RISPETTO DEI TEMPI % | H71: MEDIA RISPETTO DEI TEMPI %
A73: Analisi degli scostamenti | H73: Analisi degli scostamenti
A74: Cause | H74: Cause
A77: Effetti | H77: Effetti
A80: Provvedimenti correttivi | H80: Provvedimenti correttivi
A81: Intrapresi | H81: Intrapresi
A84: Da attivare | H84: Da attivare
A88: PERSONALE COINVOLTO NELL'OBIETTIVO
A89: AREE | B89: Cognome e Nome | G89: % tempo dedicato
A90: Istruttori ex C | B90: Orlando Fabio | G90: 10 | Q90: =20/100 -> 0.2
A91: Funzionari ex D | B91: Marino Francesca | G91: 30 | Q91: =60/100 -> 0.6
A92: Istruttori ex C | B92: Elisa Scomazzon | G92: 10 | Q92: =20/100 -> 0.2
A93: Istruttori ex C | B93: Micheletta Gina Marco | G93: 6
A94: Operatori Esperti ex B5 | B94: Nardo Antonino | G94: 8
A95: Operatori Esperti ex B4 | B95: Massa Claudio | G95: 8
A96: Operatori Esperti ex B1 | B96: Remondetti Framcesco | G96: 8
A97: Istruttori ex C | B97: Togliatto Franco | G97: 2.5
A98: Istruttori ex C | B98: Perissa Giorgia | G98: 2.5
B99: Polizia Locale | G99: 15
A101: =COUNTA(B90:F100) -> 10
A103: RISORSE AGGIUNTIVE UTILIZZATE
A104: Tipologia | E104: Descrizione | M104: Costo
A111: COSTO COMPLESSIVO DELL'OBIETTIVO
A114: RISORSE AGGIUNTIVE ai sensi del comma 5 art. 15 CCNL 1.4.1999
A115: 7 CRITERI ARAN
A116: Prima condizione: più risorse per il fondo in cambio di maggiori servizi | E116: Descrizione nuovo servizio oppure Descrizione del miglioramento quali-quantitativo dei servizi, concreto, tangibile e verificabile:
A118: Seconda condizione: non generici miglioramenti dei servizi ma concreti risultati | E118: Descrizione del fatto “verificabile e chiaramente percepibile dall’utenza di riferimento:
A120: Terza condizione: risultati verificabili attraverso standard, indicatori e/o attraverso i giudizi espressi dall’utenza. | E120: Descrizione standard di miglioramento:
A122: Quarta condizione: risultati difficili che possono essere conseguiti attraverso un ruolo attivo e determinante del personale interno. | E122: Descrizione del ruolo importante del personale nel loro conseguimento
A124: Quinta condizione: risorse quantificate secondo criteri trasparenti e ragionevoli, analiticamente illustrati nella relazione da allegare al contratto decentrato. | E124: Modalità di quantificazione delle risorse
A126: Sesta condizione: risorse rese disponibili solo a consuntivo, dopo aver accertato i risultati. | E126: Descrizione del processo di valutazione e delle tempistiche | H126: La Giunta con Delibera n. xx del xx/xx/20xx ha approvato il Piano della Performance. Con Delibera n. xx del xx/xx/20xx sono stati previsti xx € per finanziare il raggiungimento del presente obiettivo. L'obiettivo sarà valutato a consuntivo dal NIV/OIV e le relative risorse saranno rese disponibili e liquidate solo dopo tale valutazione. Nella delibera è stato deciso dalla Giunta che se l'obiettivo è raggiunto al 90% vengono rese disponibili tutte le risorse, con un raggiungimento tra 89,99 e 70% vengono rese disponibili risorse in maniera direttamente proporzionale. Sotto un raggiungimento del 70% non verrà distribuita alcuna risorsa e le risorse confluiscono nel bilancio dell'Ente
A128: Settima condizione: risorse previste nel bilancio annuale e nel PEG. | E128: Verifica delle disponibilità finanziarie dell’Amministrazione ai fini della copertura delle risorse di cui all'art.15 comma 5 | L128: La costituzione del fondo per le risorse decentrate risulta compatibile con i vincoli in tema di contenimento della spesa del personale ? SI NO
L129: L'Ente ha rispettato il Patto di Stabilità dell'anno precedente e risulta attualmente in linea con il rispetto delle regole del Patto dell'anno in corso? SI NO
L130: L’Ente versa in condizioni deficitarie? SI NO
IS65447: DES | IT65447: TYP | IU65447: ATT | IV65447: VA | IW65447: ADD
IS65448: =#REF!&$C$9 -> #REF! | IT65448: =#REF! -> #REF! | IU65448: =$B$25&" - "&$B$24&" - "&$B$28&" - "&$I$28&" - "&#REF!&" - "&#REF!&" - "&#REF!&" - "&#REF! -> #REF! | IV65448: =$A$31&": "&$I$31&" - "&#REF!&": "&#REF!&" - "&#REF!&": "&#REF!&" - "&#REF!&": "&#REF!&" - "&#REF!&": "&#REF!&" - "&#REF!&": "&#REF!&" - "&$A$33&": "&$I$33&" - "&$A$36&": "&$I$36&" - "&$A$37&": "&$I$37&" - "&#REF!&": "&#REF!&" - "&#REF!&": "&#REF!&" - "&#REF!&": "&#REF!&" - "&#REF!&": "&#REF! -> #REF! | IW65448: =#REF! -> #REF!

Sheet Obj_19 cie
A1: Obiettivo gestionale n° 19
A3: Indirizzo Strategico DUP n. 19 | I3: Missione XXX
A4: Obj Operativo DUP n. 19 | I4: Programma XXXX
A6: Centro di Responsabilità: | E6: Anagrafe/stato civile | I6: TEMPI :
I7: 2026 | K7: 2027 | M7: 2028
A8: Altri Centri di Responsabilità coinvolti: | I8: X
A9: Titolo Obiettivo gestionale PEG/PERFORMANCE | C9: Passaggio a CIE
A11: Descrizione obiettivo | C11: Nel corso dell'anno 2026 dovrà essere accolta la cittadinanza per il passaggio dalla carta di identità cartacea a quella elettronica (entro 31/08/2026). Sono attese pertanto un maggior numero di cittadini. L'ufficio nel corso dell'anno ha raddoppiato il flusso degli utenti
A24: Descrizione delle fasi di attuazione:
A25: 1 | B25: Accoglienza cittadini per passaggio a CIE (compresa comunicazione alla cittadinanza)
A30: INDICATORI DI RISULTATO
A31: Indicatori di Efficacia Quantitativa | I31: ATTESO 2026 | K31: RAGGIUNTO 2026 | M31: Scostamento | O31: 2027 | Q31: 2028
A32: N. carte identità cartacee da sostituire | I32: 998
A36: Indicatori Temporali | I36: ATTESO 2026 | K36: RAGGIUNTO 2026 | M36: Scostamento | O36: 2027 | Q36: 2028
A41: Indicatori di Efficienza | I41: ATTESO 2026 | K41: RAGGIUNTO 2026 | M41: Scostamento | O41: 2027 | Q41: 2028
A45: Indici di Efficacia Qualitativa | I45: ATTESO 2026 | K45: RAGGIUNTO 2026 | M45: Scostamento | O45: 2027 | Q45: 2028
A49: CRONOPROGRAMMA
A50: FASI E TEMPI | C50: Gennaio | D50: Febbraio | E50: Marzo | F50: Aprile | G50: Maggio | H50: Giugno | I50: Luglio | J50: Agosto | K50: Settembre | L50: Ottobre | M50: Novembre | N50: Dicembre
A51: 1 | C51: X | D51: X | E51: X | F51: X | G51: X | H51: X | I51: X | J51: X
A71: MEDIA VALORE RAGGIUNTO % | H71: MEDIA VALORE RAGGIUNTO %
A72: MEDIA RISPETTO DEI TEMPI % | H72: MEDIA RISPETTO DEI TEMPI %
A74: Analisi degli scostamenti | H74: Analisi degli scostamenti
A75: Cause | H75: Cause
A78: Effetti | H78: Effetti
A81: Provvedimenti correttivi | H81: Provvedimenti correttivi
A82: Intrapresi | H82: Intrapresi
A85: Da attivare | H85: Da attivare
A89: PERSONALE COINVOLTO NELL'OBIETTIVO
A90: Area | B90: Cognome e Nome | G90: % tempo dedicato
A91: Istruttori ex cat. C | B91: BISAIA Rosita | G91: 45
A92: Istruttori ex cat. C | B92: SEGRETARIO Emanuela | G92: 45
A93: Operatore Esperto ex B3 | B93: Filippo Loria | G93: 10
A102: =COUNTA(B91:F101) -> 3
A104: RISORSE AGGIUNTIVE UTILIZZATE
A105: Tipologia | E105: Descrizione | M105: Costo
A112: COSTO COMPLESSIVO DELL'OBIETTIVO
A115: RISORSE AGGIUNTIVE ai sensi del comma 5 art. 15 CCNL 1.4.1999
A116: 7 CRITERI ARAN
A117: Prima condizione: più risorse per il fondo in cambio di maggiori servizi | E117: Descrizione nuovo servizio oppure Descrizione del miglioramento quali-quantitativo dei servizi, concreto, tangibile e verificabile:
A119: Seconda condizione: non generici miglioramenti dei servizi ma concreti risultati | E119: Descrizione del fatto “verificabile e chiaramente percepibile dall’utenza di riferimento:
A121: Terza condizione: risultati verificabili attraverso standard, indicatori e/o attraverso i giudizi espressi dall’utenza. | E121: Descrizione standard di miglioramento:
A123: Quarta condizione: risultati difficili che possono essere conseguiti attraverso un ruolo attivo e determinante del personale interno. | E123: Descrizione del ruolo importante del personale nel loro conseguimento
A125: Quinta condizione: risorse quantificate secondo criteri trasparenti e ragionevoli, analiticamente illustrati nella relazione da allegare al contratto decentrato. | E125: Modalità di quantificazione delle risorse
A127: Sesta condizione: risorse rese disponibili solo a consuntivo, dopo aver accertato i risultati. | E127: Descrizione del processo di valutazione e delle tempistiche | H127: La Giunta con Delibera n. xx del xx/xx/20xx ha approvato il Piano della Performance. Con Delibera n. xx del xx/xx/20xx sono stati previsti xx € per finanziare il raggiungimento del presente obiettivo. L'obiettivo sarà valutato a consuntivo dal NIV/OIV e le relative risorse saranno rese disponibili e liquidate solo dopo tale valutazione. Nella delibera è stato deciso dalla Giunta che se l'obiettivo è raggiunto al 90% vengono rese disponibili tutte le risorse, con un raggiungimento tra 89,99 e 70% vengono rese disponibili risorse in maniera direttamente proporzionale. Sotto un raggiungimento del 70% non verrà distribuita alcuna risorsa e le risorse confluiscono nel bilancio dell'Ente
A129: Settima condizione: risorse previste nel bilancio annuale e nel PEG. | E129: Verifica delle disponibilità finanziarie dell’Amministrazione ai fini della copertura delle risorse di cui all'art.15 comma 5 | L129: La costituzione del fondo per le risorse decentrate risulta compatibile con i vincoli in tema di contenimento della spesa del personale ? SI NO
L130: L'Ente ha rispettato il Patto di Stabilità dell'anno precedente e risulta attualmente in linea con il rispetto delle regole del Patto dell'anno in corso? SI NO
L131: L’Ente versa in condizioni deficitarie? SI NO
IQ65448: DES | IR65448: TYP | IS65448: ATT | IT65448: VA | IU65448: ADD
IQ65449: =#REF!&$C$9 -> #REF! | IR65449: =#REF! -> #REF! | IS65449: =$B$25&" - "&$B$26&" - "&$B$29&" - "&$I$29&" - "&#REF!&" - "&#REF!&" - "&#REF!&" - "&#REF! -> #REF! | IT65449: =$A$32&": "&$I$32&" - "&#REF!&": "&#REF!&" - "&#REF!&": "&#REF!&" - "&#REF!&": "&#REF!&" - "&#REF!&": "&#REF!&" - "&#REF!&": "&#REF!&" - "&$A$34&": "&$I$34&" - "&$A$36&": "&$I$36&" - "&$A$37&": "&$I$37&" - "&#REF!&": "&#REF!&" - "&#REF!&": "&#REF!&" - "&#REF!&": "&#REF!&" - "&#REF!&": "&#REF! -> #REF! | IU65449: =#REF! -> #REF!

Sheet Obj_20 concessioni
A1: Obiettivo gestionale n° 20
A3: Indirizzo Strategico DUP n. 20 | I3: Missione xxxx
A4: Obj Operativo DUP n. 20 | I4: Programma xxxx
A6: Centro di Responsabilità: | E6: SEGRETERIA | I6: TEMPI :
I7: 2026 | K7: 2027 | M7: 2028
A8: Altri Centri di Responsabilità coinvolti: | I8: X
A9: Titolo Obiettivo gestionale PEG/PERFORMANCE | C9: Verifica straordinaria scadenza delle concessioni
A11: Descrizione obiettivo | C11: Il presente obiettivo intende effettuare una verifica straordinario della scadenza delle concessioni. Tale obiettivo sarà importante per mappare le scadenze e effettuare un corretto intervento temporale al fine di efficientare la gestione degli spazi. . Nel corso dell'anno sarà effettuato un aggiornamento costante del programma TOMBAL
A24: Descrizione delle fasi di attuazione:
A25: 1 | B25: Verifica straordinaria scadenza delle concessioni
A26: 2 | B26: Aggiornamento costante del programma TOMBAL
A29: INDICATORI DI RISULTATO
A30: Indicatori di Efficacia Quantitativa | I30: ATTESO 2026 | K30: RAGGIUNTO 2026 | M30: Scostamento | O30: 2027 | Q30: RAGGIUNTO | S30: 2028
A32: N. concessioni da rinnovare / rinnovate | I32: 30
A36: Indicatori Temporali | I36: ATTESO 2026 | K36: RAGGIUNTO 2026 | M36: Scostamento | O36: 2027 | Q36: RAGGIUNTO | S36: 2028
A37: Verifica straordinaria scadenza delle concessioni | I37: Entro il 15/11/2026
A38: Aggiornamento costante del programma TOMBAL | I38: Entro il 31/12/2026
A41: Indicatori di Efficienza | I41: ATTESO 2026 | K41: RAGGIUNTO 2026 | M41: Scostamento | O41: 2027 | Q41: RAGGIUNTO | S41: 2028
A44: Indici di Efficacia Qualitativa | I44: ATTESO 2026 | K44: RAGGIUNTO 2026 | M44: Scostamento | O44: 2027 | Q44: RAGGIUNTO | S44: 2028
A48: CRONOPROGRAMMA
A49: FASI E TEMPI | C49: Gennaio | D49: Febbraio | E49: Marzo | F49: Aprile | G49: Maggio | H49: Giugno | I49: Luglio | J49: Agosto | K49: Settembre | L49: Ottobre | M49: Novembre | N49: Dicembre
A50: 1 | C50: x | D50: x | E50: x | F50: x | G50: x | H50: x | I50: x | J50: x | K50: x | L50: x | M50: x
A52: 2 | G52: x | H52: x | I52: x | J52: x | K52: x | L52: x | M52: x | N52: x
A60: MEDIA VALORE RAGGIUNTO % | H60: MEDIA VALORE RAGGIUNTO %
A61: MEDIA RISPETTO DEI TEMPI % | H61: MEDIA RISPETTO DEI TEMPI %
A63: Analisi degli scostamenti | H63: Analisi degli scostamenti
A64: Cause | H64: Cause
A67: Effetti | H67: Effetti
A70: Provvedimenti correttivi | H70: Provvedimenti correttivi
A71: Intrapresi | H71: Intrapresi
A74: Da attivare | H74: Da attivare
A78: PERSONALE COINVOLTO NELL'OBIETTIVO
A79: AREE | B79: Cognome e Nome | G79: % tempo dedicato
A80: Istruttori ex C | B80: Bisaia Rosita | G80: 60
A81: Istruttori ex C | B81: Scomazzon Elisa | G81: 30
A82: Istruttori ex C | B82: Segretario Emanuela | G82: 10
A91: =COUNTA(B80:F90) -> 3
A93: RISORSE AGGIUNTIVE UTILIZZATE
A94: Tipologia | E94: Descrizione | M94: Costo
A101: COSTO COMPLESSIVO DELL'OBIETTIVO
A104: RISORSE AGGIUNTIVE ai sensi del comma 5 art. 15 CCNL 1.4.1999
A105: 7 CRITERI ARAN
A106: Prima condizione: più risorse per il fondo in cambio di maggiori servizi | E106: Descrizione nuovo servizio oppure Descrizione del miglioramento quali-quantitativo dei servizi, concreto, tangibile e verificabile:
A108: Seconda condizione: non generici miglioramenti dei servizi ma concreti risultati | E108: Descrizione del fatto “verificabile e chiaramente percepibile dall’utenza di riferimento:
A110: Terza condizione: risultati verificabili attraverso standard, indicatori e/o attraverso i giudizi espressi dall’utenza. | E110: Descrizione standard di miglioramento:
A112: Quarta condizione: risultati difficili che possono essere conseguiti attraverso un ruolo attivo e determinante del personale interno. | E112: Descrizione del ruolo importante del personale nel loro conseguimento
A114: Quinta condizione: risorse quantificate secondo criteri trasparenti e ragionevoli, analiticamente illustrati nella relazione da allegare al contratto decentrato. | E114: Modalità di quantificazione delle risorse
A116: Sesta condizione: risorse rese disponibili solo a consuntivo, dopo aver accertato i risultati. | E116: Descrizione del processo di valutazione e delle tempistiche | H116: La Giunta con Delibera n. xx del xx/xx/20xx ha approvato il Piano della Performance. Con Delibera n. xx del xx/xx/20xx sono stati previsti xx € per finanziare il raggiungimento del presente obiettivo. L'obiettivo sarà valutato a consuntivo dal NIV/OIV e le relative risorse saranno rese disponibili e liquidate solo dopo tale valutazione. Nella delibera è stato deciso dalla Giunta che se l'obiettivo è raggiunto al 90% vengono rese disponibili tutte le risorse, con un raggiungimento tra 89,99 e 70% vengono rese disponibili risorse in maniera direttamente proporzionale. Sotto un raggiungimento del 70% non verrà distribuita alcuna risorsa e le risorse confluiscono nel bilancio dell'Ente
A118: Settima condizione: risorse previste nel bilancio annuale e nel PEG. | E118: Verifica delle disponibilità finanziarie dell’Amministrazione ai fini della copertura delle risorse di cui all'art.15 comma 5 | L118: La costituzione del fondo per le risorse decentrate risulta compatibile con i vincoli in tema di contenimento della spesa del personale ? SI NO
L119: L'Ente ha rispettato il Patto di Stabilità dell'anno precedente e risulta attualmente in linea con il rispetto delle regole del Patto dell'anno in corso? SI NO
L120: L’Ente versa in condizioni deficitarie? SI NO
IS65437: DES | IT65437: TYP | IU65437: ATT | IV65437: VA | IW65437: ADD
IS65438: =#REF!&$C$9 -> #REF! | IT65438: =#REF! -> #REF! | IU65438: =$B$26&" - "&$B$25&" - "&#REF!&" - "&#REF!&" - "&#REF!&" - "&#REF!&" - "&#REF!&" - "&#REF! -> #REF! | IV65438: =$A$31&": "&$I$31&" - "&#REF!&": "&#REF!&" - "&#REF!&": "&#REF!&" - "&#REF!&": "&#REF!&" - "&#REF!&": "&#REF!&" - "&#REF!&": "&#REF!&" - "&$A$33&": "&$I$33&" - "&$A$36&": "&$I$36&" - "&$A$37&": "&$I$37&" - "&#REF!&": "&#REF!&" - "&#REF!&": "&#REF!&" - "&#REF!&": "&#REF!&" - "&#REF!&": "&#REF! -> #REF! | IW65438: =#REF! -> #REF!

Sheet Obj_21 toponomastica
A1: Obiettivo gestionale n° 21
A3: Indirizzo Strategico DUP n. 21 | I3: Missione xxxx
A4: Obj Operativo DUP n. 21 | I4: Programma xxxx
A6: Centro di Responsabilità: | E6: SEGRETERIA | I6: TEMPI :
I7: 2025 | K7: 2026 | M7: 2027
A8: Altri Centri di Responsabilità coinvolti: | I8: X | K8: x | M8: x
A9: Titolo Obiettivo gestionale PEG/PERFORMANCE | C9: Verifica della toponomastica e modifica di denominazione e riassegnazione numeri civici
A11: Descrizione obiettivo | C11: Il presente obiettivo intende effettuare una verifica straordinario della toponomastica in particolare di via Challant , di una Chintana e dei giardini della stazione ferroviaria. Nel corso dell'anno sarà opportuno procedere alla modifica della denominazione delle vie predette e la conseguente ri assegnazione dei numeri civici
A24: Descrizione delle fasi di attuazione:
A25: 1 | B25: Verifica straordinaria della toponomastica | H25: 5 | I25: Assegnazione n. civici nuovi a 4 nuove vie
A26: 2 | B26: Modifica via Challant e assegnazione numeri civici
A27: 3 | B27: Intitolazione giardini della stazione
A28: 4 | B28: Assegnazione nome alla Chintana
A29: INDICATORI DI RISULTATO
A30: Indicatori di Efficacia Quantitativa | I30: ATTESO 2025 | K30: RAGGIUNTO 2025 | M30: Scostamento | O30: 2026 | Q30: RAGGIUNTO | S30: 2027
A31: Numerazioni civici di n. vie con cambio toponamastica | O31: 2 | S31: 2
A36: Indicatori Temporali | I36: ATTESO 2025 | K36: RAGGIUNTO 2025 | M36: Scostamento | O36: 2026 | Q36: RAGGIUNTO | S36: 2027
A37: Modifica via Challant e assegnazione numeri civici | I37: Entro il 31/07/2025
A38: Intitolazione giardini della stazione | O38: Entro il 30/06/2026
A39: Assegnazione nome alla Chintana | O39: Entro il 30/06/2026
A40: Numerazioni civici di n.2 vie con cambio toponamastica | O40: Entro il 31/12/2026
A41: Numerazioni civici di n.2 vie con cambio toponamastica | S41: Entro il 31/12/2027
A42: Indicatori di Efficienza | I42: ATTESO 2025 | K42: RAGGIUNTO 2025 | M42: Scostamento | O42: 2026 | Q42: RAGGIUNTO | S42: 2027
A45: Indici di Efficacia Qualitativa | I45: ATTESO 2024 | K45: RAGGIUNTO 2024 | M45: Scostamento | O45: 2025 | Q45: RAGGIUNTO | S45: 2026
A49: CRONOPROGRAMMA
A50: FASI E TEMPI | C50: Gennaio | D50: Febbraio | E50: Marzo | F50: Aprile | G50: Maggio | H50: Giugno | I50: Luglio | J50: Agosto | K50: Settembre | L50: Ottobre | M50: Novembre | N50: Dicembre
A51: 1 | C51: x | D51: x | E51: x | F51: x | G51: x | H51: x | I51: x | J51: x | K51: x | L51: x | M51: x | N51: x
A53: 2 | G53: x | H53: x | I53: x
A55: 3 (2026) | G55: x | H55: x
A57: 4 (2026) | G57: x | H57: x
A59: 5 (2026) | C59: x | D59: x | E59: x | F59: x | G59: x | H59: x | I59: x | J59: x | K59: x | L59: x | M59: x | N59: x
A61: 5 (2027) | C61: x | D61: x | E61: x | F61: x | G61: x | H61: x | I61: x | J61: x | K61: x | L61: x | M61: x | N61: x
A63: MEDIA VALORE RAGGIUNTO % | H63: MEDIA VALORE RAGGIUNTO %
A64: MEDIA RISPETTO DEI TEMPI % | H64: MEDIA RISPETTO DEI TEMPI %
A66: Analisi degli scostamenti | H66: Analisi degli scostamenti
A67: Cause | H67: Cause
A70: Effetti | H70: Effetti
A73: Provvedimenti correttivi | H73: Provvedimenti correttivi
A74: Intrapresi | H74: Intrapresi
A77: Da attivare | H77: Da attivare
A81: PERSONALE COINVOLTO NELL'OBIETTIVO
A82: AREE | B82: Cognome e Nome | G82: % tempo dedicato
A83: Istruttori ex C | B83: Omaggio Fabrizio | G83: 30
A84: Istruttori ex C | B84: Cima Alessandro | G84: 5
A85: Istruttori ex C | B85: Segretario Emanuela | G85: 32
A86: Funzionari ex D | B86: Marino Francesca | G86: 5
A87: Funzionari ex D | B87: Giada Benedetta Airola | G87: 18
A88: Istruttori ex C | B88: Perotti Cinzia | G88: 10
A94: =COUNTA(B83:F93) -> 6
A96: RISORSE AGGIUNTIVE UTILIZZATE
A97: Tipologia | E97: Descrizione | M97: Costo
A104: COSTO COMPLESSIVO DELL'OBIETTIVO
A107: RISORSE AGGIUNTIVE ai sensi del comma 5 art. 15 CCNL 1.4.1999
A108: 7 CRITERI ARAN
A109: Prima condizione: più risorse per il fondo in cambio di maggiori servizi | E109: Descrizione nuovo servizio oppure Descrizione del miglioramento quali-quantitativo dei servizi, concreto, tangibile e verificabile:
A111: Seconda condizione: non generici miglioramenti dei servizi ma concreti risultati | E111: Descrizione del fatto “verificabile e chiaramente percepibile dall’utenza di riferimento:
A113: Terza condizione: risultati verificabili attraverso standard, indicatori e/o attraverso i giudizi espressi dall’utenza. | E113: Descrizione standard di miglioramento:
A115: Quarta condizione: risultati difficili che possono essere conseguiti attraverso un ruolo attivo e determinante del personale interno. | E115: Descrizione del ruolo importante del personale nel loro conseguimento
A117: Quinta condizione: risorse quantificate secondo criteri trasparenti e ragionevoli, analiticamente illustrati nella relazione da allegare al contratto decentrato. | E117: Modalità di quantificazione delle risorse
A119: Sesta condizione: risorse rese disponibili solo a consuntivo, dopo aver accertato i risultati. | E119: Descrizione del processo di valutazione e delle tempistiche | H119: La Giunta con Delibera n. xx del xx/xx/20xx ha approvato il Piano della Performance. Con Delibera n. xx del xx/xx/20xx sono stati previsti xx € per finanziare il raggiungimento del presente obiettivo. L'obiettivo sarà valutato a consuntivo dal NIV/OIV e le relative risorse saranno rese disponibili e liquidate solo dopo tale valutazione. Nella delibera è stato deciso dalla Giunta che se l'obiettivo è raggiunto al 90% vengono rese disponibili tutte le risorse, con un raggiungimento tra 89,99 e 70% vengono rese disponibili risorse in maniera direttamente proporzionale. Sotto un raggiungimento del 70% non verrà distribuita alcuna risorsa e le risorse confluiscono nel bilancio dell'Ente
A121: Settima condizione: risorse previste nel bilancio annuale e nel PEG. | E121: Verifica delle disponibilità finanziarie dell’Amministrazione ai fini della copertura delle risorse di cui all'art.15 comma 5 | L121: La costituzione del fondo per le risorse decentrate risulta compatibile con i vincoli in tema di contenimento della spesa del personale ? SI NO
L122: L'Ente ha rispettato il Patto di Stabilità dell'anno precedente e risulta attualmente in linea con il rispetto delle regole del Patto dell'anno in corso? SI NO
L123: L’Ente versa in condizioni deficitarie? SI NO
IS65440: DES | IT65440: TYP | IU65440: ATT | IV65440: VA | IW65440: ADD
IS65441: =#REF!&$C$9 -> #REF! | IT65441: =#REF! -> #REF! | IU65441: =$B$26&" - "&$B$25&" - "&#REF!&" - "&#REF!&" - "&#REF!&" - "&#REF!&" - "&#REF!&" - "&#REF! -> #REF! | IV65441: =$A$31&": "&$I$31&" - "&#REF!&": "&#REF!&" - "&#REF!&": "&#REF!&" - "&#REF!&": "&#REF!&" - "&#REF!&": "&#REF!&" - "&#REF!&": "&#REF!&" - "&$A$33&": "&$I$33&" - "&$A$36&": "&$I$36&" - "&$A$37&": "&$I$37&" - "&#REF!&": "&#REF!&" - "&#REF!&": "&#REF!&" - "&#REF!&": "&#REF!&" - "&#REF!&": "&#REF! -> #REF! | IW65441: =#REF! -> #REF!

Sheet Obj_22pulizia centro est
A1: Obiettivo gestionale n° 22
A3: Indirizzo Strategico DUP n. 22 | I3: Missione xxxx
A4: Obj Operativo DUP n. 22 | I4: Programma xxxx
A6: Centro di Responsabilità: | E6: SEGRETERIA / CULTURA | I6: TEMPI :
I7: 2026 | K7: 2027 | M7: 2028
A8: Altri Centri di Responsabilità coinvolti: | I8: X
A9: Titolo Obiettivo gestionale PEG/PERFORMANCE | C9: Puilizia quotidiana locali dedicati al centro estivo scuola infanzia
A11: Descrizione obiettivo | C11: Il presente obiettivo , al fine di economizzare la gestione del centro estivo dei bimbi della scuola dell'infanzia, è prevista una pulizia quotidiana di 1 ora al giorno dei locali che ospitano le attività. Tale attività dovrà essere quindi svolta dalla dipendente del servizio fino al dal 2 luglio fino al 1 agosto 2025
A24: Descrizione delle fasi di attuazione:
A25: 1 | B25: Puilizia quotidiana locali dedicati al centro estivo scuola infanzia
A29: INDICATORI DI RISULTATO
A30: Indicatori di Efficacia Quantitativa | I30: ATTESO 2026 | K30: RAGGIUNTO 2026 | M30: Scostamento | O30: 2027 | Q30: RAGGIUNTO | S30: 2028
A36: Indicatori Temporali | I36: ATTESO 2026 | K36: RAGGIUNTO 2026 | M36: Scostamento | O36: 2027 | Q36: RAGGIUNTO | S36: 2028
A37: Puilizia quotidiana locali dedicati al centro estivo scuola infanzia | I37: Quotidiana di 1 ora al giorno dal 1 luglio fino al 31 luglio 2026
A41: Indicatori di Efficienza | I41: ATTESO 2026 | K41: RAGGIUNTO 2026 | M41: Scostamento | O41: 2027 | Q41: RAGGIUNTO | S41: 2028
A44: Indici di Efficacia Qualitativa | I44: ATTESO 2026 | K44: RAGGIUNTO 2026 | M44: Scostamento | O44: 2027 | Q44: RAGGIUNTO | S44: 2028
A48: CRONOPROGRAMMA
A49: FASI E TEMPI | C49: Gennaio | D49: Febbraio | E49: Marzo | F49: Aprile | G49: Maggio | H49: Giugno | I49: Luglio | J49: Agosto | K49: Settembre | L49: Ottobre | M49: Novembre | N49: Dicembre
A50: 1 | I50: x
A60: MEDIA VALORE RAGGIUNTO % | H60: MEDIA VALORE RAGGIUNTO %
A61: MEDIA RISPETTO DEI TEMPI % | H61: MEDIA RISPETTO DEI TEMPI %
A63: Analisi degli scostamenti | H63: Analisi degli scostamenti
A64: Cause | H64: Cause
A67: Effetti | H67: Effetti
A70: Provvedimenti correttivi | H70: Provvedimenti correttivi
A71: Intrapresi | H71: Intrapresi
A74: Da attivare | H74: Da attivare
A78: PERSONALE COINVOLTO NELL'OBIETTIVO
A79: AREE | B79: Cognome e Nome | G79: % tempo dedicato
A80: Operatore Esperto ex B | B80: Benedetto Domenica | G80: 60
A84: Funzionari ex D | B84: Marino Francesca | G84: 40
A91: =COUNTA(B80:F90) -> 2
A93: RISORSE AGGIUNTIVE UTILIZZATE
A94: Tipologia | E94: Descrizione | M94: Costo
A101: COSTO COMPLESSIVO DELL'OBIETTIVO
A104: RISORSE AGGIUNTIVE ai sensi del comma 5 art. 15 CCNL 1.4.1999
A105: 7 CRITERI ARAN
A106: Prima condizione: più risorse per il fondo in cambio di maggiori servizi | E106: Descrizione nuovo servizio oppure Descrizione del miglioramento quali-quantitativo dei servizi, concreto, tangibile e verificabile:
A108: Seconda condizione: non generici miglioramenti dei servizi ma concreti risultati | E108: Descrizione del fatto “verificabile e chiaramente percepibile dall’utenza di riferimento:
A110: Terza condizione: risultati verificabili attraverso standard, indicatori e/o attraverso i giudizi espressi dall’utenza. | E110: Descrizione standard di miglioramento:
A112: Quarta condizione: risultati difficili che possono essere conseguiti attraverso un ruolo attivo e determinante del personale interno. | E112: Descrizione del ruolo importante del personale nel loro conseguimento
A114: Quinta condizione: risorse quantificate secondo criteri trasparenti e ragionevoli, analiticamente illustrati nella relazione da allegare al contratto decentrato. | E114: Modalità di quantificazione delle risorse
A116: Sesta condizione: risorse rese disponibili solo a consuntivo, dopo aver accertato i risultati. | E116: Descrizione del processo di valutazione e delle tempistiche | H116: La Giunta con Delibera n. xx del xx/xx/20xx ha approvato il Piano della Performance. Con Delibera n. xx del xx/xx/20xx sono stati previsti xx € per finanziare il raggiungimento del presente obiettivo. L'obiettivo sarà valutato a consuntivo dal NIV/OIV e le relative risorse saranno rese disponibili e liquidate solo dopo tale valutazione. Nella delibera è stato deciso dalla Giunta che se l'obiettivo è raggiunto al 90% vengono rese disponibili tutte le risorse, con un raggiungimento tra 89,99 e 70% vengono rese disponibili risorse in maniera direttamente proporzionale. Sotto un raggiungimento del 70% non verrà distribuita alcuna risorsa e le risorse confluiscono nel bilancio dell'Ente
A118: Settima condizione: risorse previste nel bilancio annuale e nel PEG. | E118: Verifica delle disponibilità finanziarie dell’Amministrazione ai fini della copertura delle risorse di cui all'art.15 comma 5 | L118: La costituzione del fondo per le risorse decentrate risulta compatibile con i vincoli in tema di contenimento della spesa del personale ? SI NO
L119: L'Ente ha rispettato il Patto di Stabilità dell'anno precedente e risulta attualmente in linea con il rispetto delle regole del Patto dell'anno in corso? SI NO
L120: L’Ente versa in condizioni deficitarie? SI NO
IS65437: DES | IT65437: TYP | IU65437: ATT | IV65437: VA | IW65437: ADD
IS65438: =#REF!&$C$9 -> #REF! | IT65438: =#REF! -> #REF! | IU65438: =$B$26&" - "&$B$25&" - "&#REF!&" - "&#REF!&" - "&#REF!&" - "&#REF!&" - "&#REF!&" - "&#REF! -> #REF! | IV65438: =$A$31&": "&$I$31&" - "&#REF!&": "&#REF!&" - "&#REF!&": "&#REF!&" - "&#REF!&": "&#REF!&" - "&#REF!&": "&#REF!&" - "&#REF!&": "&#REF!&" - "&$A$33&": "&$I$33&" - "&$A$36&": "&$I$36&" - "&$A$37&": "&$I$37&" - "&#REF!&": "&#REF!&" - "&#REF!&": "&#REF!&" - "&#REF!&": "&#REF!&" - "&#REF!&": "&#REF! -> #REF! | IW65438: =#REF! -> #REF!

Sheet Obj_23 mangiaplastica
A1: Obiettivo gestionale n° 23
A3: Indirizzo Strategico DUP n. 23 | I3: Missione xxxx
A4: Obj Operativo DUP n. 23 | I4: Programma xxxx
A6: Centro di Responsabilità: | E6: LL.PP. / TECNICO / TRIBUTI | I6: TEMPI :
I7: 2026 | K7: 2027 | M7: 2028
A8: Altri Centri di Responsabilità coinvolti: | I8: X
A9: Titolo Obiettivo gestionale PEG/PERFORMANCE | C9: Gestione della macchina "mangia plastica"
A11: Descrizione obiettivo | C11: Il presente obiettivo intende gestire al meglio la macchina "mangia plastica" collocata sul territorio comunale. Quotidianamente occorre verificare eventuali anomalie . Non appena piena, la macchina deve essere svuotata e il carico depositato in un apposito cassone. Non appena il cassone risulta pieno occorre portare i rifiuti presso il sito del riciclo. Tutte le attività comportano quindi il coinvolgimento del personale dei settori. Sarà necessario anche effettuare una registrazione sul sito del COREPLA e servirà l'aspetto "amministrativo" di rendicontazione degli scarichi effettuati
A24: Descrizione delle fasi di attuazione:
A25: 1 | B25: Verifica quotidiana eventuali anomalie
A26: 2 | B26: Svuotamento macchina
A27: 3 | B27: Invio cassonetto presso sito del riciclo
A28: 4 | B28: Elaborazioni dell'ecobonus e caricamento sui ruoli
A29: INDICATORI DI RISULTATO
A30: Indicatori di Efficacia Quantitativa | I30: ATTESO 2026 | K30: RAGGIUNTO 2026 | M30: Scostamento | O30: 2027 | Q30: RAGGIUNTO | S30: 2028
A31: Svuotamento macchina (2-3 volte settimana) e manutenzione | I31: =2*52 -> 104
A32: Invio cassonetto presso sito del riciclo | I32: 9
A36: Indicatori Temporali | I36: ATTESO 2026 | K36: RAGGIUNTO 2026 | M36: Scostamento | O36: 2027 | Q36: RAGGIUNTO | S36: 2028
A37: Verifica quotidiana eventuali anomalie | I37: 1
A38: Rendicontazioni per il peso | O38: Entro 28/02/2027
A39: Elaborazioni dell'ecobonus (tramite creazione di un programma dedicato) | I39: Entro 31/12/2026
A41: Indicatori di Efficienza | I41: ATTESO 2026 | K41: RAGGIUNTO 2026 | M41: Scostamento | O41: 2027 | Q41: RAGGIUNTO | S41: 2028
A44: Indici di Efficacia Qualitativa | I44: ATTESO 2026 | K44: RAGGIUNTO 2026 | M44: Scostamento | O44: 2027 | Q44: RAGGIUNTO | S44: 2028
A48: CRONOPROGRAMMA
A49: FASI E TEMPI | C49: Gennaio | D49: Febbraio | E49: Marzo | F49: Aprile | G49: Maggio | H49: Giugno | I49: Luglio | J49: Agosto | K49: Settembre | L49: Ottobre | M49: Novembre | N49: Dicembre
A50: 1 | C50: x | D50: x | E50: x | F50: x | G50: x | H50: x | I50: x | J50: x | K50: x | L50: x | M50: x | N50: x
A52: 2 | C52: x | D52: x | E52: x | F52: x | G52: x | H52: x | I52: x | J52: x | K52: x | L52: x | M52: x | N52: x
A54: 3 | G54: x | H54: x | I54: x | J54: x | K54: x | L54: x | M54: x | N54: x
A56: 4 | G56: x | H56: x | I56: x | J56: x | K56: x | L56: x | M56: x | N56: x
A60: MEDIA VALORE RAGGIUNTO % | H60: MEDIA VALORE RAGGIUNTO %
A61: MEDIA RISPETTO DEI TEMPI % | H61: MEDIA RISPETTO DEI TEMPI %
A63: Analisi degli scostamenti | H63: Analisi degli scostamenti
A64: Cause | H64: Cause
A67: Effetti | H67: Effetti
A70: Provvedimenti correttivi | H70: Provvedimenti correttivi
A71: Intrapresi | H71: Intrapresi
A74: Da attivare | H74: Da attivare
A78: PERSONALE COINVOLTO NELL'OBIETTIVO
A79: AREE | B79: Cognome e Nome | G79: % tempo dedicato
A80: Funzionari ex D | B80: Vincenzo Pugliese
A81: Operatori Esperti ex B5 | B81: Nardo Antonino | G81: 18
A82: Operatori Esperti ex B4 | B82: Massa Claudio | G82: 18
A83: Operatori Esperti ex B1 | B83: Remondetti Framcesco | G83: 18
A84: Istruttore ex C | B84: Micheletta | G84: 5
A85: Funzionari ex D | B85: Giada Benedetta Airola
A86: Funzionari ex D | B86: Negro Giuseppina
A87: Istruttori ex C | B87: Togliatto Franco | G87: 25
A88: Istruttori ex C | B88: Pelissa Giorgia | G88: 10
A89: Istruttori ex C | B89: Maria Perre | G89: 6
A92: =COUNTA(B80:F91) -> 10
A94: RISORSE AGGIUNTIVE UTILIZZATE
A95: Tipologia | E95: Descrizione | M95: Costo
A102: COSTO COMPLESSIVO DELL'OBIETTIVO
A105: RISORSE AGGIUNTIVE ai sensi del comma 5 art. 15 CCNL 1.4.1999
A106: 7 CRITERI ARAN
A107: Prima condizione: più risorse per il fondo in cambio di maggiori servizi | E107: Descrizione nuovo servizio oppure Descrizione del miglioramento quali-quantitativo dei servizi, concreto, tangibile e verificabile:
A109: Seconda condizione: non generici miglioramenti dei servizi ma concreti risultati | E109: Descrizione del fatto “verificabile e chiaramente percepibile dall’utenza di riferimento:
A111: Terza condizione: risultati verificabili attraverso standard, indicatori e/o attraverso i giudizi espressi dall’utenza. | E111: Descrizione standard di miglioramento:
A113: Quarta condizione: risultati difficili che possono essere conseguiti attraverso un ruolo attivo e determinante del personale interno. | E113: Descrizione del ruolo importante del personale nel loro conseguimento
A115: Quinta condizione: risorse quantificate secondo criteri trasparenti e ragionevoli, analiticamente illustrati nella relazione da allegare al contratto decentrato. | E115: Modalità di quantificazione delle risorse
A117: Sesta condizione: risorse rese disponibili solo a consuntivo, dopo aver accertato i risultati. | E117: Descrizione del processo di valutazione e delle tempistiche | H117: La Giunta con Delibera n. xx del xx/xx/20xx ha approvato il Piano della Performance. Con Delibera n. xx del xx/xx/20xx sono stati previsti xx € per finanziare il raggiungimento del presente obiettivo. L'obiettivo sarà valutato a consuntivo dal NIV/OIV e le relative risorse saranno rese disponibili e liquidate solo dopo tale valutazione. Nella delibera è stato deciso dalla Giunta che se l'obiettivo è raggiunto al 90% vengono rese disponibili tutte le risorse, con un raggiungimento tra 89,99 e 70% vengono rese disponibili risorse in maniera direttamente proporzionale. Sotto un raggiungimento del 70% non verrà distribuita alcuna risorsa e le risorse confluiscono nel bilancio dell'Ente
A119: Settima condizione: risorse previste nel bilancio annuale e nel PEG. | E119: Verifica delle disponibilità finanziarie dell’Amministrazione ai fini della copertura delle risorse di cui all'art.15 comma 5 | L119: La costituzione del fondo per le risorse decentrate risulta compatibile con i vincoli in tema di contenimento della spesa del personale ? SI NO
L120: L'Ente ha rispettato il Patto di Stabilità dell'anno precedente e risulta attualmente in linea con il rispetto delle regole del Patto dell'anno in corso? SI NO
L121: L’Ente versa in condizioni deficitarie? SI NO
IS65438: DES | IT65438: TYP | IU65438: ATT | IV65438: VA | IW65438: ADD
IS65439: =#REF!&$C$9 -> #REF! | IT65439: =#REF! -> #REF! | IU65439: =$B$26&" - "&$B$25&" - "&#REF!&" - "&#REF!&" - "&#REF!&" - "&#REF!&" - "&#REF!&" - "&#REF! -> #REF! | IV65439: =$A$31&": "&$I$31&" - "&#REF!&": "&#REF!&" - "&#REF!&": "&#REF!&" - "&#REF!&": "&#REF!&" - "&#REF!&": "&#REF!&" - "&#REF!&": "&#REF!&" - "&$A$33&": "&$I$33&" - "&$A$36&": "&$I$36&" - "&$A$37&": "&$I$37&" - "&#REF!&": "&#REF!&" - "&#REF!&": "&#REF!&" - "&#REF!&": "&#REF!&" - "&#REF!&": "&#REF! -> #REF! | IW65439: =#REF! -> #REF!

Sheet Obj_24DIGITALIZZAZIONE
A1: Obiettivo gestionale n° 24
A3: Indirizzo Strategico DUP n. 24 | I3: Missione XXX
A4: Obj Operativo DUP n. 24 | I4: Programma XXXX
A6: Centro di Responsabilità: | I6: TEMPI :
I7: 2026 | K7: 2027 | M7: 2028
A8: Altri Centri di Responsabilità coinvolti: | I8: X
A9: Titolo Obiettivo gestionale PEG/PERFORMANCE | C9: Digitalizzazione e bandi PNRR
A11: Descrizione obiettivo | C11: Nel corso del 2026 dovranno essere conclusi n.3 bandi di finanziamento PNRR nell'ambito della digitalizzazione
A24: Descrizione delle fasi di attuazione:
A25: 1 | B25: Piano Transizione Digitale: perseguimento obiettivi locali
A30: INDICATORI DI RISULTATO
A31: Indicatori di Efficacia Quantitativa | I31: ATTESO 2026 | K31: RAGGIUNTO 2026 | M31: Scostamento | O31: 2027 | Q31: RAGGIUNTO 2027 | R31: 2027
A33: N. bandi PNRR da ultimare | I33: 3
A39: Indicatori Temporali | I39: ATTESO 2026 | K39: RAGGIUNTO 2026 | M39: Scostamento | O39: 2027 | Q39: RAGGIUNTO 2027 | R39: 2027
A40: Conclusione rendicontazione | I40: Entro 31/12/2026
A41: Conclusione lavori | I41: Entro 31/12/2026
A44: Indicatori di Efficienza | I44: ATTESO 2026 | K44: RAGGIUNTO 2026 | M44: Scostamento | O44: 2027 | Q44: RAGGIUNTO 2027 | R44: 2027
A48: Indici di Efficacia Qualitativa | I48: ATTESO 2026 | K48: RAGGIUNTO 2026 | M48: Scostamento | O48: 2027 | Q48: RAGGIUNTO 2027 | R48: 2027
A52: CRONOPROGRAMMA
A53: FASI E TEMPI | C53: Gennaio | D53: Febbraio | E53: Marzo | F53: Aprile | G53: Maggio | H53: Giugno | I53: Luglio | J53: Agosto | K53: Settembre | L53: Ottobre | M53: Novembre | N53: Dicembre
A54: 1 | C54: x | D54: x | E54: x | F54: x | G54: x | H54: x | I54: x | J54: x | K54: x | L54: x | M54: x | N54: x
A80: MEDIA VALORE RAGGIUNTO % | H80: MEDIA VALORE RAGGIUNTO %
A81: MEDIA RISPETTO DEI TEMPI % | H81: MEDIA RISPETTO DEI TEMPI %
A83: Analisi degli scostamenti | H83: Analisi degli scostamenti
A84: Cause | H84: Cause
A87: Effetti | H87: Effetti
A90: Provvedimenti correttivi | H90: Provvedimenti correttivi
A91: Intrapresi | H91: Intrapresi
A94: Da attivare | H94: Da attivare
A98: PERSONALE COINVOLTO NELL'OBIETTIVO
A99: Aree | B99: Cognome e Nome | G99: % tempo dedicato
A101: Istruttori ex C | B101: Alessandro Cima | G101: 70
A103: Funzionari ex D | B103: Giada Airola
A104: Funzionari ex D | B104: Marino Francesca
A105: Istruttori ex C | B105: Colombo Stefania | G105: 30
A111: =COUNTA(B100:F110) -> 4
A113: RISORSE AGGIUNTIVE UTILIZZATE
A114: Tipologia | E114: Descrizione | M114: Costo
A121: COSTO COMPLESSIVO DELL'OBIETTIVO
A124: RISORSE AGGIUNTIVE ai sensi del comma 5 art. 15 CCNL 1.4.1999
A125: 7 CRITERI ARAN
A126: Prima condizione: più risorse per il fondo in cambio di maggiori servizi | E126: Descrizione nuovo servizio oppure Descrizione del miglioramento quali-quantitativo dei servizi, concreto, tangibile e verificabile:
A128: Seconda condizione: non generici miglioramenti dei servizi ma concreti risultati | E128: Descrizione del fatto “verificabile e chiaramente percepibile dall’utenza di riferimento:
A130: Terza condizione: risultati verificabili attraverso standard, indicatori e/o attraverso i giudizi espressi dall’utenza. | E130: Descrizione standard di miglioramento:
A132: Quarta condizione: risultati difficili che possono essere conseguiti attraverso un ruolo attivo e determinante del personale interno. | E132: Descrizione del ruolo importante del personale nel loro conseguimento
A134: Quinta condizione: risorse quantificate secondo criteri trasparenti e ragionevoli, analiticamente illustrati nella relazione da allegare al contratto decentrato. | E134: Modalità di quantificazione delle risorse
A136: Sesta condizione: risorse rese disponibili solo a consuntivo, dopo aver accertato i risultati. | E136: Descrizione del processo di valutazione e delle tempistiche | H136: La Giunta con Delibera n. xx del xx/xx/20xx ha approvato il Piano della Performance. Con Delibera n. xx del xx/xx/20xx sono stati previsti xx € per finanziare il raggiungimento del presente obiettivo. L'obiettivo sarà valutato a consuntivo dal NIV/OIV e le relative risorse saranno rese disponibili e liquidate solo dopo tale valutazione. Nella delibera è stato deciso dalla Giunta che se l'obiettivo è raggiunto al 90% vengono rese disponibili tutte le risorse, con un raggiungimento tra 89,99 e 70% vengono rese disponibili risorse in maniera direttamente proporzionale. Sotto un raggiungimento del 70% non verrà distribuita alcuna risorsa e le risorse confluiscono nel bilancio dell'Ente
A138: Settima condizione: risorse previste nel bilancio annuale e nel PEG. | E138: Verifica delle disponibilità finanziarie dell’Amministrazione ai fini della copertura delle risorse di cui all'art.15 comma 5 | L138: La costituzione del fondo per le risorse decentrate risulta compatibile con i vincoli in tema di contenimento della spesa del personale ? SI NO
L139: L'Ente ha rispettato il Patto di Stabilità dell'anno precedente e risulta attualmente in linea con il rispetto delle regole del Patto dell'anno in corso? SI NO
L140: L’Ente versa in condizioni deficitarie? SI NO
IR65457: DES | IS65457: TYP | IT65457: ATT | IU65457: VA | IV65457: ADD
IR65458: =#REF!&$C$9 -> #REF! | IS65458: =#REF! -> #REF! | IT65458: =$B$25&" - "&$B$26&" - "&$B$29&" - "&$I$29&" - "&#REF!&" - "&#REF!&" - "&#REF!&" - "&#REF! -> #REF! | IU65458: =$A$32&": "&$I$32&" - "&#REF!&": "&#REF!&" - "&#REF!&": "&#REF!&" - "&#REF!&": "&#REF!&" - "&#REF!&": "&#REF!&" - "&#REF!&": "&#REF!&" - "&$A$37&": "&$I$37&" - "&$A$39&": "&$I$39&" - "&$A$40&": "&$I$40&" - "&#REF!&": "&#REF!&" - "&#REF!&": "&#REF!&" - "&#REF!&": "&#REF!&" - "&#REF!&": "&#REF! -> #REF! | IV65458: =#REF! -> #REF!

Sheet Obj_25_Gismaster
A1: Obiettivo gestionale n° 25
A3: Indirizzo Strategico DUP n. 25 | I3: Missione 1
A4: Obj Operativo DUP n. 25 | I4: Programma 01 - 10
A6: Centro di Responsabilità: | E6: AREA tecnica | I6: TEMPI :
I7: 2026 | K7: 2027 | M7: 2028
A8: Altri Centri di Responsabilità coinvolti: | I8: X | K8: X | M8: X
A9: Titolo Obiettivo gestionale PEG/PERFORMANCE | C9: Aggiornamento banca dati GisMaster con inserimento DOCFA (Documento catasto fabbricati)
A11: Descrizione obiettivo | C11: Al fine di completare tutta la digitalizzazione cartografica del piano regolatore, si rende necessario l'aggiornamento banca dati GisMaster mediante l'inserimento delle dyrectori dei DOCFA (Documento catasto fabbricati).
A24: Descrizione delle fasi di attuazione:
A25: 1 | B25: Caricare le directory importandole nel software Gismaster
A31: INDICATORI DI RISULTATO
A32: Indicatori di Efficacia Quantitativa | I32: ATTESO 2026 | K32: RAGGIUNTO 2026 | M32: Scostamento | O32: 2027 | Q32: RAGGIUNTO | S32: 2028 | U32: RAGGIUNTO 2028
A33: N. directory importandole nel software Gismaster | I33: 90
A36: Indicatori Temporali | I36: ATTESO 2026 | K36: RAGGIUNTO 2026 | M36: Scostamento | O36: 2027 | Q36: RAGGIUNTO | S36: 2028 | U36: RAGGIUNTO 2028
A37: Caricare le directory importandole nel software Gismaster | I37: 46387
A41: Indicatori di Efficienza | I41: ATTESO 2026 | K41: RAGGIUNTO 2026 | M41: Scostamento | O41: 2027 | Q41: RAGGIUNTO | S41: 2028 | U41: RAGGIUNTO 2028
A44: Indici di Efficacia Qualitativa | I44: ATTESO 2026 | K44: RAGGIUNTO 2026 | M44: Scostamento | O44: 2027 | Q44: RAGGIUNTO | S44: 2028 | U44: RAGGIUNTO 2028
A48: CRONOPROGRAMMA
A49: FASI E TEMPI | C49: Gennaio | D49: Febbraio | E49: Marzo | F49: Aprile | G49: Maggio | H49: Giugno | I49: Luglio | J49: Agosto | K49: Settembre | L49: Ottobre | M49: Novembre | N49: Dicembre
A50: 1 | C50: x | D50: x | E50: x | F50: x | G50: x | H50: x | I50: x | J50: x | K50: x | L50: x | M50: x | N50: x
A68: MEDIA VALORE RAGGIUNTO % | H68: MEDIA VALORE RAGGIUNTO %
A69: MEDIA RISPETTO DEI TEMPI % | H69: MEDIA RISPETTO DEI TEMPI %
A71: Analisi degli scostamenti | H71: Analisi degli scostamenti
A72: Cause | H72: Cause
A75: Effetti | H75: Effetti
A78: Provvedimenti correttivi | H78: Provvedimenti correttivi
A79: Intrapresi | H79: Intrapresi
A82: Da attivare | H82: Da attivare
A86: PERSONALE COINVOLTO NELL'OBIETTIVO
A87: Area | B87: Cognome e Nome | G87: % tempo dedicato
A88: Funzionari ex D | B88: Giada Benedetta Airola
A89: Istruttori ex C | B89: Fabrizio Omaggio | G89: 80
A90: Istruttori ex C | B90: Emanuele Massa | G90: 20
A93: =COUNTA(B88:F92) -> 3
A95: RISORSE AGGIUNTIVE UTILIZZATE
A96: Tipologia | E96: Descrizione | M96: Costo
O98: ipotesi 7-800 €
A103: COSTO COMPLESSIVO DELL'OBIETTIVO
A106: RISORSE AGGIUNTIVE ai sensi del comma 5 art. 15 CCNL 1.4.1999
A107: 7 CRITERI ARAN
A108: Prima condizione: più risorse per il fondo in cambio di maggiori servizi | E108: Descrizione nuovo servizio oppure Descrizione del miglioramento quali-quantitativo dei servizi, concreto, tangibile e verificabile:
A110: Seconda condizione: non generici miglioramenti dei servizi ma concreti risultati | E110: Descrizione del fatto “verificabile e chiaramente percepibile dall’utenza di riferimento:
A112: Terza condizione: risultati verificabili attraverso standard, indicatori e/o attraverso i giudizi espressi dall’utenza. | E112: Descrizione standard di miglioramento:
A114: Quarta condizione: risultati difficili che possono essere conseguiti attraverso un ruolo attivo e determinante del personale interno. | E114: Descrizione del ruolo importante del personale nel loro conseguimento
A116: Quinta condizione: risorse quantificate secondo criteri trasparenti e ragionevoli, analiticamente illustrati nella relazione da allegare al contratto decentrato. | E116: Modalità di quantificazione delle risorse
A118: Sesta condizione: risorse rese disponibili solo a consuntivo, dopo aver accertato i risultati. | E118: Descrizione del processo di valutazione e delle tempistiche | H118: La Giunta con Delibera n. xx del xx/xx/20xx ha approvato il Piano della Performance. Con Delibera n. xx del xx/xx/20xx sono stati previsti xx € per finanziare il raggiungimento del presente obiettivo. L'obiettivo sarà valutato a consuntivo dal NIV/OIV e le relative risorse saranno rese disponibili e liquidate solo dopo tale valutazione. Nella delibera è stato deciso dalla Giunta che se l'obiettivo è raggiunto al 90% vengono rese disponibili tutte le risorse, con un raggiungimento tra 89,99 e 70% vengono rese disponibili risorse in maniera direttamente proporzionale. Sotto un raggiungimento del 70% non verrà distribuita alcuna risorsa e le risorse confluiscono nel bilancio dell'Ente
A120: Settima condizione: risorse previste nel bilancio annuale e nel PEG. | E120: Verifica delle disponibilità finanziarie dell’Amministrazione ai fini della copertura delle risorse di cui all'art.15 comma 5 | L120: La costituzione del fondo per le risorse decentrate risulta compatibile con i vincoli in tema di contenimento della spesa del personale ? SI NO
L121: L'Ente ha rispettato il Patto di Stabilità dell'anno precedente e risulta attualmente in linea con il rispetto delle regole del Patto dell'anno in corso? SI NO
L122: L’Ente versa in condizioni deficitarie? SI NO
IS65439: DES | IT65439: TYP | IU65439: ATT | IV65439: VA | IW65439: ADD
IS65440: =#REF!&$C$9 -> #REF! | IT65440: =#REF! -> #REF! | IU65440: =$B$28&" - "&$B$25&" - "&$B$30&" - "&$I$30&" - "&#REF!&" - "&#REF!&" - "&#REF!&" - "&#REF! -> #REF! | IV65440: =$A$33&": "&$I$33&" - "&#REF!&": "&#REF!&" - "&#REF!&": "&#REF!&" - "&#REF!&": "&#REF!&" - "&#REF!&": "&#REF!&" - "&#REF!&": "&#REF!&" - "&$A$35&": "&$I$35&" - "&$A$36&": "&$I$36&" - "&$A$37&": "&$I$37&" - "&#REF!&": "&#REF!&" - "&#REF!&": "&#REF!&" - "&#REF!&": "&#REF!&" - "&#REF!&": "&#REF! -> #REF! | IW65440: =#REF! -> #REF!
